Workbook

Sheet RESUMEN 
B2: SERVICIOS DE VIGILANCIA 2026
B4: MES | C4: Funcionamiento | D4: SGR | E4: TOTAL
B5: AGOSTO | C5: =ROUND(agosto2026!$L$56,0) -> 270048404 | D5: =ROUND(agosto2026!$U$56,0) -> 236929662 | E5: =C5+D5 -> 506978066
B6: SEPTIEMBRE | C6: =ROUND(septiembre2026!$L$56,0) -> 270048404 | D6: =ROUND(septiembre2026!$U$56,0) -> 236929662 | E6: =C6+D6 -> 506978066
B7: OCTUBRE | C7: =ROUND(octubre2026!$L$56,0) -> 270048404 | D7: =ROUND(octubre2026!$U$56,0) -> 236929662 | E7: =C7+D7 -> 506978066
B8: NOVIEMBRE | C8: =ROUND(noviembre2026!$L$56,0) -> 270048404 | D8: =ROUND(noviembre2026!$U$56,0) -> 236929662 | E8: =C8+D8 -> 506978066
B9: DICIEMBRE | C9: =ROUND(noviembre2026!$L$56/2,0) -> 135024202 | D9: =ROUND(noviembre2026!$U$56/2,0) -> 118464831 | E9: =C9+D9 -> 253489033
B10: TOTAL | C10: =SUM(C5:C9) -> 1215217818 | D10: =SUM(D5:D9) -> 1066183479 | E10: =SUM(E5:E9) -> 2281401297
B15: ALARMAS 2026
B17: CONCEPTO | C17: Funcionamiento | D17: SGR | E17: TOTAL
B18: MONITOREO DE ALARMAS | C18: =+'MONITOREO '!E37 -> 9018504 | D18: =+'MONITOREO '!E38 -> 9838368 | E18: =+C18+D18 -> 18856872
B19: MANTENIMIENTO DE ALARMAS | C19: =+'MTO ALARMAS '!E40 -> 6120103 | D19: =+'MTO ALARMAS '!E41 -> 6676476 | E19: =+C19+D19 -> 12796579
B20: ADQUISICION DE ALARMAS FIJAS E INALAMBRICAS | C20: =+'ADQUISICION ALARMAS '!D5 -> 20801303 | E20: =+C20+D20 -> 20801303
B21: TOTAL | C21: =SUM(C18:C20) -> 35939910 | D21: =SUM(D18:D20) -> 16514844 | E21: =+C21+D21 -> 52454754
B29: Presupuesto Agosto / Dic 15-2026 | C29: Funcionamiento | D29: SGR | E29: TOTAL
B30: Vigilancia/alarmas | C30: =C10+C21 -> 1251157728 | D30: =D10+D21 -> 1082698323 | E30: =E10+E21 -> 2333856051
B33: Disponibilidad presupuestal
B34: Servicio | C34: Funcionamiento | D34: Regalías | E34: Total
B35: Vigilancia | C35: 1593495961 | D35: 2917108546 | E35: =C35+D35 -> 4510604507

Sheet agosto2026
B1: AGENCIA NACIONAL DE MINERÍA
D2: SERVICIOS DE VIGILANCIA Y SEGURIDAD PRIVADA
D6: SALARIO MINIMO 2026 | E6: 1750905
D7: TARIFA | E7: 10.21
D8: TOTAL TARIFA | E8: =E6*E7 -> 17876740 | O8: DE 6 AM A 9 PM | Q8: DIURNO
O9: DE 9 PM A 6 AM | Q9: NOCTURNO
B10: SERVICIOS DE VIGILANCIA Y SEGURIDAD PRIVADA
B11: UBICACIÓN | C11: CANTIDAD | D11: DESCRIPCIÓN DE LOS SERVICIOS | E11: ESPECIFI-CACIÓN | F11: TURNO | G11: HORAS X TURNO | H11: HORARIO | I11: HORAS BASE | J11: DIAS | K11: TARIFA | L11: Variable Propor | M11: SUBTOTAL | N11: TARIFA | O11: SEGURO VIGILANCIA | P11: AYS | Q11: SUBTOTAL | R11: BASE IVA | S11: IVA | T11: TOTAL | U11: RECURSO $ | X11: 0.03
B12: BOGOTÁ SEDE PRINCIPAL ANM | C12: 2 | D12: Turno de vigilancia sin arma 12 horas lunes a viernes sin festivo (8:00 am a 8:00 p.m.) 11 horas diurnas. Recorredor. | E12: SIN ARMA | F12: 12 HORAS | G12: 11 | H12: DIURNO | I12: 13 | J12: 22 | K12: =+$E$6*$E$7 -> 17876740 | L12: =IF(H12="DIURNO",47.59%,IF(H12="NOCTURNO",52.41%,0)) -> 0.4759 | M12: =IF(H12="N/a",(((K12*L12)/30))*J12*C12,(((K12*L12)/30)/I12)*G12*J12*C12) -> 10558076 | N12: =+IF(E12="SIN ARMA",8%,IF(E12="CON ARMA",10%,0)) -> 0.08 | O12: =+'ESTUDIO DE MERCADO_SEGURO'!$M7 -> 1998 | P12: =+M12*N12 -> 844646.08 | Q12: =+M12+O12+P12 -> 11404720 | R12: =+Q12*10% -> 1140472 | S12: =+R12*19% -> 216689.68 | T12: =+Q12+S12 -> 11621410 | U12: ANM | W12: 2750 | X12: =(W12*$X$11)+W12 -> 2832.5
C13: 2 | D13: Turno de vigilancia sin arma 12 horas lunes a viernes sin festivo (8:00 am a 8:00 p.m.) 1 hora nocturna. Recorredor. | E13: SIN ARMA | F13: 12 HORAS | G13: 1 | H13: NOCTURNO | I13: 11 | J13: 22 | K13: =+$E$6*$E$7 -> 17876740 | L13: =IF(H13="DIURNO",47.59%,IF(H13="NOCTURNO",52.41%,0)) -> 0.5241 | M13: =IF(H13="N/a",(((K13*L13)/30))*J13*C13,(((K13*L13)/30)/I13)*G13*J13*C13) -> 1249226.6 | N13: =+IF(E13="SIN ARMA",8%,IF(E13="CON ARMA",10%,0)) -> 0.08 | O13: =+'ESTUDIO DE MERCADO_SEGURO'!$M8 -> 1548 | P13: =+M13*N13 -> 99938.128 | Q13: =+M13+O13+P13 -> 1350712.7 | R13: =+Q13*10% -> 135071.27 | S13: =+R13*19% -> 25663.542 | T13: =+Q13+S13 -> 1376376.3 | U13: ANM | W13: 1375 | X13: =(W13*$X$11)+W13 -> 1416.25
C14: 1 | D14: 1 Turno diurno de 12 horas lunes a viernes (sin festivos) (1 recepcionistas). Piso 9. | E14: SIN ARMA | F14: 12 HORAS | G14: =IF(F14="24 HORAS",24,IF(F14="12 HORAS",12,0)) -> 12 | H14: DIURNO | I14: 13 | J14: 22 | K14: =+$E$6*$E$7 -> 17876740 | L14: =IF(H14="DIURNO",47.59%,IF(H14="NOCTURNO",52.41%,0)) -> 0.4759 | M14: =IF(H14="N/a",(((K14*L14)/30))*J14*C14,(((K14*L14)/30)/I14)*G14*J14*C14) -> 5758950.6 | N14: =+IF(E14="SIN ARMA",8%,IF(E14="CON ARMA",10%,0)) -> 0.08 | O14: =+'ESTUDIO DE MERCADO_SEGURO'!$M9 -> 1548 | P14: =+M14*N14 -> 460716.04 | Q14: =+M14+O14+P14 -> 6221214.6 | R14: =+Q14*10% -> 622121.46 | S14: =+R14*19% -> 118203.08 | T14: =+Q14+S14 -> 6339417.7 | U14: ANM | W14: 1375 | X14: =(W14*$X$11)+W14 -> 1416.25
C15: 1 | D15: 1 Turno diurno de 12 horas lunes a viernes (sin festivos) (1 recepcionista). Piso 10. | E15: SIN ARMA | F15: 12 HORAS | G15: =IF(F15="24 HORAS",24,IF(F15="12 HORAS",12,0)) -> 12 | H15: DIURNO | I15: 13 | J15: 22 | K15: =+$E$6*$E$7 -> 17876740 | L15: =IF(H15="DIURNO",47.59%,IF(H15="NOCTURNO",52.41%,0)) -> 0.4759 | M15: =IF(H15="N/a",(((K15*L15)/30))*J15*C15,(((K15*L15)/30)/I15)*G15*J15*C15) -> 5758950.6 | N15: =+IF(E15="SIN ARMA",8%,IF(E15="CON ARMA",10%,0)) -> 0.08 | O15: =+'ESTUDIO DE MERCADO_SEGURO'!$M10 -> 1548 | P15: =+M15*N15 -> 460716.04 | Q15: =+M15+O15+P15 -> 6221214.6 | R15: =+Q15*10% -> 622121.46 | S15: =+R15*19% -> 118203.08 | T15: =+Q15+S15 -> 6339417.7 | U15: ANM | W15: 1375 | X15: =(W15*$X$11)+W15 -> 1416.25
C16: 1 | D16: 1 Turno diurno de 12 horas lunes a viernes (sin festivos) (1 recepcionista). Piso 8. | E16: SIN ARMA | F16: 12 HORAS | G16: =IF(F16="24 HORAS",24,IF(F16="12 HORAS",12,0)) -> 12 | H16: DIURNO | I16: 13 | J16: 22 | K16: =+$E$6*$E$7 -> 17876740 | L16: =IF(H16="DIURNO",47.59%,IF(H16="NOCTURNO",52.41%,0)) -> 0.4759 | M16: =IF(H16="N/a",(((K16*L16)/30))*J16*C16,(((K16*L16)/30)/I16)*G16*J16*C16) -> 5758950.6 | N16: =+IF(E16="SIN ARMA",8%,IF(E16="CON ARMA",10%,0)) -> 0.08 | O16: =+'ESTUDIO DE MERCADO_SEGURO'!$M11 -> 2547 | P16: =+M16*N16 -> 460716.04 | Q16: =+M16+O16+P16 -> 6222213.6 | R16: =+Q16*10% -> 622221.36 | S16: =+R16*19% -> 118222.06 | T16: =+Q16+S16 -> 6340435.7 | U16: ANM | W16: 1875 | X16: =(W16*$X$11)+W16 -> 1931.25
C17: 1 | D17: 1 Turno de 13 horas diurnas permanentes (Operador de medios tecnológicos). | E17: SIN ARMA | F17: 13 HORAS | G17: 13 | H17: DIURNO | I17: 13 | J17: 30 | K17: =+$E$6*$E$7 -> 17876740 | L17: =IF(H17="DIURNO",47.59%,IF(H17="NOCTURNO",52.41%,0)) -> 0.4759 | M17: =IF(H17="N/a",(((K17*L17)/30))*J17*C17,(((K17*L17)/30)/I17)*G17*J17*C17)+((150000/30)*30) -> 8657540.6 | N17: =+IF(E17="SIN ARMA",8%,IF(E17="CON ARMA",10%,0)) -> 0.08 | O17: =+'ESTUDIO DE MERCADO_SEGURO'!$M12 -> 1037 | P17: =+M17*N17 -> 692603.25 | Q17: =+M17+O17+P17 -> 9351180.8 | R17: =+Q17*10% -> 935118.08 | S17: =+R17*19% -> 177672.44 | T17: =+Q17+S17 -> 9528853.3 | U17: ANM | W17: 625 | X17: =(W17*$X$11)+W17 -> 643.75
C18: 1 | D18: 1 Turno nocturno de 11 horas permanentes (Operador de medios tecnológicos) | E18: SIN ARMA | F18: 11 HORAS | G18: 11 | H18: NOCTURNO | I18: 11 | J18: 30 | K18: =+$E$6*$E$7 -> 17876740 | L18: =IF(H18="DIURNO",47.59%,IF(H18="NOCTURNO",52.41%,0)) -> 0.5241 | M18: =IF(H18="N/a",(((K18*L18)/30))*J18*C18,(((K18*L18)/30)/I18)*G18*J18*C18)+((150000/30)*30) -> 9519199.5 | N18: =+IF(E18="SIN ARMA",8%,IF(E18="CON ARMA",10%,0)) -> 0.08 | O18: =+'ESTUDIO DE MERCADO_SEGURO'!$M13 -> 2865 | P18: =+M18*N18 -> 761535.96 | Q18: =+M18+O18+P18 -> 10283600 | R18: =+Q18*10% -> 1028360 | S18: =+R18*19% -> 195388.41 | T18: =+Q18+S18 -> 10478989 | U18: SGR | W18: 1875 | X18: =(W18*$X$11)+W18 -> 1931.25
C19: 1 | D19: 1 Turno diurno de 12 horas Lunes a Sábado (con festivos) (Supervisor Nacional) | E19: SIN ARMA | F19: 12 HORAS | G19: 12 | H19: DIURNO | I19: 13 | J19: 26 | K19: =+$E$6*$E$7 -> 17876740 | L19: =IF(H19="DIURNO",47.59%,IF(H19="NOCTURNO",52.41%,0)) -> 0.4759 | M19: =IF(H19="N/a",(((K19*L19)/30))*J19*C19,(((K19*L19)/30)/I19)*G19*J19*C19)+((495000/30)*30) -> 7301032.5 | N19: =+IF(E19="SIN ARMA",8%,IF(E19="CON ARMA",10%,0)) -> 0.08 | O19: =+'ESTUDIO DE MERCADO_SEGURO'!$M14 -> 2328 | P19: =+M19*N19 -> 584082.6 | Q19: =+M19+O19+P19 -> 7887443.1 | R19: =+Q19*10% -> 788744.31 | S19: =+R19*19% -> 149861.42 | T19: =+Q19+S19 -> 8037304.5 | U19: ANM | W19: 1250 | X19: =(W19*$X$11)+W19 -> 1287.5
B20: BOGOTÁ, BODEGA ARCHIVO | C20: 1 | D20: 1 Turno de vigilancia armada 24 horas (12 horas diurnas y 12 horas nocturnas). | E20: CON ARMA | F20: 24 HORAS | G20: =IF(F20="24 HORAS",24,IF(F20="12 HORAS",12,0)) -> 24 | H20: N/A | I20: =IF(H20="N/A",1,IF(H20="NOCTURNO",9,IF(H20="DIURNO",15,0))) -> 1 | J20: 30 | K20: =+$E$6*$E$7 -> 17876740 | L20: =+IF(F20="12 HORAS",IF(H20="DIURNO",55.97%,0),0)+IF(F20="12 HORAS",IF(H20="NOCTURNO",44.03%,0),1) -> 1 | M20: =IF(H20="N/a",(((K20*L20)/30))*J20*C20,(((K20*L20)/30)/I20)*G20*J20*C20) -> 17876740 | N20: =+IF(E20="SIN ARMA",8%,IF(E20="CON ARMA",10%,0)) -> 0.1 | O20: =+'ESTUDIO DE MERCADO_SEGURO'!$M15 -> 5100 | P20: =+M20*N20 -> 1787674 | Q20: =+M20+O20+P20 -> 19669514 | R20: =+Q20*10% -> 1966951.4 | S20: =+R20*19% -> 373720.77 | T20: =+Q20+S20 -> 20043235 | U20: ANM | W20: 3750 | X20: =(W20*$X$11)+W20 -> 3862.5
B21: BOGOTÁ ANM CAN (Esmeraldas) | C21: 1 | D21: 1 Turno de vigilancia armada 24 horas permanentes (12 horas diurnas y 12 horas nocturnas) | E21: CON ARMA | F21: 24 HORAS | G21: =IF(F21="24 HORAS",24,IF(F21="12 HORAS",12,0)) -> 24 | H21: N/A | I21: =IF(H21="N/A",1,IF(H21="NOCTURNO",9,IF(H21="DIURNO",15,0))) -> 1 | J21: 30 | K21: =+$E$6*$E$7 -> 17876740 | L21: =+IF(F21="12 HORAS",IF(H21="DIURNO",55.97%,0),0)+IF(F21="12 HORAS",IF(H21="NOCTURNO",44.03%,0),1) -> 1 | M21: =IF(H21="N/a",(((K21*L21)/30))*J21*C21,(((K21*L21)/30)/I21)*G21*J21*C21) -> 17876740 | N21: =+IF(E21="SIN ARMA",8%,IF(E21="CON ARMA",10%,0)) -> 0.1 | O21: =+'ESTUDIO DE MERCADO_SEGURO'!$M16 -> 5100 | P21: =+M21*N21 -> 1787674 | Q21: =+M21+O21+P21 -> 19669514 | R21: =+Q21*10% -> 1966951.4 | S21: =+R21*19% -> 373720.77 | T21: =+Q21+S21 -> 20043235 | U21: ANM | W21: 3750 | X21: =(W21*$X$11)+W21 -> 3862.5
B22: CARTAGENA | C22: 1 | D22: 1 Turno diurno de 12 horas lunes a viernes (sin festivos) | E22: SIN ARMA | F22: 12 HORAS | G22: =IF(F22="24 HORAS",24,IF(F22="12 HORAS",12,0)) -> 12 | H22: DIURNO | I22: 13 | J22: 22 | K22: =+$E$6*$E$7 -> 17876740 | L22: =IF(H22="DIURNO",47.59%,IF(H22="NOCTURNO",52.41%,0)) -> 0.4759 | M22: =IF(H22="N/a",(((K22*L22)/30))*J22*C22,(((K22*L22)/30)/I22)*G22*J22*C22) -> 5758950.6 | N22: =+IF(E22="SIN ARMA",8%,IF(E22="CON ARMA",10%,0)) -> 0.08 | O22: =+'ESTUDIO DE MERCADO_SEGURO'!$M17 -> 1548 | P22: =+M22*N22 -> 460716.04 | Q22: =+M22+O22+P22 -> 6221214.6 | R22: =+Q22*10% -> 622121.46 | S22: =+R22*19% -> 118203.08 | T22: =+Q22+S22 -> 6339417.7 | U22: SGR | W22: 1081.3 | X22: =(W22*$X$11)+W22 -> 1113.739
B23: BUCARAMANGA | C23: 1 | D23: 1 Turno de vigilancia armada 24 horas | E23: CON ARMA | F23: 24 HORAS | G23: =IF(F23="24 HORAS",24,IF(F23="12 HORAS",12,0)) -> 24 | H23: N/A | I23: =IF(H23="N/A",1,IF(H23="NOCTURNO",9,IF(H23="DIURNO",15,0))) -> 1 | J23: 30 | K23: =+$E$6*$E$7 -> 17876740 | L23: =+IF(F23="12 HORAS",IF(H23="DIURNO",55.97%,0),0)+IF(F23="12 HORAS",IF(H23="NOCTURNO",44.03%,0),1) -> 1 | M23: =IF(H23="N/a",(((K23*L23)/30))*J23*C23,(((K23*L23)/30)/I23)*G23*J23*C23) -> 17876740 | N23: =+IF(E23="SIN ARMA",8%,IF(E23="CON ARMA",10%,0)) -> 0.1 | O23: =+'ESTUDIO DE MERCADO_SEGURO'!$M18 -> 5100 | P23: =+M23*N23 -> 1787674 | Q23: =+M23+O23+P23 -> 19669514 | R23: =+Q23*10% -> 1966951.4 | S23: =+R23*19% -> 373720.77 | T23: =+Q23+S23 -> 20043235 | U23: SGR | W23: 3750 | X23: =(W23*$X$11)+W23 -> 3862.5
B24: CÚCUTA - ESSM UFPS | C24: 1 | D24: 1 Turno de vigilancia armada 24 horas. Salvamento Minero. | E24: CON ARMA | F24: 24 HORAS | G24: =IF(F24="24 HORAS",24,IF(F24="12 HORAS",12,0)) -> 24 | H24: N/A | I24: =IF(H24="N/A",1,IF(H24="NOCTURNO",9,IF(H24="DIURNO",15,0))) -> 1 | J24: 30 | K24: =+$E$6*$E$7 -> 17876740 | L24: =+IF(F24="12 HORAS",IF(H24="DIURNO",55.97%,0),0)+IF(F24="12 HORAS",IF(H24="NOCTURNO",44.03%,0),1) -> 1 | M24: =IF(H24="N/a",(((K24*L24)/30))*J24*C24,(((K24*L24)/30)/I24)*G24*J24*C24) -> 17876740 | N24: =+IF(E24="SIN ARMA",8%,IF(E24="CON ARMA",10%,0)) -> 0.1 | O24: =+'ESTUDIO DE MERCADO_SEGURO'!$M19 -> 5100 | P24: =+M24*N24 -> 1787674 | Q24: =+M24+O24+P24 -> 19669514 | R24: =+Q24*10% -> 1966951.4 | S24: =+R24*19% -> 373720.77 | T24: =+Q24+S24 -> 20043235 | U24: ANM | W24: 3750 | X24: =(W24*$X$11)+W24 -> 3862.5
B25: CÚCUTA | C25: 1 | D25: 1 Turno de vigilancia armada 24 horas | E25: CON ARMA | F25: 24 HORAS | G25: =IF(F25="24 HORAS",24,IF(F25="12 HORAS",12,0)) -> 24 | H25: N/A | I25: =IF(H25="N/A",1,IF(H25="NOCTURNO",9,IF(H25="DIURNO",15,0))) -> 1 | J25: 30 | K25: =+$E$6*$E$7 -> 17876740 | L25: =+IF(F25="12 HORAS",IF(H25="DIURNO",55.97%,0),0)+IF(F25="12 HORAS",IF(H25="NOCTURNO",44.03%,0),1) -> 1 | M25: =IF(H25="N/a",(((K25*L25)/30))*J25*C25,(((K25*L25)/30)/I25)*G25*J25*C25) -> 17876740 | N25: =+IF(E25="SIN ARMA",8%,IF(E25="CON ARMA",10%,0)) -> 0.1 | O25: =+'ESTUDIO DE MERCADO_SEGURO'!$M20 -> 5100 | P25: =+M25*N25 -> 1787674 | Q25: =+M25+O25+P25 -> 19669514 | R25: =+Q25*10% -> 1966951.4 | S25: =+R25*19% -> 373720.77 | T25: =+Q25+S25 -> 20043235 | U25: SGR | W25: 3750 | X25: =(W25*$X$11)+W25 -> 3862.5
B26: IBAGUÉ | C26: 1 | D26: 1 Turno de vigilancia armada 24 horas | E26: CON ARMA | F26: 24 HORAS | G26: =IF(F26="24 HORAS",24,IF(F26="12 HORAS",12,0)) -> 24 | H26: N/A | I26: =IF(H26="N/A",1,IF(H26="NOCTURNO",9,IF(H26="DIURNO",15,0))) -> 1 | J26: 30 | K26: =+$E$6*$E$7 -> 17876740 | L26: =+IF(F26="12 HORAS",IF(H26="DIURNO",55.97%,0),0)+IF(F26="12 HORAS",IF(H26="NOCTURNO",44.03%,0),1) -> 1 | M26: =IF(H26="N/a",(((K26*L26)/30))*J26*C26,(((K26*L26)/30)/I26)*G26*J26*C26) -> 17876740 | N26: =+IF(E26="SIN ARMA",8%,IF(E26="CON ARMA",10%,0)) -> 0.1 | O26: =+'ESTUDIO DE MERCADO_SEGURO'!$M21 -> 5100 | P26: =+M26*N26 -> 1787674 | Q26: =+M26+O26+P26 -> 19669514 | R26: =+Q26*10% -> 1966951.4 | S26: =+R26*19% -> 373720.77 | T26: =+Q26+S26 -> 20043235 | U26: SGR | W26: 3750 | X26: =(W26*$X$11)+W26 -> 3862.5
B27: MEDELLÍN | C27: 1 | D27: 1 Turno de vigilancia armada 24 horas. | E27: CON ARMA | F27: 24 HORAS | G27: =IF(F27="24 HORAS",24,IF(F27="12 HORAS",12,0)) -> 24 | H27: N/A | I27: =IF(H27="N/A",1,IF(H27="NOCTURNO",9,IF(H27="DIURNO",15,0))) -> 1 | J27: 30 | K27: =+$E$6*$E$7 -> 17876740 | L27: =+IF(F27="12 HORAS",IF(H27="DIURNO",55.97%,0),0)+IF(F27="12 HORAS",IF(H27="NOCTURNO",44.03%,0),1) -> 1 | M27: =IF(H27="N/a",(((K27*L27)/30))*J27*C27,(((K27*L27)/30)/I27)*G27*J27*C27) -> 17876740 | N27: =+IF(E27="SIN ARMA",8%,IF(E27="CON ARMA",10%,0)) -> 0.1 | O27: =+'ESTUDIO DE MERCADO_SEGURO'!$M22 -> 5100 | P27: =+M27*N27 -> 1787674 | Q27: =+M27+O27+P27 -> 19669514 | R27: =+Q27*10% -> 1966951.4 | S27: =+R27*19% -> 373720.77 | T27: =+Q27+S27 -> 20043235 | U27: SGR | W27: 3750 | X27: =(W27*$X$11)+W27 -> 3862.5
B28: CALI | C28: 1 | D28: 1 Turno de vigilancia armada 24 horas | E28: CON ARMA | F28: 24 HORAS | G28: =IF(F28="24 HORAS",24,IF(F28="12 HORAS",12,0)) -> 24 | H28: N/A | I28: =IF(H28="N/A",1,IF(H28="NOCTURNO",9,IF(H28="DIURNO",15,0))) -> 1 | J28: 30 | K28: =+$E$6*$E$7 -> 17876740 | L28: =+IF(F28="12 HORAS",IF(H28="DIURNO",55.97%,0),0)+IF(F28="12 HORAS",IF(H28="NOCTURNO",44.03%,0),1) -> 1 | M28: =IF(H28="N/a",(((K28*L28)/30))*J28*C28,(((K28*L28)/30)/I28)*G28*J28*C28) -> 17876740 | N28: =+IF(E28="SIN ARMA",8%,IF(E28="CON ARMA",10%,0)) -> 0.1 | O28: =+'ESTUDIO DE MERCADO_SEGURO'!$M23 -> 5100 | P28: =+M28*N28 -> 1787674 | Q28: =+M28+O28+P28 -> 19669514 | R28: =+Q28*10% -> 1966951.4 | S28: =+R28*19% -> 373720.77 | T28: =+Q28+S28 -> 20043235 | U28: SGR | W28: 3750 | X28: =(W28*$X$11)+W28 -> 3862.5
B29: NOBSA (PAR y ESSM) | C29: 1 | D29: 1 Turno de vigilancia armada 24 horas | E29: CON ARMA | F29: 24 HORAS | G29: =IF(F29="24 HORAS",24,IF(F29="12 HORAS",12,0)) -> 24 | H29: N/A | I29: =IF(H29="N/A",1,IF(H29="NOCTURNO",9,IF(H29="DIURNO",15,0))) -> 1 | J29: 30 | K29: =+$E$6*$E$7 -> 17876740 | L29: =+IF(F29="12 HORAS",IF(H29="DIURNO",55.97%,0),0)+IF(F29="12 HORAS",IF(H29="NOCTURNO",44.03%,0),1) -> 1 | M29: =IF(H29="N/a",(((K29*L29)/30))*J29*C29,(((K29*L29)/30)/I29)*G29*J29*C29) -> 17876740 | N29: =+IF(E29="SIN ARMA",8%,IF(E29="CON ARMA",10%,0)) -> 0.1 | O29: =+'ESTUDIO DE MERCADO_SEGURO'!$M24 -> 5100 | P29: =+M29*N29 -> 1787674 | Q29: =+M29+O29+P29 -> 19669514 | R29: =+Q29*10% -> 1966951.4 | S29: =+R29*19% -> 373720.77 | T29: =+Q29+S29 -> 20043235 | U29: ANM | W29: 3750 | X29: =(W29*$X$11)+W29 -> 3862.5
C30: 1 | D30: 1 Turno de vigilancia armada 24 horas | E30: CON ARMA | F30: 24 HORAS | G30: =IF(F30="24 HORAS",24,IF(F30="12 HORAS",12,0)) -> 24 | H30: N/A | I30: =IF(H30="N/A",1,IF(H30="NOCTURNO",9,IF(H30="DIURNO",15,0))) -> 1 | J30: 30 | K30: =+$E$6*$E$7 -> 17876740 | L30: =+IF(F30="12 HORAS",IF(H30="DIURNO",55.97%,0),0)+IF(F30="12 HORAS",IF(H30="NOCTURNO",44.03%,0),1) -> 1 | M30: =IF(H30="N/a",(((K30*L30)/30))*J30*C30,(((K30*L30)/30)/I30)*G30*J30*C30) -> 17876740 | N30: =+IF(E30="SIN ARMA",8%,IF(E30="CON ARMA",10%,0)) -> 0.1 | O30: =+'ESTUDIO DE MERCADO_SEGURO'!$M25 -> 5100 | P30: =+M30*N30 -> 1787674 | Q30: =+M30+O30+P30 -> 19669514 | R30: =+Q30*10% -> 1966951.4 | S30: =+R30*19% -> 373720.77 | T30: =+Q30+S30 -> 20043235 | U30: SGR | W30: 3750 | X30: =(W30*$X$11)+W30 -> 3862.5
B31: AMAGA (PASSM) | C31: 2 | D31: 1 Turno de vigilancia armada 24 horas. Nueva Sede Salvamento Minero. | E31: CON ARMA | F31: 24 HORAS | G31: =IF(F31="24 HORAS",24,IF(F31="12 HORAS",12,0)) -> 24 | H31: N/A | I31: =IF(H31="N/A",1,IF(H31="NOCTURNO",9,IF(H31="DIURNO",15,0))) -> 1 | J31: 30 | K31: =+$E$6*$E$7 -> 17876740 | L31: =+IF(F31="12 HORAS",IF(H31="DIURNO",55.97%,0),0)+IF(F31="12 HORAS",IF(H31="NOCTURNO",44.03%,0),1) -> 1 | M31: =IF(H31="N/a",(((K31*L31)/30))*J31*C31,(((K31*L31)/30)/I31)*G31*J31*C31) -> 35753480 | N31: =+IF(E31="SIN ARMA",8%,IF(E31="CON ARMA",10%,0)) -> 0.1 | O31: =+'ESTUDIO DE MERCADO_SEGURO'!$M26 -> 5100 | P31: =+M31*N31 -> 3575348 | Q31: =+M31+O31+P31 -> 39333928 | R31: =+Q31*10% -> 3933392.8 | S31: =+R31*19% -> 747344.63 | T31: =+Q31+S31 -> 40081273 | U31: ANM | W31: 3750 | X31: =(W31*$X$11)+W31 -> 3862.5
B32: VALLEDUPAR | C32: 1 | D32: 1 Turno de vigilancia armada 24 horas | E32: CON ARMA | F32: 24 HORAS | G32: =IF(F32="24 HORAS",24,IF(F32="12 HORAS",12,0)) -> 24 | H32: N/A | I32: =IF(H32="N/A",1,IF(H32="NOCTURNO",9,IF(H32="DIURNO",15,0))) -> 1 | J32: 30 | K32: =+$E$6*$E$7 -> 17876740 | L32: =+IF(F32="12 HORAS",IF(H32="DIURNO",55.97%,0),0)+IF(F32="12 HORAS",IF(H32="NOCTURNO",44.03%,0),1) -> 1 | M32: =IF(H32="N/a",(((K32*L32)/30))*J32*C32,(((K32*L32)/30)/I32)*G32*J32*C32) -> 17876740 | N32: =+IF(E32="SIN ARMA",8%,IF(E32="CON ARMA",10%,0)) -> 0.1 | O32: =+'ESTUDIO DE MERCADO_SEGURO'!$M27 -> 5100 | P32: =+M32*N32 -> 1787674 | Q32: =+M32+O32+P32 -> 19669514 | R32: =+Q32*10% -> 1966951.4 | S32: =+R32*19% -> 373720.77 | T32: =+Q32+S32 -> 20043235 | U32: SGR | W32: 3750 | X32: =(W32*$X$11)+W32 -> 3862.5
B33: JAMUNDÍ ESSM | C33: 2 | D33: 2 Turnos de vigilancia armada 24 horas. Salvamento Minero. | E33: CON ARMA | F33: 24 HORAS | G33: =IF(F33="24 HORAS",24,IF(F33="12 HORAS",12,0)) -> 24 | H33: N/A | I33: =IF(H33="N/A",1,IF(H33="NOCTURNO",9,IF(H33="DIURNO",15,0))) -> 1 | J33: 30 | K33: =+$E$6*$E$7 -> 17876740 | L33: =+IF(F33="12 HORAS",IF(H33="DIURNO",55.97%,0),0)+IF(F33="12 HORAS",IF(H33="NOCTURNO",44.03%,0),1) -> 1 | M33: =IF(H33="N/a",(((K33*L33)/30))*J33*C33,(((K33*L33)/30)/I33)*G33*J33*C33) -> 35753480 | N33: =+IF(E33="SIN ARMA",8%,IF(E33="CON ARMA",10%,0)) -> 0.1 | O33: =+'ESTUDIO DE MERCADO_SEGURO'!$M28 -> 5100 | P33: =+M33*N33 -> 3575348 | Q33: =+M33+O33+P33 -> 39333928 | R33: =+Q33*10% -> 3933392.8 | S33: =+R33*19% -> 747344.63 | T33: =+Q33+S33 -> 40081273 | U33: ANM | W33: 3750 | X33: =(W33*$X$11)+W33 -> 3862.5
B34: QUIBDÓ | C34: 1 | D34: 1 Turno de vigilancia armada 24 horas | E34: CON ARMA | F34: 24 HORAS | G34: =IF(F34="24 HORAS",24,IF(F34="12 HORAS",12,0)) -> 24 | H34: N/A | I34: =IF(H34="N/A",1,IF(H34="NOCTURNO",9,IF(H34="DIURNO",15,0))) -> 1 | J34: 30 | K34: =+$E$6*$E$7 -> 17876740 | L34: =+IF(F34="12 HORAS",IF(H34="DIURNO",55.97%,0),0)+IF(F34="12 HORAS",IF(H34="NOCTURNO",44.03%,0),1) -> 1 | M34: =IF(H34="N/a",(((K34*L34)/30))*J34*C34,(((K34*L34)/30)/I34)*G34*J34*C34) -> 17876740 | N34: =+IF(E34="SIN ARMA",8%,IF(E34="CON ARMA",10%,0)) -> 0.1 | O34: =+'ESTUDIO DE MERCADO_SEGURO'!$M29 -> 5100 | P34: =+M34*N34 -> 1787674 | Q34: =+M34+O34+P34 -> 19669514 | R34: =+Q34*10% -> 1966951.4 | S34: =+R34*19% -> 373720.77 | T34: =+Q34+S34 -> 20043235 | U34: SGR | W34: 3750 | X34: =(W34*$X$11)+W34 -> 3862.5
B35: MANIZALES | C35: 1 | D35: 1 Turno de vigilancia armada 24 horas | E35: CON ARMA | F35: 24 HORAS | G35: =IF(F35="24 HORAS",24,IF(F35="12 HORAS",12,0)) -> 24 | H35: N/A | I35: =IF(H35="N/A",1,IF(H35="NOCTURNO",9,IF(H35="DIURNO",15,0))) -> 1 | J35: 30 | K35: =+$E$6*$E$7 -> 17876740 | L35: =+IF(F35="12 HORAS",IF(H35="DIURNO",55.97%,0),0)+IF(F35="12 HORAS",IF(H35="NOCTURNO",44.03%,0),1) -> 1 | M35: =IF(H35="N/a",(((K35*L35)/30))*J35*C35,(((K35*L35)/30)/I35)*G35*J35*C35) -> 17876740 | N35: =+IF(E35="SIN ARMA",8%,IF(E35="CON ARMA",10%,0)) -> 0.1 | O35: =+'ESTUDIO DE MERCADO_SEGURO'!$M30 -> 5100 | P35: =+M35*N35 -> 1787674 | Q35: =+M35+O35+P35 -> 19669514 | R35: =+Q35*10% -> 1966951.4 | S35: =+R35*19% -> 373720.77 | T35: =+Q35+S35 -> 20043235 | U35: SGR | W35: 3750 | X35: =(W35*$X$11)+W35 -> 3862.5
B36: PASTO | C36: 1 | D36: 1 Turno de vigilancia armada 24 horas | E36: CON ARMA | F36: 24 HORAS | G36: =IF(F36="24 HORAS",24,IF(F36="12 HORAS",12,0)) -> 24 | H36: N/A | I36: =IF(H36="N/A",1,IF(H36="NOCTURNO",9,IF(H36="DIURNO",15,0))) -> 1 | J36: 30 | K36: =+$E$6*$E$7 -> 17876740 | L36: =+IF(F36="12 HORAS",IF(H36="DIURNO",55.97%,0),0)+IF(F36="12 HORAS",IF(H36="NOCTURNO",44.03%,0),1) -> 1 | M36: =IF(H36="N/a",(((K36*L36)/30))*J36*C36,(((K36*L36)/30)/I36)*G36*J36*C36) -> 17876740 | N36: =+IF(E36="SIN ARMA",8%,IF(E36="CON ARMA",10%,0)) -> 0.1 | O36: =+'ESTUDIO DE MERCADO_SEGURO'!$M31 -> 5100 | P36: =+M36*N36 -> 1787674 | Q36: =+M36+O36+P36 -> 19669514 | R36: =+Q36*10% -> 1966951.4 | S36: =+R36*19% -> 373720.77 | T36: =+Q36+S36 -> 20043235 | U36: SGR | W36: 3750 | X36: =(W36*$X$11)+W36 -> 3862.5
B37: MARMATO, CALDAS, PASSM | C37: 1 | D37: 1 Turno de vigilancia armada 24 horas. Salvamento Minero. | E37: CON ARMA | F37: 24 HORAS | G37: =IF(F37="24 HORAS",24,IF(F37="12 HORAS",12,0)) -> 24 | H37: N/A | I37: =IF(H37="N/A",1,IF(H37="NOCTURNO",9,IF(H37="DIURNO",15,0))) -> 1 | J37: 30 | K37: =+$E$6*$E$7 -> 17876740 | L37: =+IF(F37="12 HORAS",IF(H37="DIURNO",55.97%,0),0)+IF(F37="12 HORAS",IF(H37="NOCTURNO",44.03%,0),1) -> 1 | M37: =IF(H37="N/a",(((K37*L37)/30))*J37*C37,(((K37*L37)/30)/I37)*G37*J37*C37) -> 17876740 | N37: =+IF(E37="SIN ARMA",8%,IF(E37="CON ARMA",10%,0)) -> 0.1 | O37: =+'ESTUDIO DE MERCADO_SEGURO'!$M32 -> 5100 | P37: =+M37*N37 -> 1787674 | Q37: =+M37+O37+P37 -> 19669514 | R37: =+Q37*10% -> 1966951.4 | S37: =+R37*19% -> 373720.77 | T37: =+Q37+S37 -> 20043235 | U37: ANM | W37: 3750 | X37: =(W37*$X$11)+W37 -> 3862.5
B38: REMEDIOS, ANTIOQUIA, PASSM | C38: 1 | D38: 1 Turno de vigilancia armada 24 horas. Salvamento Minero. | E38: CON ARMA | F38: 24 HORAS | G38: =IF(F38="24 HORAS",24,IF(F38="12 HORAS",12,0)) -> 24 | H38: N/A | I38: =IF(H38="N/A",1,IF(H38="NOCTURNO",9,IF(H38="DIURNO",15,0))) -> 1 | J38: 30 | K38: =+$E$6*$E$7 -> 17876740 | L38: =+IF(F38="12 HORAS",IF(H38="DIURNO",55.97%,0),0)+IF(F38="12 HORAS",IF(H38="NOCTURNO",44.03%,0),1) -> 1 | M38: =IF(H38="N/a",(((K38*L38)/30))*J38*C38,(((K38*L38)/30)/I38)*G38*J38*C38) -> 17876740 | N38: =+IF(E38="SIN ARMA",8%,IF(E38="CON ARMA",10%,0)) -> 0.1 | O38: =+'ESTUDIO DE MERCADO_SEGURO'!$M33 -> 5100 | P38: =+M38*N38 -> 1787674 | Q38: =+M38+O38+P38 -> 19669514 | R38: =+Q38*10% -> 1966951.4 | S38: =+R38*19% -> 373720.77 | T38: =+Q38+S38 -> 20043235 | U38: ANM | W38: 3750 | X38: =(W38*$X$11)+W38 -> 3862.5
B39: UBATÉ ESSM | C39: 1 | D39: 1 Turnos de vigilancia armada 24 horas. Salvamento Minero. | E39: CON ARMA | F39: 24 HORAS | G39: =IF(F39="24 HORAS",24,IF(F39="12 HORAS",12,0)) -> 24 | H39: N/A | I39: =IF(H39="N/A",1,IF(H39="NOCTURNO",9,IF(H39="DIURNO",15,0))) -> 1 | J39: 30 | K39: =+$E$6*$E$7 -> 17876740 | L39: =+IF(F39="12 HORAS",IF(H39="DIURNO",55.97%,0),0)+IF(F39="12 HORAS",IF(H39="NOCTURNO",44.03%,0),1) -> 1 | M39: =IF(H39="N/a",(((K39*L39)/30))*J39*C39,(((K39*L39)/30)/I39)*G39*J39*C39) -> 17876740 | N39: =+IF(E39="SIN ARMA",8%,IF(E39="CON ARMA",10%,0)) -> 0.1 | O39: =+'ESTUDIO DE MERCADO_SEGURO'!$M34 -> 5100 | P39: =+M39*N39 -> 1787674 | Q39: =+M39+O39+P39 -> 19669514 | R39: =+Q39*10% -> 1966951.4 | S39: =+R39*19% -> 373720.77 | T39: =+Q39+S39 -> 20043235 | U39: ANM | W39: 3750 | X39: =(W39*$X$11)+W39 -> 3862.5
B40: CALIFORNIA | C40: 1 | D40: 1 Turno de vigilancia armada 24 horas. | E40: SIN ARMA | F40: 24 HORAS | G40: =IF(F40="24 HORAS",24,IF(F40="12 HORAS",12,0)) -> 24 | H40: N/A | I40: =IF(H40="N/A",1,IF(H40="NOCTURNO",9,IF(H40="DIURNO",15,0))) -> 1 | J40: 30 | K40: =+$E$6*$E$7 -> 17876740 | L40: =+IF(F40="12 HORAS",IF(H40="DIURNO",55.97%,0),0)+IF(F40="12 HORAS",IF(H40="NOCTURNO",44.03%,0),1) -> 1 | M40: =IF(H40="N/a",(((K40*L40)/30))*J40*C40,(((K40*L40)/30)/I40)*G40*J40*C40) -> 17876740 | N40: =+IF(E40="SIN ARMA",8%,IF(E40="CON ARMA",10%,0)) -> 0.08 | O40: =+'ESTUDIO DE MERCADO_SEGURO'!$M35 -> 5100 | P40: =+M40*N40 -> 1430139.2 | Q40: =+M40+O40+P40 -> 19311979 | R40: =+Q40*10% -> 1931197.9 | S40: =+R40*19% -> 366927.61 | T40: =+Q40+S40 -> 19678907 | U40: SGR | W40: 3750 | X40: =(W40*$X$11)+W40 -> 3862.5
B41: TOTAL | M41: =SUM(M12:M40) -> 4.5360916e+08 | O41: =SUM(O12:O40) -> 118967 | P41: =SUM(P12:P40) -> 43796963 | Q41: =SUM(Q12:Q40) -> 4.9752509e+08 | R41: =SUM(R12:R40) -> 49752509 | S41: =SUM(S12:S40) -> 9452976.7 | T41: =SUM(T12:T40) -> 5.0697807e+08
B43: NOTA: Los valores de los servicios de vigilancia y seguridad privada corresponden a las tarifas establecidas para el año 2026 por la Circular Externa 20251300000115CS de 30 de diciembre de 2025 de la Superintendencia de Vigilancia y Seguridad Privada.
R45: COSTO DIRECTO ($) | T45: =+M41 -> 4.5360916e+08
R46: A Y S ($) | T46: =+P41 -> 43796963
R47: SUBTOTAL ($) | T47: =T45+T46+O41 -> 4.9752509e+08
R48: IVA 19% ($) | T48: =+S41 -> 9452976.7
R49: TOTAL | T49: =T47+T48 -> 5.0697807e+08
E51: FUNCIONAMIENTO | J51: COSTO DIRECTO ($) | L51: =SUMIF($U$12:$U$40,"anm",$M$12:$M$40) -> 2.4168687e+08 | P51: =SUMIF($U$12:$U$39,"ANM",$U$12:$U$39) -> 0 | R51: SGR | S51: COSTO DIRECTO ($) | U51: =SUMIF($U$9:$U$40,"SGR",$M$9:$M$40) -> 2.1192229e+08
J52: A Y S ($) | L52: =SUMIF($U$12:$U$40,"anm",$P$12:$P$40) -> 23267832 | P52: =SUMIF($U$12:$U$39,"ANM",$U$12:$U$39) -> 0 | S52: A Y S ($) | U52: =SUMIF($U$11:$U$40,"SGR",$P$11:$P$40) -> 20529131
A53: Supervisor del Contrato | J53: SEGURO | L53: =SUMIF($U$12:$U$40,"anm",$O$12:$O$40) -> 58454 | S53: SEGURO | U53: =SUMIF($U$12:$U$40,"SGR",$O$12:$O$40) -> 60513
A54: Grupo de Servicios Administrativos | J54: SUBTOTAL ($) | L54: =L51+L52+L53 -> 2.6501315e+08 | P54: =SUMIF($U$12:$U$39,"ANM",$U$12:$U$39) -> 0 | S54: SUBTOTAL ($) | U54: =U51+U52+U53 -> 2.3251193e+08
A55: Vicepresidencia Administrativa y Financiera | J55: IVA 19% ($) | L55: =SUMIF($U$12:$U$40,"anm",$S$12:$S$40) -> 5035249.9 | S55: IVA 19% ($) | U55: =SUMIF($U$9:$U$40,"SGR",$S$9:$S$40) -> 4417726.8
J56: TOTAL | L56: =L54+L55 -> 2.700484e+08 | S56: TOTAL | U56: =(U54+U55) -> 2.3692966e+08
J57: FACTURA | S57: FACTURA

Sheet septiembre2026
B1: AGENCIA NACIONAL DE MINERÍA
D2: SERVICIOS DE VIGILANCIA Y SEGURIDAD PRIVADA
D6: SALARIO MINIMO 2026 | E6: 1750905
D7: TARIFA | E7: 10.21
D8: TOTAL TARIFA | E8: =E6*E7 -> 17876740 | O8: DE 6 AM A 9 PM | Q8: DIURNO
O9: DE 9 PM A 6 AM | Q9: NOCTURNO
B10: SERVICIOS DE VIGILANCIA Y SEGURIDAD PRIVADA
B11: UBICACIÓN | C11: CANTIDAD | D11: DESCRIPCIÓN DE LOS SERVICIOS | E11: ESPECIFI-CACIÓN | F11: TURNO | G11: HORAS X TURNO | H11: HORARIO | I11: HORAS BASE | J11: DIAS | K11: TARIFA | L11: Variable Propor | M11: SUBTOTAL | N11: TARIFA | O11: SEGURO VIGILANCIA | P11: AYS | Q11: SUBTOTAL | R11: BASE IVA | S11: IVA | T11: TOTAL | U11: RECURSO $ | X11: 0.03
B12: BOGOTÁ SEDE PRINCIPAL ANM | C12: 2 | D12: Turno de vigilancia sin arma 12 horas lunes a viernes sin festivo (8:00 am a 8:00 p.m.) 11 horas diurnas. Recorredor. | E12: SIN ARMA | F12: 12 HORAS | G12: 11 | H12: DIURNO | I12: 13 | J12: 22 | K12: =+$E$6*$E$7 -> 17876740 | L12: =IF(H12="DIURNO",47.59%,IF(H12="NOCTURNO",52.41%,0)) -> 0.4759 | M12: =IF(H12="N/a",(((K12*L12)/30))*J12*C12,(((K12*L12)/30)/I12)*G12*J12*C12) -> 10558076 | N12: =+IF(E12="SIN ARMA",8%,IF(E12="CON ARMA",10%,0)) -> 0.08 | O12: =+'ESTUDIO DE MERCADO_SEGURO'!$M7 -> 1998 | P12: =+M12*N12 -> 844646.08 | Q12: =+M12+O12+P12 -> 11404720 | R12: =+Q12*10% -> 1140472 | S12: =+R12*19% -> 216689.68 | T12: =+Q12+S12 -> 11621410 | U12: ANM | W12: 2750 | X12: =(W12*$X$11)+W12 -> 2832.5
C13: 2 | D13: Turno de vigilancia sin arma 12 horas lunes a viernes sin festivo (8:00 am a 8:00 p.m.) 1 hora nocturna. Recorredor. | E13: SIN ARMA | F13: 12 HORAS | G13: 1 | H13: NOCTURNO | I13: 11 | J13: 22 | K13: =+$E$6*$E$7 -> 17876740 | L13: =IF(H13="DIURNO",47.59%,IF(H13="NOCTURNO",52.41%,0)) -> 0.5241 | M13: =IF(H13="N/a",(((K13*L13)/30))*J13*C13,(((K13*L13)/30)/I13)*G13*J13*C13) -> 1249226.6 | N13: =+IF(E13="SIN ARMA",8%,IF(E13="CON ARMA",10%,0)) -> 0.08 | O13: =+'ESTUDIO DE MERCADO_SEGURO'!$M8 -> 1548 | P13: =+M13*N13 -> 99938.128 | Q13: =+M13+O13+P13 -> 1350712.7 | R13: =+Q13*10% -> 135071.27 | S13: =+R13*19% -> 25663.542 | T13: =+Q13+S13 -> 1376376.3 | U13: ANM | W13: 1375 | X13: =(W13*$X$11)+W13 -> 1416.25
C14: 1 | D14: 1 Turno diurno de 12 horas lunes a viernes (sin festivos) (1 recepcionistas). Piso 9. | E14: SIN ARMA | F14: 12 HORAS | G14: =IF(F14="24 HORAS",24,IF(F14="12 HORAS",12,0)) -> 12 | H14: DIURNO | I14: 13 | J14: 22 | K14: =+$E$6*$E$7 -> 17876740 | L14: =IF(H14="DIURNO",47.59%,IF(H14="NOCTURNO",52.41%,0)) -> 0.4759 | M14: =IF(H14="N/a",(((K14*L14)/30))*J14*C14,(((K14*L14)/30)/I14)*G14*J14*C14) -> 5758950.6 | N14: =+IF(E14="SIN ARMA",8%,IF(E14="CON ARMA",10%,0)) -> 0.08 | O14: =+'ESTUDIO DE MERCADO_SEGURO'!$M9 -> 1548 | P14: =+M14*N14 -> 460716.04 | Q14: =+M14+O14+P14 -> 6221214.6 | R14: =+Q14*10% -> 622121.46 | S14: =+R14*19% -> 118203.08 | T14: =+Q14+S14 -> 6339417.7 | U14: ANM | W14: 1375 | X14: =(W14*$X$11)+W14 -> 1416.25
C15: 1 | D15: 1 Turno diurno de 12 horas lunes a viernes (sin festivos) (1 recepcionista). Piso 10. | E15: SIN ARMA | F15: 12 HORAS | G15: =IF(F15="24 HORAS",24,IF(F15="12 HORAS",12,0)) -> 12 | H15: DIURNO | I15: 13 | J15: 22 | K15: =+$E$6*$E$7 -> 17876740 | L15: =IF(H15="DIURNO",47.59%,IF(H15="NOCTURNO",52.41%,0)) -> 0.4759 | M15: =IF(H15="N/a",(((K15*L15)/30))*J15*C15,(((K15*L15)/30)/I15)*G15*J15*C15) -> 5758950.6 | N15: =+IF(E15="SIN ARMA",8%,IF(E15="CON ARMA",10%,0)) -> 0.08 | O15: =+'ESTUDIO DE MERCADO_SEGURO'!$M10 -> 1548 | P15: =+M15*N15 -> 460716.04 | Q15: =+M15+O15+P15 -> 6221214.6 | R15: =+Q15*10% -> 622121.46 | S15: =+R15*19% -> 118203.08 | T15: =+Q15+S15 -> 6339417.7 | U15: ANM | W15: 1375 | X15: =(W15*$X$11)+W15 -> 1416.25
C16: 1 | D16: 1 Turno diurno de 12 horas lunes a viernes (sin festivos) (1 recepcionista). Piso 8. | E16: SIN ARMA | F16: 12 HORAS | G16: =IF(F16="24 HORAS",24,IF(F16="12 HORAS",12,0)) -> 12 | H16: DIURNO | I16: 13 | J16: 22 | K16: =+$E$6*$E$7 -> 17876740 | L16: =IF(H16="DIURNO",47.59%,IF(H16="NOCTURNO",52.41%,0)) -> 0.4759 | M16: =IF(H16="N/a",(((K16*L16)/30))*J16*C16,(((K16*L16)/30)/I16)*G16*J16*C16) -> 5758950.6 | N16: =+IF(E16="SIN ARMA",8%,IF(E16="CON ARMA",10%,0)) -> 0.08 | O16: =+'ESTUDIO DE MERCADO_SEGURO'!$M11 -> 2547 | P16: =+M16*N16 -> 460716.04 | Q16: =+M16+O16+P16 -> 6222213.6 | R16: =+Q16*10% -> 622221.36 | S16: =+R16*19% -> 118222.06 | T16: =+Q16+S16 -> 6340435.7 | U16: ANM | W16: 1875 | X16: =(W16*$X$11)+W16 -> 1931.25
C17: 1 | D17: 1 Turno de 13 horas diurnas permanentes (Operador de medios tecnológicos). | E17: SIN ARMA | F17: 13 HORAS | G17: 13 | H17: DIURNO | I17: 13 | J17: 30 | K17: =+$E$6*$E$7 -> 17876740 | L17: =IF(H17="DIURNO",47.59%,IF(H17="NOCTURNO",52.41%,0)) -> 0.4759 | M17: =IF(H17="N/a",(((K17*L17)/30))*J17*C17,(((K17*L17)/30)/I17)*G17*J17*C17)+((150000/30)*30) -> 8657540.6 | N17: =+IF(E17="SIN ARMA",8%,IF(E17="CON ARMA",10%,0)) -> 0.08 | O17: =+'ESTUDIO DE MERCADO_SEGURO'!$M12 -> 1037 | P17: =+M17*N17 -> 692603.25 | Q17: =+M17+O17+P17 -> 9351180.8 | R17: =+Q17*10% -> 935118.08 | S17: =+R17*19% -> 177672.44 | T17: =+Q17+S17 -> 9528853.3 | U17: ANM | W17: 625 | X17: =(W17*$X$11)+W17 -> 643.75
C18: 1 | D18: 1 Turno nocturno de 11 horas permanentes (Operador de medios tecnológicos) | E18: SIN ARMA | F18: 11 HORAS | G18: 11 | H18: NOCTURNO | I18: 11 | J18: 30 | K18: =+$E$6*$E$7 -> 17876740 | L18: =IF(H18="DIURNO",47.59%,IF(H18="NOCTURNO",52.41%,0)) -> 0.5241 | M18: =IF(H18="N/a",(((K18*L18)/30))*J18*C18,(((K18*L18)/30)/I18)*G18*J18*C18)+((150000/30)*30) -> 9519199.5 | N18: =+IF(E18="SIN ARMA",8%,IF(E18="CON ARMA",10%,0)) -> 0.08 | O18: =+'ESTUDIO DE MERCADO_SEGURO'!$M13 -> 2865 | P18: =+M18*N18 -> 761535.96 | Q18: =+M18+O18+P18 -> 10283600 | R18: =+Q18*10% -> 1028360 | S18: =+R18*19% -> 195388.41 | T18: =+Q18+S18 -> 10478989 | U18: SGR | W18: 1875 | X18: =(W18*$X$11)+W18 -> 1931.25
C19: 1 | D19: 1 Turno diurno de 12 horas Lunes a Sábado (con festivos) (Supervisor Nacional) | E19: SIN ARMA | F19: 12 HORAS | G19: 12 | H19: DIURNO | I19: 13 | J19: 26 | K19: =+$E$6*$E$7 -> 17876740 | L19: =IF(H19="DIURNO",47.59%,IF(H19="NOCTURNO",52.41%,0)) -> 0.4759 | M19: =IF(H19="N/a",(((K19*L19)/30))*J19*C19,(((K19*L19)/30)/I19)*G19*J19*C19)+((495000/30)*30) -> 7301032.5 | N19: =+IF(E19="SIN ARMA",8%,IF(E19="CON ARMA",10%,0)) -> 0.08 | O19: =+'ESTUDIO DE MERCADO_SEGURO'!$M14 -> 2328 | P19: =+M19*N19 -> 584082.6 | Q19: =+M19+O19+P19 -> 7887443.1 | R19: =+Q19*10% -> 788744.31 | S19: =+R19*19% -> 149861.42 | T19: =+Q19+S19 -> 8037304.5 | U19: ANM | W19: 1250 | X19: =(W19*$X$11)+W19 -> 1287.5
B20: BOGOTÁ, BODEGA ARCHIVO | C20: 1 | D20: 1 Turno de vigilancia armada 24 horas (12 horas diurnas y 12 horas nocturnas). | E20: CON ARMA | F20: 24 HORAS | G20: =IF(F20="24 HORAS",24,IF(F20="12 HORAS",12,0)) -> 24 | H20: N/A | I20: =IF(H20="N/A",1,IF(H20="NOCTURNO",9,IF(H20="DIURNO",15,0))) -> 1 | J20: 30 | K20: =+$E$6*$E$7 -> 17876740 | L20: =+IF(F20="12 HORAS",IF(H20="DIURNO",55.97%,0),0)+IF(F20="12 HORAS",IF(H20="NOCTURNO",44.03%,0),1) -> 1 | M20: =IF(H20="N/a",(((K20*L20)/30))*J20*C20,(((K20*L20)/30)/I20)*G20*J20*C20) -> 17876740 | N20: =+IF(E20="SIN ARMA",8%,IF(E20="CON ARMA",10%,0)) -> 0.1 | O20: =+'ESTUDIO DE MERCADO_SEGURO'!$M15 -> 5100 | P20: =+M20*N20 -> 1787674 | Q20: =+M20+O20+P20 -> 19669514 | R20: =+Q20*10% -> 1966951.4 | S20: =+R20*19% -> 373720.77 | T20: =+Q20+S20 -> 20043235 | U20: ANM | W20: 3750 | X20: =(W20*$X$11)+W20 -> 3862.5
B21: BOGOTÁ ANM CAN (Esmeraldas) | C21: 1 | D21: 1 Turno de vigilancia armada 24 horas permanentes (12 horas diurnas y 12 horas nocturnas) | E21: CON ARMA | F21: 24 HORAS | G21: =IF(F21="24 HORAS",24,IF(F21="12 HORAS",12,0)) -> 24 | H21: N/A | I21: =IF(H21="N/A",1,IF(H21="NOCTURNO",9,IF(H21="DIURNO",15,0))) -> 1 | J21: 30 | K21: =+$E$6*$E$7 -> 17876740 | L21: =+IF(F21="12 HORAS",IF(H21="DIURNO",55.97%,0),0)+IF(F21="12 HORAS",IF(H21="NOCTURNO",44.03%,0),1) -> 1 | M21: =IF(H21="N/a",(((K21*L21)/30))*J21*C21,(((K21*L21)/30)/I21)*G21*J21*C21) -> 17876740 | N21: =+IF(E21="SIN ARMA",8%,IF(E21="CON ARMA",10%,0)) -> 0.1 | O21: =+'ESTUDIO DE MERCADO_SEGURO'!$M16 -> 5100 | P21: =+M21*N21 -> 1787674 | Q21: =+M21+O21+P21 -> 19669514 | R21: =+Q21*10% -> 1966951.4 | S21: =+R21*19% -> 373720.77 | T21: =+Q21+S21 -> 20043235 | U21: ANM | W21: 3750 | X21: =(W21*$X$11)+W21 -> 3862.5
B22: CARTAGENA | C22: 1 | D22: 1 Turno diurno de 12 horas lunes a viernes (sin festivos) | E22: SIN ARMA | F22: 12 HORAS | G22: =IF(F22="24 HORAS",24,IF(F22="12 HORAS",12,0)) -> 12 | H22: DIURNO | I22: 13 | J22: 22 | K22: =+$E$6*$E$7 -> 17876740 | L22: =IF(H22="DIURNO",47.59%,IF(H22="NOCTURNO",52.41%,0)) -> 0.4759 | M22: =IF(H22="N/a",(((K22*L22)/30))*J22*C22,(((K22*L22)/30)/I22)*G22*J22*C22) -> 5758950.6 | N22: =+IF(E22="SIN ARMA",8%,IF(E22="CON ARMA",10%,0)) -> 0.08 | O22: =+'ESTUDIO DE MERCADO_SEGURO'!$M17 -> 1548 | P22: =+M22*N22 -> 460716.04 | Q22: =+M22+O22+P22 -> 6221214.6 | R22: =+Q22*10% -> 622121.46 | S22: =+R22*19% -> 118203.08 | T22: =+Q22+S22 -> 6339417.7 | U22: SGR | V22: =T12/2 -> 5810704.9 | W22: 1081.3 | X22: =(W22*$X$11)+W22 -> 1113.739
B23: BUCARAMANGA | C23: 1 | D23: 1 Turno de vigilancia armada 24 horas | E23: CON ARMA | F23: 24 HORAS | G23: =IF(F23="24 HORAS",24,IF(F23="12 HORAS",12,0)) -> 24 | H23: N/A | I23: =IF(H23="N/A",1,IF(H23="NOCTURNO",9,IF(H23="DIURNO",15,0))) -> 1 | J23: 30 | K23: =+$E$6*$E$7 -> 17876740 | L23: =+IF(F23="12 HORAS",IF(H23="DIURNO",55.97%,0),0)+IF(F23="12 HORAS",IF(H23="NOCTURNO",44.03%,0),1) -> 1 | M23: =IF(H23="N/a",(((K23*L23)/30))*J23*C23,(((K23*L23)/30)/I23)*G23*J23*C23) -> 17876740 | N23: =+IF(E23="SIN ARMA",8%,IF(E23="CON ARMA",10%,0)) -> 0.1 | O23: =+'ESTUDIO DE MERCADO_SEGURO'!$M18 -> 5100 | P23: =+M23*N23 -> 1787674 | Q23: =+M23+O23+P23 -> 19669514 | R23: =+Q23*10% -> 1966951.4 | S23: =+R23*19% -> 373720.77 | T23: =+Q23+S23 -> 20043235 | U23: SGR | W23: 3750 | X23: =(W23*$X$11)+W23 -> 3862.5
B24: CÚCUTA - ESSM UFPS | C24: 1 | D24: 1 Turno de vigilancia armada 24 horas. Salvamento Minero. | E24: CON ARMA | F24: 24 HORAS | G24: =IF(F24="24 HORAS",24,IF(F24="12 HORAS",12,0)) -> 24 | H24: N/A | I24: =IF(H24="N/A",1,IF(H24="NOCTURNO",9,IF(H24="DIURNO",15,0))) -> 1 | J24: 30 | K24: =+$E$6*$E$7 -> 17876740 | L24: =+IF(F24="12 HORAS",IF(H24="DIURNO",55.97%,0),0)+IF(F24="12 HORAS",IF(H24="NOCTURNO",44.03%,0),1) -> 1 | M24: =IF(H24="N/a",(((K24*L24)/30))*J24*C24,(((K24*L24)/30)/I24)*G24*J24*C24) -> 17876740 | N24: =+IF(E24="SIN ARMA",8%,IF(E24="CON ARMA",10%,0)) -> 0.1 | O24: =+'ESTUDIO DE MERCADO_SEGURO'!$M19 -> 5100 | P24: =+M24*N24 -> 1787674 | Q24: =+M24+O24+P24 -> 19669514 | R24: =+Q24*10% -> 1966951.4 | S24: =+R24*19% -> 373720.77 | T24: =+Q24+S24 -> 20043235 | U24: ANM | W24: 3750 | X24: =(W24*$X$11)+W24 -> 3862.5
B25: CÚCUTA | C25: 1 | D25: 1 Turno de vigilancia armada 24 horas | E25: CON ARMA | F25: 24 HORAS | G25: =IF(F25="24 HORAS",24,IF(F25="12 HORAS",12,0)) -> 24 | H25: N/A | I25: =IF(H25="N/A",1,IF(H25="NOCTURNO",9,IF(H25="DIURNO",15,0))) -> 1 | J25: 30 | K25: =+$E$6*$E$7 -> 17876740 | L25: =+IF(F25="12 HORAS",IF(H25="DIURNO",55.97%,0),0)+IF(F25="12 HORAS",IF(H25="NOCTURNO",44.03%,0),1) -> 1 | M25: =IF(H25="N/a",(((K25*L25)/30))*J25*C25,(((K25*L25)/30)/I25)*G25*J25*C25) -> 17876740 | N25: =+IF(E25="SIN ARMA",8%,IF(E25="CON ARMA",10%,0)) -> 0.1 | O25: =+'ESTUDIO DE MERCADO_SEGURO'!$M20 -> 5100 | P25: =+M25*N25 -> 1787674 | Q25: =+M25+O25+P25 -> 19669514 | R25: =+Q25*10% -> 1966951.4 | S25: =+R25*19% -> 373720.77 | T25: =+Q25+S25 -> 20043235 | U25: SGR | W25: 3750 | X25: =(W25*$X$11)+W25 -> 3862.5
B26: IBAGUÉ | C26: 1 | D26: 1 Turno de vigilancia armada 24 horas | E26: CON ARMA | F26: 24 HORAS | G26: =IF(F26="24 HORAS",24,IF(F26="12 HORAS",12,0)) -> 24 | H26: N/A | I26: =IF(H26="N/A",1,IF(H26="NOCTURNO",9,IF(H26="DIURNO",15,0))) -> 1 | J26: 30 | K26: =+$E$6*$E$7 -> 17876740 | L26: =+IF(F26="12 HORAS",IF(H26="DIURNO",55.97%,0),0)+IF(F26="12 HORAS",IF(H26="NOCTURNO",44.03%,0),1) -> 1 | M26: =IF(H26="N/a",(((K26*L26)/30))*J26*C26,(((K26*L26)/30)/I26)*G26*J26*C26) -> 17876740 | N26: =+IF(E26="SIN ARMA",8%,IF(E26="CON ARMA",10%,0)) -> 0.1 | O26: =+'ESTUDIO DE MERCADO_SEGURO'!$M21 -> 5100 | P26: =+M26*N26 -> 1787674 | Q26: =+M26+O26+P26 -> 19669514 | R26: =+Q26*10% -> 1966951.4 | S26: =+R26*19% -> 373720.77 | T26: =+Q26+S26 -> 20043235 | U26: SGR | W26: 3750 | X26: =(W26*$X$11)+W26 -> 3862.5
B27: MEDELLÍN | C27: 1 | D27: 1 Turno de vigilancia armada 24 horas. | E27: CON ARMA | F27: 24 HORAS | G27: =IF(F27="24 HORAS",24,IF(F27="12 HORAS",12,0)) -> 24 | H27: N/A | I27: =IF(H27="N/A",1,IF(H27="NOCTURNO",9,IF(H27="DIURNO",15,0))) -> 1 | J27: 30 | K27: =+$E$6*$E$7 -> 17876740 | L27: =+IF(F27="12 HORAS",IF(H27="DIURNO",55.97%,0),0)+IF(F27="12 HORAS",IF(H27="NOCTURNO",44.03%,0),1) -> 1 | M27: =IF(H27="N/a",(((K27*L27)/30))*J27*C27,(((K27*L27)/30)/I27)*G27*J27*C27) -> 17876740 | N27: =+IF(E27="SIN ARMA",8%,IF(E27="CON ARMA",10%,0)) -> 0.1 | O27: =+'ESTUDIO DE MERCADO_SEGURO'!$M22 -> 5100 | P27: =+M27*N27 -> 1787674 | Q27: =+M27+O27+P27 -> 19669514 | R27: =+Q27*10% -> 1966951.4 | S27: =+R27*19% -> 373720.77 | T27: =+Q27+S27 -> 20043235 | U27: SGR | W27: 3750 | X27: =(W27*$X$11)+W27 -> 3862.5
B28: CALI | C28: 1 | D28: 1 Turno de vigilancia armada 24 horas | E28: CON ARMA | F28: 24 HORAS | G28: =IF(F28="24 HORAS",24,IF(F28="12 HORAS",12,0)) -> 24 | H28: N/A | I28: =IF(H28="N/A",1,IF(H28="NOCTURNO",9,IF(H28="DIURNO",15,0))) -> 1 | J28: 30 | K28: =+$E$6*$E$7 -> 17876740 | L28: =+IF(F28="12 HORAS",IF(H28="DIURNO",55.97%,0),0)+IF(F28="12 HORAS",IF(H28="NOCTURNO",44.03%,0),1) -> 1 | M28: =IF(H28="N/a",(((K28*L28)/30))*J28*C28,(((K28*L28)/30)/I28)*G28*J28*C28) -> 17876740 | N28: =+IF(E28="SIN ARMA",8%,IF(E28="CON ARMA",10%,0)) -> 0.1 | O28: =+'ESTUDIO DE MERCADO_SEGURO'!$M23 -> 5100 | P28: =+M28*N28 -> 1787674 | Q28: =+M28+O28+P28 -> 19669514 | R28: =+Q28*10% -> 1966951.4 | S28: =+R28*19% -> 373720.77 | T28: =+Q28+S28 -> 20043235 | U28: SGR | W28: 3750 | X28: =(W28*$X$11)+W28 -> 3862.5
B29: NOBSA (PAR y ESSM) | C29: 1 | D29: 1 Turno de vigilancia armada 24 horas | E29: CON ARMA | F29: 24 HORAS | G29: =IF(F29="24 HORAS",24,IF(F29="12 HORAS",12,0)) -> 24 | H29: N/A | I29: =IF(H29="N/A",1,IF(H29="NOCTURNO",9,IF(H29="DIURNO",15,0))) -> 1 | J29: 30 | K29: =+$E$6*$E$7 -> 17876740 | L29: =+IF(F29="12 HORAS",IF(H29="DIURNO",55.97%,0),0)+IF(F29="12 HORAS",IF(H29="NOCTURNO",44.03%,0),1) -> 1 | M29: =IF(H29="N/a",(((K29*L29)/30))*J29*C29,(((K29*L29)/30)/I29)*G29*J29*C29) -> 17876740 | N29: =+IF(E29="SIN ARMA",8%,IF(E29="CON ARMA",10%,0)) -> 0.1 | O29: =+'ESTUDIO DE MERCADO_SEGURO'!$M24 -> 5100 | P29: =+M29*N29 -> 1787674 | Q29: =+M29+O29+P29 -> 19669514 | R29: =+Q29*10% -> 1966951.4 | S29: =+R29*19% -> 373720.77 | T29: =+Q29+S29 -> 20043235 | U29: ANM | W29: 3750 | X29: =(W29*$X$11)+W29 -> 3862.5
C30: 1 | D30: 1 Turno de vigilancia armada 24 horas | E30: CON ARMA | F30: 24 HORAS | G30: =IF(F30="24 HORAS",24,IF(F30="12 HORAS",12,0)) -> 24 | H30: N/A | I30: =IF(H30="N/A",1,IF(H30="NOCTURNO",9,IF(H30="DIURNO",15,0))) -> 1 | J30: 30 | K30: =+$E$6*$E$7 -> 17876740 | L30: =+IF(F30="12 HORAS",IF(H30="DIURNO",55.97%,0),0)+IF(F30="12 HORAS",IF(H30="NOCTURNO",44.03%,0),1) -> 1 | M30: =IF(H30="N/a",(((K30*L30)/30))*J30*C30,(((K30*L30)/30)/I30)*G30*J30*C30) -> 17876740 | N30: =+IF(E30="SIN ARMA",8%,IF(E30="CON ARMA",10%,0)) -> 0.1 | O30: =+'ESTUDIO DE MERCADO_SEGURO'!$M25 -> 5100 | P30: =+M30*N30 -> 1787674 | Q30: =+M30+O30+P30 -> 19669514 | R30: =+Q30*10% -> 1966951.4 | S30: =+R30*19% -> 373720.77 | T30: =+Q30+S30 -> 20043235 | U30: SGR | W30: 3750 | X30: =(W30*$X$11)+W30 -> 3862.5
B31: AMAGA (PASSM) | C31: 2 | D31: 1 Turno de vigilancia armada 24 horas. Nueva Sede Salvamento Minero. | E31: CON ARMA | F31: 24 HORAS | G31: =IF(F31="24 HORAS",24,IF(F31="12 HORAS",12,0)) -> 24 | H31: N/A | I31: =IF(H31="N/A",1,IF(H31="NOCTURNO",9,IF(H31="DIURNO",15,0))) -> 1 | J31: 30 | K31: =+$E$6*$E$7 -> 17876740 | L31: =+IF(F31="12 HORAS",IF(H31="DIURNO",55.97%,0),0)+IF(F31="12 HORAS",IF(H31="NOCTURNO",44.03%,0),1) -> 1 | M31: =IF(H31="N/a",(((K31*L31)/30))*J31*C31,(((K31*L31)/30)/I31)*G31*J31*C31) -> 35753480 | N31: =+IF(E31="SIN ARMA",8%,IF(E31="CON ARMA",10%,0)) -> 0.1 | O31: =+'ESTUDIO DE MERCADO_SEGURO'!$M26 -> 5100 | P31: =+M31*N31 -> 3575348 | Q31: =+M31+O31+P31 -> 39333928 | R31: =+Q31*10% -> 3933392.8 | S31: =+R31*19% -> 747344.63 | T31: =+Q31+S31 -> 40081273 | U31: ANM | W31: 3750 | X31: =(W31*$X$11)+W31 -> 3862.5
B32: VALLEDUPAR | C32: 1 | D32: 1 Turno de vigilancia armada 24 horas | E32: CON ARMA | F32: 24 HORAS | G32: =IF(F32="24 HORAS",24,IF(F32="12 HORAS",12,0)) -> 24 | H32: N/A | I32: =IF(H32="N/A",1,IF(H32="NOCTURNO",9,IF(H32="DIURNO",15,0))) -> 1 | J32: 30 | K32: =+$E$6*$E$7 -> 17876740 | L32: =+IF(F32="12 HORAS",IF(H32="DIURNO",55.97%,0),0)+IF(F32="12 HORAS",IF(H32="NOCTURNO",44.03%,0),1) -> 1 | M32: =IF(H32="N/a",(((K32*L32)/30))*J32*C32,(((K32*L32)/30)/I32)*G32*J32*C32) -> 17876740 | N32: =+IF(E32="SIN ARMA",8%,IF(E32="CON ARMA",10%,0)) -> 0.1 | O32: =+'ESTUDIO DE MERCADO_SEGURO'!$M27 -> 5100 | P32: =+M32*N32 -> 1787674 | Q32: =+M32+O32+P32 -> 19669514 | R32: =+Q32*10% -> 1966951.4 | S32: =+R32*19% -> 373720.77 | T32: =+Q32+S32 -> 20043235 | U32: SGR | W32: 3750 | X32: =(W32*$X$11)+W32 -> 3862.5
B33: JAMUNDÍ ESSM | C33: 2 | D33: 2 Turnos de vigilancia armada 24 horas. Salvamento Minero. | E33: CON ARMA | F33: 24 HORAS | G33: =IF(F33="24 HORAS",24,IF(F33="12 HORAS",12,0)) -> 24 | H33: N/A | I33: =IF(H33="N/A",1,IF(H33="NOCTURNO",9,IF(H33="DIURNO",15,0))) -> 1 | J33: 30 | K33: =+$E$6*$E$7 -> 17876740 | L33: =+IF(F33="12 HORAS",IF(H33="DIURNO",55.97%,0),0)+IF(F33="12 HORAS",IF(H33="NOCTURNO",44.03%,0),1) -> 1 | M33: =IF(H33="N/a",(((K33*L33)/30))*J33*C33,(((K33*L33)/30)/I33)*G33*J33*C33) -> 35753480 | N33: =+IF(E33="SIN ARMA",8%,IF(E33="CON ARMA",10%,0)) -> 0.1 | O33: =+'ESTUDIO DE MERCADO_SEGURO'!$M28 -> 5100 | P33: =+M33*N33 -> 3575348 | Q33: =+M33+O33+P33 -> 39333928 | R33: =+Q33*10% -> 3933392.8 | S33: =+R33*19% -> 747344.63 | T33: =+Q33+S33 -> 40081273 | U33: ANM | W33: 3750 | X33: =(W33*$X$11)+W33 -> 3862.5
B34: QUIBDÓ | C34: 1 | D34: 1 Turno de vigilancia armada 24 horas | E34: CON ARMA | F34: 24 HORAS | G34: =IF(F34="24 HORAS",24,IF(F34="12 HORAS",12,0)) -> 24 | H34: N/A | I34: =IF(H34="N/A",1,IF(H34="NOCTURNO",9,IF(H34="DIURNO",15,0))) -> 1 | J34: 30 | K34: =+$E$6*$E$7 -> 17876740 | L34: =+IF(F34="12 HORAS",IF(H34="DIURNO",55.97%,0),0)+IF(F34="12 HORAS",IF(H34="NOCTURNO",44.03%,0),1) -> 1 | M34: =IF(H34="N/a",(((K34*L34)/30))*J34*C34,(((K34*L34)/30)/I34)*G34*J34*C34) -> 17876740 | N34: =+IF(E34="SIN ARMA",8%,IF(E34="CON ARMA",10%,0)) -> 0.1 | O34: =+'ESTUDIO DE MERCADO_SEGURO'!$M29 -> 5100 | P34: =+M34*N34 -> 1787674 | Q34: =+M34+O34+P34 -> 19669514 | R34: =+Q34*10% -> 1966951.4 | S34: =+R34*19% -> 373720.77 | T34: =+Q34+S34 -> 20043235 | U34: SGR | W34: 3750 | X34: =(W34*$X$11)+W34 -> 3862.5
B35: MANIZALES | C35: 1 | D35: 1 Turno de vigilancia armada 24 horas | E35: CON ARMA | F35: 24 HORAS | G35: =IF(F35="24 HORAS",24,IF(F35="12 HORAS",12,0)) -> 24 | H35: N/A | I35: =IF(H35="N/A",1,IF(H35="NOCTURNO",9,IF(H35="DIURNO",15,0))) -> 1 | J35: 30 | K35: =+$E$6*$E$7 -> 17876740 | L35: =+IF(F35="12 HORAS",IF(H35="DIURNO",55.97%,0),0)+IF(F35="12 HORAS",IF(H35="NOCTURNO",44.03%,0),1) -> 1 | M35: =IF(H35="N/a",(((K35*L35)/30))*J35*C35,(((K35*L35)/30)/I35)*G35*J35*C35) -> 17876740 | N35: =+IF(E35="SIN ARMA",8%,IF(E35="CON ARMA",10%,0)) -> 0.1 | O35: =+'ESTUDIO DE MERCADO_SEGURO'!$M30 -> 5100 | P35: =+M35*N35 -> 1787674 | Q35: =+M35+O35+P35 -> 19669514 | R35: =+Q35*10% -> 1966951.4 | S35: =+R35*19% -> 373720.77 | T35: =+Q35+S35 -> 20043235 | U35: SGR | W35: 3750 | X35: =(W35*$X$11)+W35 -> 3862.5
B36: PASTO | C36: 1 | D36: 1 Turno de vigilancia armada 24 horas | E36: CON ARMA | F36: 24 HORAS | G36: =IF(F36="24 HORAS",24,IF(F36="12 HORAS",12,0)) -> 24 | H36: N/A | I36: =IF(H36="N/A",1,IF(H36="NOCTURNO",9,IF(H36="DIURNO",15,0))) -> 1 | J36: 30 | K36: =+$E$6*$E$7 -> 17876740 | L36: =+IF(F36="12 HORAS",IF(H36="DIURNO",55.97%,0),0)+IF(F36="12 HORAS",IF(H36="NOCTURNO",44.03%,0),1) -> 1 | M36: =IF(H36="N/a",(((K36*L36)/30))*J36*C36,(((K36*L36)/30)/I36)*G36*J36*C36) -> 17876740 | N36: =+IF(E36="SIN ARMA",8%,IF(E36="CON ARMA",10%,0)) -> 0.1 | O36: =+'ESTUDIO DE MERCADO_SEGURO'!$M31 -> 5100 | P36: =+M36*N36 -> 1787674 | Q36: =+M36+O36+P36 -> 19669514 | R36: =+Q36*10% -> 1966951.4 | S36: =+R36*19% -> 373720.77 | T36: =+Q36+S36 -> 20043235 | U36: SGR | W36: 3750 | X36: =(W36*$X$11)+W36 -> 3862.5
B37: MARMATO, CALDAS, PASSM | C37: 1 | D37: 1 Turno de vigilancia armada 24 horas. Salvamento Minero. | E37: CON ARMA | F37: 24 HORAS | G37: =IF(F37="24 HORAS",24,IF(F37="12 HORAS",12,0)) -> 24 | H37: N/A | I37: =IF(H37="N/A",1,IF(H37="NOCTURNO",9,IF(H37="DIURNO",15,0))) -> 1 | J37: 30 | K37: =+$E$6*$E$7 -> 17876740 | L37: =+IF(F37="12 HORAS",IF(H37="DIURNO",55.97%,0),0)+IF(F37="12 HORAS",IF(H37="NOCTURNO",44.03%,0),1) -> 1 | M37: =IF(H37="N/a",(((K37*L37)/30))*J37*C37,(((K37*L37)/30)/I37)*G37*J37*C37) -> 17876740 | N37: =+IF(E37="SIN ARMA",8%,IF(E37="CON ARMA",10%,0)) -> 0.1 | O37: =+'ESTUDIO DE MERCADO_SEGURO'!$M32 -> 5100 | P37: =+M37*N37 -> 1787674 | Q37: =+M37+O37+P37 -> 19669514 | R37: =+Q37*10% -> 1966951.4 | S37: =+R37*19% -> 373720.77 | T37: =+Q37+S37 -> 20043235 | U37: ANM | W37: 3750 | X37: =(W37*$X$11)+W37 -> 3862.5
B38: REMEDIOS, ANTIOQUIA, PASSM | C38: 1 | D38: 1 Turno de vigilancia armada 24 horas. Salvamento Minero. | E38: CON ARMA | F38: 24 HORAS | G38: =IF(F38="24 HORAS",24,IF(F38="12 HORAS",12,0)) -> 24 | H38: N/A | I38: =IF(H38="N/A",1,IF(H38="NOCTURNO",9,IF(H38="DIURNO",15,0))) -> 1 | J38: 30 | K38: =+$E$6*$E$7 -> 17876740 | L38: =+IF(F38="12 HORAS",IF(H38="DIURNO",55.97%,0),0)+IF(F38="12 HORAS",IF(H38="NOCTURNO",44.03%,0),1) -> 1 | M38: =IF(H38="N/a",(((K38*L38)/30))*J38*C38,(((K38*L38)/30)/I38)*G38*J38*C38) -> 17876740 | N38: =+IF(E38="SIN ARMA",8%,IF(E38="CON ARMA",10%,0)) -> 0.1 | O38: =+'ESTUDIO DE MERCADO_SEGURO'!$M33 -> 5100 | P38: =+M38*N38 -> 1787674 | Q38: =+M38+O38+P38 -> 19669514 | R38: =+Q38*10% -> 1966951.4 | S38: =+R38*19% -> 373720.77 | T38: =+Q38+S38 -> 20043235 | U38: ANM | W38: 3750 | X38: =(W38*$X$11)+W38 -> 3862.5
B39: UBATÉ ESSM | C39: 1 | D39: 1 Turnos de vigilancia armada 24 horas. Salvamento Minero. | E39: CON ARMA | F39: 24 HORAS | G39: =IF(F39="24 HORAS",24,IF(F39="12 HORAS",12,0)) -> 24 | H39: N/A | I39: =IF(H39="N/A",1,IF(H39="NOCTURNO",9,IF(H39="DIURNO",15,0))) -> 1 | J39: 30 | K39: =+$E$6*$E$7 -> 17876740 | L39: =+IF(F39="12 HORAS",IF(H39="DIURNO",55.97%,0),0)+IF(F39="12 HORAS",IF(H39="NOCTURNO",44.03%,0),1) -> 1 | M39: =IF(H39="N/a",(((K39*L39)/30))*J39*C39,(((K39*L39)/30)/I39)*G39*J39*C39) -> 17876740 | N39: =+IF(E39="SIN ARMA",8%,IF(E39="CON ARMA",10%,0)) -> 0.1 | O39: =+'ESTUDIO DE MERCADO_SEGURO'!$M34 -> 5100 | P39: =+M39*N39 -> 1787674 | Q39: =+M39+O39+P39 -> 19669514 | R39: =+Q39*10% -> 1966951.4 | S39: =+R39*19% -> 373720.77 | T39: =+Q39+S39 -> 20043235 | U39: ANM | W39: 3750 | X39: =(W39*$X$11)+W39 -> 3862.5
B40: CALIFORNIA | C40: 1 | D40: 1 Turno de vigilancia armada 24 horas. | E40: SIN ARMA | F40: 24 HORAS | G40: =IF(F40="24 HORAS",24,IF(F40="12 HORAS",12,0)) -> 24 | H40: N/A | I40: =IF(H40="N/A",1,IF(H40="NOCTURNO",9,IF(H40="DIURNO",15,0))) -> 1 | J40: 30 | K40: =+$E$6*$E$7 -> 17876740 | L40: =+IF(F40="12 HORAS",IF(H40="DIURNO",55.97%,0),0)+IF(F40="12 HORAS",IF(H40="NOCTURNO",44.03%,0),1) -> 1 | M40: =IF(H40="N/a",(((K40*L40)/30))*J40*C40,(((K40*L40)/30)/I40)*G40*J40*C40) -> 17876740 | N40: =+IF(E40="SIN ARMA",8%,IF(E40="CON ARMA",10%,0)) -> 0.08 | O40: =+'ESTUDIO DE MERCADO_SEGURO'!$M35 -> 5100 | P40: =+M40*N40 -> 1430139.2 | Q40: =+M40+O40+P40 -> 19311979 | R40: =+Q40*10% -> 1931197.9 | S40: =+R40*19% -> 366927.61 | T40: =+Q40+S40 -> 19678907 | U40: SGR | W40: 3750 | X40: =(W40*$X$11)+W40 -> 3862.5
B41: TOTAL | M41: =SUM(M12:M40) -> 4.5360916e+08 | O41: =SUM(O12:O40) -> 118967 | P41: =SUM(P12:P40) -> 43796963 | Q41: =SUM(Q12:Q40) -> 4.9752509e+08 | R41: =SUM(R12:R40) -> 49752509 | S41: =SUM(S12:S40) -> 9452976.7 | T41: =SUM(T12:T40) -> 5.0697807e+08
B43: NOTA: Los valores de los servicios de vigilancia y seguridad privada corresponden a las tarifas establecidas para el año 2026 por la Circular Externa 20251300000115CS de 30 de diciembre de 2025 de la Superintendencia de Vigilancia y Seguridad Privada.
R45: COSTO DIRECTO ($) | T45: =+M41 -> 4.5360916e+08
R46: A Y S ($) | T46: =+P41 -> 43796963
R47: SUBTOTAL ($) | T47: =T45+T46+O41 -> 4.9752509e+08
R48: IVA 19% ($) | T48: =+S41 -> 9452976.7
R49: TOTAL | T49: =T47+T48 -> 5.0697807e+08
E51: FUNCIONAMIENTO | J51: COSTO DIRECTO ($) | L51: =SUMIF($U$12:$U$40,"anm",$M$12:$M$40) -> 2.4168687e+08 | P51: =SUMIF($U$12:$U$39,"ANM",$U$12:$U$39) -> 0 | R51: SGR | S51: COSTO DIRECTO ($) | U51: =SUMIF($U$9:$U$40,"SGR",$M$9:$M$40) -> 2.1192229e+08
J52: A Y S ($) | L52: =SUMIF($U$12:$U$40,"anm",$P$12:$P$40) -> 23267832 | P52: =SUMIF($U$12:$U$39,"ANM",$U$12:$U$39) -> 0 | S52: A Y S ($) | U52: =SUMIF($U$11:$U$40,"SGR",$P$11:$P$40) -> 20529131
A53: Supervisor del Contrato | J53: SEGURO | L53: =SUMIF($U$12:$U$40,"anm",$O$12:$O$40) -> 58454 | S53: SEGURO | U53: =SUMIF($U$12:$U$40,"SGR",$O$12:$O$40) -> 60513
A54: Grupo de Servicios Administrativos | J54: SUBTOTAL ($) | L54: =L51+L52+L53 -> 2.6501315e+08 | P54: =SUMIF($U$12:$U$39,"ANM",$U$12:$U$39) -> 0 | S54: SUBTOTAL ($) | U54: =U51+U52+U53 -> 2.3251193e+08
A55: Vicepresidencia Administrativa y Financiera | J55: IVA 19% ($) | L55: =SUMIF($U$12:$U$40,"anm",$S$12:$S$40) -> 5035249.9 | S55: IVA 19% ($) | U55: =SUMIF($U$9:$U$40,"SGR",$S$9:$S$40) -> 4417726.8
J56: TOTAL | L56: =L54+L55 -> 2.700484e+08 | S56: TOTAL | U56: =(U54+U55) -> 2.3692966e+08
J57: FACTURA | S57: FACTURA

Sheet octubre2026
B1: AGENCIA NACIONAL DE MINERÍA
D2: SERVICIOS DE VIGILANCIA Y SEGURIDAD PRIVADA
D6: SALARIO MINIMO 2026 | E6: 1750905
D7: TARIFA | E7: 10.21
D8: TOTAL TARIFA | E8: =E6*E7 -> 17876740 | O8: DE 6 AM A 9 PM | Q8: DIURNO
O9: DE 9 PM A 6 AM | Q9: NOCTURNO
B10: SERVICIOS DE VIGILANCIA Y SEGURIDAD PRIVADA
B11: UBICACIÓN | C11: CANTIDAD | D11: DESCRIPCIÓN DE LOS SERVICIOS | E11: ESPECIFI-CACIÓN | F11: TURNO | G11: HORAS X TURNO | H11: HORARIO | I11: HORAS BASE | J11: DIAS | K11: TARIFA | L11: Variable Propor | M11: SUBTOTAL | N11: TARIFA | O11: SEGURO VIGILANCIA | P11: AYS | Q11: SUBTOTAL | R11: BASE IVA | S11: IVA | T11: TOTAL | U11: RECURSO $ | X11: 0.03
B12: BOGOTÁ SEDE PRINCIPAL ANM | C12: 2 | D12: Turno de vigilancia sin arma 12 horas lunes a viernes sin festivo (8:00 am a 8:00 p.m.) 11 horas diurnas. Recorredor. | E12: SIN ARMA | F12: 12 HORAS | G12: 11 | H12: DIURNO | I12: 13 | J12: 22 | K12: =+$E$6*$E$7 -> 17876740 | L12: =IF(H12="DIURNO",47.59%,IF(H12="NOCTURNO",52.41%,0)) -> 0.4759 | M12: =IF(H12="N/a",(((K12*L12)/30))*J12*C12,(((K12*L12)/30)/I12)*G12*J12*C12) -> 10558076 | N12: =+IF(E12="SIN ARMA",8%,IF(E12="CON ARMA",10%,0)) -> 0.08 | O12: =+'ESTUDIO DE MERCADO_SEGURO'!$M7 -> 1998 | P12: =+M12*N12 -> 844646.08 | Q12: =+M12+O12+P12 -> 11404720 | R12: =+Q12*10% -> 1140472 | S12: =+R12*19% -> 216689.68 | T12: =+Q12+S12 -> 11621410 | U12: ANM | W12: 2750 | X12: =(W12*$X$11)+W12 -> 2832.5
C13: 2 | D13: Turno de vigilancia sin arma 12 horas lunes a viernes sin festivo (8:00 am a 8:00 p.m.) 1 hora nocturna. Recorredor. | E13: SIN ARMA | F13: 12 HORAS | G13: 1 | H13: NOCTURNO | I13: 11 | J13: 22 | K13: =+$E$6*$E$7 -> 17876740 | L13: =IF(H13="DIURNO",47.59%,IF(H13="NOCTURNO",52.41%,0)) -> 0.5241 | M13: =IF(H13="N/a",(((K13*L13)/30))*J13*C13,(((K13*L13)/30)/I13)*G13*J13*C13) -> 1249226.6 | N13: =+IF(E13="SIN ARMA",8%,IF(E13="CON ARMA",10%,0)) -> 0.08 | O13: =+'ESTUDIO DE MERCADO_SEGURO'!$M8 -> 1548 | P13: =+M13*N13 -> 99938.128 | Q13: =+M13+O13+P13 -> 1350712.7 | R13: =+Q13*10% -> 135071.27 | S13: =+R13*19% -> 25663.542 | T13: =+Q13+S13 -> 1376376.3 | U13: ANM | W13: 1375 | X13: =(W13*$X$11)+W13 -> 1416.25
C14: 1 | D14: 1 Turno diurno de 12 horas lunes a viernes (sin festivos) (1 recepcionistas). Piso 9. | E14: SIN ARMA | F14: 12 HORAS | G14: =IF(F14="24 HORAS",24,IF(F14="12 HORAS",12,0)) -> 12 | H14: DIURNO | I14: 13 | J14: 22 | K14: =+$E$6*$E$7 -> 17876740 | L14: =IF(H14="DIURNO",47.59%,IF(H14="NOCTURNO",52.41%,0)) -> 0.4759 | M14: =IF(H14="N/a",(((K14*L14)/30))*J14*C14,(((K14*L14)/30)/I14)*G14*J14*C14) -> 5758950.6 | N14: =+IF(E14="SIN ARMA",8%,IF(E14="CON ARMA",10%,0)) -> 0.08 | O14: =+'ESTUDIO DE MERCADO_SEGURO'!$M9 -> 1548 | P14: =+M14*N14 -> 460716.04 | Q14: =+M14+O14+P14 -> 6221214.6 | R14: =+Q14*10% -> 622121.46 | S14: =+R14*19% -> 118203.08 | T14: =+Q14+S14 -> 6339417.7 | U14: ANM | W14: 1375 | X14: =(W14*$X$11)+W14 -> 1416.25
C15: 1 | D15: 1 Turno diurno de 12 horas lunes a viernes (sin festivos) (1 recepcionista). Piso 10. | E15: SIN ARMA | F15: 12 HORAS | G15: =IF(F15="24 HORAS",24,IF(F15="12 HORAS",12,0)) -> 12 | H15: DIURNO | I15: 13 | J15: 22 | K15: =+$E$6*$E$7 -> 17876740 | L15: =IF(H15="DIURNO",47.59%,IF(H15="NOCTURNO",52.41%,0)) -> 0.4759 | M15: =IF(H15="N/a",(((K15*L15)/30))*J15*C15,(((K15*L15)/30)/I15)*G15*J15*C15) -> 5758950.6 | N15: =+IF(E15="SIN ARMA",8%,IF(E15="CON ARMA",10%,0)) -> 0.08 | O15: =+'ESTUDIO DE MERCADO_SEGURO'!$M10 -> 1548 | P15: =+M15*N15 -> 460716.04 | Q15: =+M15+O15+P15 -> 6221214.6 | R15: =+Q15*10% -> 622121.46 | S15: =+R15*19% -> 118203.08 | T15: =+Q15+S15 -> 6339417.7 | U15: ANM | W15: 1375 | X15: =(W15*$X$11)+W15 -> 1416.25
C16: 1 | D16: 1 Turno diurno de 12 horas lunes a viernes (sin festivos) (1 recepcionista). Piso 8. | E16: SIN ARMA | F16: 12 HORAS | G16: =IF(F16="24 HORAS",24,IF(F16="12 HORAS",12,0)) -> 12 | H16: DIURNO | I16: 13 | J16: 22 | K16: =+$E$6*$E$7 -> 17876740 | L16: =IF(H16="DIURNO",47.59%,IF(H16="NOCTURNO",52.41%,0)) -> 0.4759 | M16: =IF(H16="N/a",(((K16*L16)/30))*J16*C16,(((K16*L16)/30)/I16)*G16*J16*C16) -> 5758950.6 | N16: =+IF(E16="SIN ARMA",8%,IF(E16="CON ARMA",10%,0)) -> 0.08 | O16: =+'ESTUDIO DE MERCADO_SEGURO'!$M11 -> 2547 | P16: =+M16*N16 -> 460716.04 | Q16: =+M16+O16+P16 -> 6222213.6 | R16: =+Q16*10% -> 622221.36 | S16: =+R16*19% -> 118222.06 | T16: =+Q16+S16 -> 6340435.7 | U16: ANM | W16: 1875 | X16: =(W16*$X$11)+W16 -> 1931.25
C17: 1 | D17: 1 Turno de 13 horas diurnas permanentes (Operador de medios tecnológicos). | E17: SIN ARMA | F17: 13 HORAS | G17: 13 | H17: DIURNO | I17: 13 | J17: 30 | K17: =+$E$6*$E$7 -> 17876740 | L17: =IF(H17="DIURNO",47.59%,IF(H17="NOCTURNO",52.41%,0)) -> 0.4759 | M17: =IF(H17="N/a",(((K17*L17)/30))*J17*C17,(((K17*L17)/30)/I17)*G17*J17*C17)+((150000/30)*30) -> 8657540.6 | N17: =+IF(E17="SIN ARMA",8%,IF(E17="CON ARMA",10%,0)) -> 0.08 | O17: =+'ESTUDIO DE MERCADO_SEGURO'!$M12 -> 1037 | P17: =+M17*N17 -> 692603.25 | Q17: =+M17+O17+P17 -> 9351180.8 | R17: =+Q17*10% -> 935118.08 | S17: =+R17*19% -> 177672.44 | T17: =+Q17+S17 -> 9528853.3 | U17: ANM | W17: 625 | X17: =(W17*$X$11)+W17 -> 643.75
C18: 1 | D18: 1 Turno nocturno de 11 horas permanentes (Operador de medios tecnológicos) | E18: SIN ARMA | F18: 11 HORAS | G18: 11 | H18: NOCTURNO | I18: 11 | J18: 30 | K18: =+$E$6*$E$7 -> 17876740 | L18: =IF(H18="DIURNO",47.59%,IF(H18="NOCTURNO",52.41%,0)) -> 0.5241 | M18: =IF(H18="N/a",(((K18*L18)/30))*J18*C18,(((K18*L18)/30)/I18)*G18*J18*C18)+((150000/30)*30) -> 9519199.5 | N18: =+IF(E18="SIN ARMA",8%,IF(E18="CON ARMA",10%,0)) -> 0.08 | O18: =+'ESTUDIO DE MERCADO_SEGURO'!$M13 -> 2865 | P18: =+M18*N18 -> 761535.96 | Q18: =+M18+O18+P18 -> 10283600 | R18: =+Q18*10% -> 1028360 | S18: =+R18*19% -> 195388.41 | T18: =+Q18+S18 -> 10478989 | U18: SGR | W18: 1875 | X18: =(W18*$X$11)+W18 -> 1931.25
C19: 1 | D19: 1 Turno diurno de 12 horas Lunes a Sábado (con festivos) (Supervisor Nacional) | E19: SIN ARMA | F19: 12 HORAS | G19: 12 | H19: DIURNO | I19: 13 | J19: 26 | K19: =+$E$6*$E$7 -> 17876740 | L19: =IF(H19="DIURNO",47.59%,IF(H19="NOCTURNO",52.41%,0)) -> 0.4759 | M19: =IF(H19="N/a",(((K19*L19)/30))*J19*C19,(((K19*L19)/30)/I19)*G19*J19*C19)+((495000/30)*30) -> 7301032.5 | N19: =+IF(E19="SIN ARMA",8%,IF(E19="CON ARMA",10%,0)) -> 0.08 | O19: =+'ESTUDIO DE MERCADO_SEGURO'!$M14 -> 2328 | P19: =+M19*N19 -> 584082.6 | Q19: =+M19+O19+P19 -> 7887443.1 | R19: =+Q19*10% -> 788744.31 | S19: =+R19*19% -> 149861.42 | T19: =+Q19+S19 -> 8037304.5 | U19: ANM | W19: 1250 | X19: =(W19*$X$11)+W19 -> 1287.5
B20: BOGOTÁ, BODEGA ARCHIVO | C20: 1 | D20: 1 Turno de vigilancia armada 24 horas (12 horas diurnas y 12 horas nocturnas). | E20: CON ARMA | F20: 24 HORAS | G20: =IF(F20="24 HORAS",24,IF(F20="12 HORAS",12,0)) -> 24 | H20: N/A | I20: =IF(H20="N/A",1,IF(H20="NOCTURNO",9,IF(H20="DIURNO",15,0))) -> 1 | J20: 30 | K20: =+$E$6*$E$7 -> 17876740 | L20: =+IF(F20="12 HORAS",IF(H20="DIURNO",55.97%,0),0)+IF(F20="12 HORAS",IF(H20="NOCTURNO",44.03%,0),1) -> 1 | M20: =IF(H20="N/a",(((K20*L20)/30))*J20*C20,(((K20*L20)/30)/I20)*G20*J20*C20) -> 17876740 | N20: =+IF(E20="SIN ARMA",8%,IF(E20="CON ARMA",10%,0)) -> 0.1 | O20: =+'ESTUDIO DE MERCADO_SEGURO'!$M15 -> 5100 | P20: =+M20*N20 -> 1787674 | Q20: =+M20+O20+P20 -> 19669514 | R20: =+Q20*10% -> 1966951.4 | S20: =+R20*19% -> 373720.77 | T20: =+Q20+S20 -> 20043235 | U20: ANM | W20: 3750 | X20: =(W20*$X$11)+W20 -> 3862.5
B21: BOGOTÁ ANM CAN (Esmeraldas) | C21: 1 | D21: 1 Turno de vigilancia armada 24 horas permanentes (12 horas diurnas y 12 horas nocturnas) | E21: CON ARMA | F21: 24 HORAS | G21: =IF(F21="24 HORAS",24,IF(F21="12 HORAS",12,0)) -> 24 | H21: N/A | I21: =IF(H21="N/A",1,IF(H21="NOCTURNO",9,IF(H21="DIURNO",15,0))) -> 1 | J21: 30 | K21: =+$E$6*$E$7 -> 17876740 | L21: =+IF(F21="12 HORAS",IF(H21="DIURNO",55.97%,0),0)+IF(F21="12 HORAS",IF(H21="NOCTURNO",44.03%,0),1) -> 1 | M21: =IF(H21="N/a",(((K21*L21)/30))*J21*C21,(((K21*L21)/30)/I21)*G21*J21*C21) -> 17876740 | N21: =+IF(E21="SIN ARMA",8%,IF(E21="CON ARMA",10%,0)) -> 0.1 | O21: =+'ESTUDIO DE MERCADO_SEGURO'!$M16 -> 5100 | P21: =+M21*N21 -> 1787674 | Q21: =+M21+O21+P21 -> 19669514 | R21: =+Q21*10% -> 1966951.4 | S21: =+R21*19% -> 373720.77 | T21: =+Q21+S21 -> 20043235 | U21: ANM | W21: 3750 | X21: =(W21*$X$11)+W21 -> 3862.5
B22: CARTAGENA | C22: 1 | D22: 1 Turno diurno de 12 horas lunes a viernes (sin festivos) | E22: SIN ARMA | F22: 12 HORAS | G22: =IF(F22="24 HORAS",24,IF(F22="12 HORAS",12,0)) -> 12 | H22: DIURNO | I22: 13 | J22: 22 | K22: =+$E$6*$E$7 -> 17876740 | L22: =IF(H22="DIURNO",47.59%,IF(H22="NOCTURNO",52.41%,0)) -> 0.4759 | M22: =IF(H22="N/a",(((K22*L22)/30))*J22*C22,(((K22*L22)/30)/I22)*G22*J22*C22) -> 5758950.6 | N22: =+IF(E22="SIN ARMA",8%,IF(E22="CON ARMA",10%,0)) -> 0.08 | O22: =+'ESTUDIO DE MERCADO_SEGURO'!$M17 -> 1548 | P22: =+M22*N22 -> 460716.04 | Q22: =+M22+O22+P22 -> 6221214.6 | R22: =+Q22*10% -> 622121.46 | S22: =+R22*19% -> 118203.08 | T22: =+Q22+S22 -> 6339417.7 | U22: SGR | W22: 1081.3 | X22: =(W22*$X$11)+W22 -> 1113.739
B23: BUCARAMANGA | C23: 1 | D23: 1 Turno de vigilancia armada 24 horas | E23: CON ARMA | F23: 24 HORAS | G23: =IF(F23="24 HORAS",24,IF(F23="12 HORAS",12,0)) -> 24 | H23: N/A | I23: =IF(H23="N/A",1,IF(H23="NOCTURNO",9,IF(H23="DIURNO",15,0))) -> 1 | J23: 30 | K23: =+$E$6*$E$7 -> 17876740 | L23: =+IF(F23="12 HORAS",IF(H23="DIURNO",55.97%,0),0)+IF(F23="12 HORAS",IF(H23="NOCTURNO",44.03%,0),1) -> 1 | M23: =IF(H23="N/a",(((K23*L23)/30))*J23*C23,(((K23*L23)/30)/I23)*G23*J23*C23) -> 17876740 | N23: =+IF(E23="SIN ARMA",8%,IF(E23="CON ARMA",10%,0)) -> 0.1 | O23: =+'ESTUDIO DE MERCADO_SEGURO'!$M18 -> 5100 | P23: =+M23*N23 -> 1787674 | Q23: =+M23+O23+P23 -> 19669514 | R23: =+Q23*10% -> 1966951.4 | S23: =+R23*19% -> 373720.77 | T23: =+Q23+S23 -> 20043235 | U23: SGR | W23: 3750 | X23: =(W23*$X$11)+W23 -> 3862.5
B24: CÚCUTA - ESSM UFPS | C24: 1 | D24: 1 Turno de vigilancia armada 24 horas. Salvamento Minero. | E24: CON ARMA | F24: 24 HORAS | G24: =IF(F24="24 HORAS",24,IF(F24="12 HORAS",12,0)) -> 24 | H24: N/A | I24: =IF(H24="N/A",1,IF(H24="NOCTURNO",9,IF(H24="DIURNO",15,0))) -> 1 | J24: 30 | K24: =+$E$6*$E$7 -> 17876740 | L24: =+IF(F24="12 HORAS",IF(H24="DIURNO",55.97%,0),0)+IF(F24="12 HORAS",IF(H24="NOCTURNO",44.03%,0),1) -> 1 | M24: =IF(H24="N/a",(((K24*L24)/30))*J24*C24,(((K24*L24)/30)/I24)*G24*J24*C24) -> 17876740 | N24: =+IF(E24="SIN ARMA",8%,IF(E24="CON ARMA",10%,0)) -> 0.1 | O24: =+'ESTUDIO DE MERCADO_SEGURO'!$M19 -> 5100 | P24: =+M24*N24 -> 1787674 | Q24: =+M24+O24+P24 -> 19669514 | R24: =+Q24*10% -> 1966951.4 | S24: =+R24*19% -> 373720.77 | T24: =+Q24+S24 -> 20043235 | U24: ANM | W24: 3750 | X24: =(W24*$X$11)+W24 -> 3862.5
B25: CÚCUTA | C25: 1 | D25: 1 Turno de vigilancia armada 24 horas | E25: CON ARMA | F25: 24 HORAS | G25: =IF(F25="24 HORAS",24,IF(F25="12 HORAS",12,0)) -> 24 | H25: N/A | I25: =IF(H25="N/A",1,IF(H25="NOCTURNO",9,IF(H25="DIURNO",15,0))) -> 1 | J25: 30 | K25: =+$E$6*$E$7 -> 17876740 | L25: =+IF(F25="12 HORAS",IF(H25="DIURNO",55.97%,0),0)+IF(F25="12 HORAS",IF(H25="NOCTURNO",44.03%,0),1) -> 1 | M25: =IF(H25="N/a",(((K25*L25)/30))*J25*C25,(((K25*L25)/30)/I25)*G25*J25*C25) -> 17876740 | N25: =+IF(E25="SIN ARMA",8%,IF(E25="CON ARMA",10%,0)) -> 0.1 | O25: =+'ESTUDIO DE MERCADO_SEGURO'!$M20 -> 5100 | P25: =+M25*N25 -> 1787674 | Q25: =+M25+O25+P25 -> 19669514 | R25: =+Q25*10% -> 1966951.4 | S25: =+R25*19% -> 373720.77 | T25: =+Q25+S25 -> 20043235 | U25: SGR | W25: 3750 | X25: =(W25*$X$11)+W25 -> 3862.5
B26: IBAGUÉ | C26: 1 | D26: 1 Turno de vigilancia armada 24 horas | E26: CON ARMA | F26: 24 HORAS | G26: =IF(F26="24 HORAS",24,IF(F26="12 HORAS",12,0)) -> 24 | H26: N/A | I26: =IF(H26="N/A",1,IF(H26="NOCTURNO",9,IF(H26="DIURNO",15,0))) -> 1 | J26: 30 | K26: =+$E$6*$E$7 -> 17876740 | L26: =+IF(F26="12 HORAS",IF(H26="DIURNO",55.97%,0),0)+IF(F26="12 HORAS",IF(H26="NOCTURNO",44.03%,0),1) -> 1 | M26: =IF(H26="N/a",(((K26*L26)/30))*J26*C26,(((K26*L26)/30)/I26)*G26*J26*C26) -> 17876740 | N26: =+IF(E26="SIN ARMA",8%,IF(E26="CON ARMA",10%,0)) -> 0.1 | O26: =+'ESTUDIO DE MERCADO_SEGURO'!$M21 -> 5100 | P26: =+M26*N26 -> 1787674 | Q26: =+M26+O26+P26 -> 19669514 | R26: =+Q26*10% -> 1966951.4 | S26: =+R26*19% -> 373720.77 | T26: =+Q26+S26 -> 20043235 | U26: SGR | W26: 3750 | X26: =(W26*$X$11)+W26 -> 3862.5
B27: MEDELLÍN | C27: 1 | D27: 1 Turno de vigilancia armada 24 horas. | E27: CON ARMA | F27: 24 HORAS | G27: =IF(F27="24 HORAS",24,IF(F27="12 HORAS",12,0)) -> 24 | H27: N/A | I27: =IF(H27="N/A",1,IF(H27="NOCTURNO",9,IF(H27="DIURNO",15,0))) -> 1 | J27: 30 | K27: =+$E$6*$E$7 -> 17876740 | L27: =+IF(F27="12 HORAS",IF(H27="DIURNO",55.97%,0),0)+IF(F27="12 HORAS",IF(H27="NOCTURNO",44.03%,0),1) -> 1 | M27: =IF(H27="N/a",(((K27*L27)/30))*J27*C27,(((K27*L27)/30)/I27)*G27*J27*C27) -> 17876740 | N27: =+IF(E27="SIN ARMA",8%,IF(E27="CON ARMA",10%,0)) -> 0.1 | O27: =+'ESTUDIO DE MERCADO_SEGURO'!$M22 -> 5100 | P27: =+M27*N27 -> 1787674 | Q27: =+M27+O27+P27 -> 19669514 | R27: =+Q27*10% -> 1966951.4 | S27: =+R27*19% -> 373720.77 | T27: =+Q27+S27 -> 20043235 | U27: SGR | W27: 3750 | X27: =(W27*$X$11)+W27 -> 3862.5
B28: CALI | C28: 1 | D28: 1 Turno de vigilancia armada 24 horas | E28: CON ARMA | F28: 24 HORAS | G28: =IF(F28="24 HORAS",24,IF(F28="12 HORAS",12,0)) -> 24 | H28: N/A | I28: =IF(H28="N/A",1,IF(H28="NOCTURNO",9,IF(H28="DIURNO",15,0))) -> 1 | J28: 30 | K28: =+$E$6*$E$7 -> 17876740 | L28: =+IF(F28="12 HORAS",IF(H28="DIURNO",55.97%,0),0)+IF(F28="12 HORAS",IF(H28="NOCTURNO",44.03%,0),1) -> 1 | M28: =IF(H28="N/a",(((K28*L28)/30))*J28*C28,(((K28*L28)/30)/I28)*G28*J28*C28) -> 17876740 | N28: =+IF(E28="SIN ARMA",8%,IF(E28="CON ARMA",10%,0)) -> 0.1 | O28: =+'ESTUDIO DE MERCADO_SEGURO'!$M23 -> 5100 | P28: =+M28*N28 -> 1787674 | Q28: =+M28+O28+P28 -> 19669514 | R28: =+Q28*10% -> 1966951.4 | S28: =+R28*19% -> 373720.77 | T28: =+Q28+S28 -> 20043235 | U28: SGR | W28: 3750 | X28: =(W28*$X$11)+W28 -> 3862.5
B29: NOBSA (PAR y ESSM) | C29: 1 | D29: 1 Turno de vigilancia armada 24 horas | E29: CON ARMA | F29: 24 HORAS | G29: =IF(F29="24 HORAS",24,IF(F29="12 HORAS",12,0)) -> 24 | H29: N/A | I29: =IF(H29="N/A",1,IF(H29="NOCTURNO",9,IF(H29="DIURNO",15,0))) -> 1 | J29: 30 | K29: =+$E$6*$E$7 -> 17876740 | L29: =+IF(F29="12 HORAS",IF(H29="DIURNO",55.97%,0),0)+IF(F29="12 HORAS",IF(H29="NOCTURNO",44.03%,0),1) -> 1 | M29: =IF(H29="N/a",(((K29*L29)/30))*J29*C29,(((K29*L29)/30)/I29)*G29*J29*C29) -> 17876740 | N29: =+IF(E29="SIN ARMA",8%,IF(E29="CON ARMA",10%,0)) -> 0.1 | O29: =+'ESTUDIO DE MERCADO_SEGURO'!$M24 -> 5100 | P29: =+M29*N29 -> 1787674 | Q29: =+M29+O29+P29 -> 19669514 | R29: =+Q29*10% -> 1966951.4 | S29: =+R29*19% -> 373720.77 | T29: =+Q29+S29 -> 20043235 | U29: ANM | W29: 3750 | X29: =(W29*$X$11)+W29 -> 3862.5
C30: 1 | D30: 1 Turno de vigilancia armada 24 horas | E30: CON ARMA | F30: 24 HORAS | G30: =IF(F30="24 HORAS",24,IF(F30="12 HORAS",12,0)) -> 24 | H30: N/A | I30: =IF(H30="N/A",1,IF(H30="NOCTURNO",9,IF(H30="DIURNO",15,0))) -> 1 | J30: 30 | K30: =+$E$6*$E$7 -> 17876740 | L30: =+IF(F30="12 HORAS",IF(H30="DIURNO",55.97%,0),0)+IF(F30="12 HORAS",IF(H30="NOCTURNO",44.03%,0),1) -> 1 | M30: =IF(H30="N/a",(((K30*L30)/30))*J30*C30,(((K30*L30)/30)/I30)*G30*J30*C30) -> 17876740 | N30: =+IF(E30="SIN ARMA",8%,IF(E30="CON ARMA",10%,0)) -> 0.1 | O30: =+'ESTUDIO DE MERCADO_SEGURO'!$M25 -> 5100 | P30: =+M30*N30 -> 1787674 | Q30: =+M30+O30+P30 -> 19669514 | R30: =+Q30*10% -> 1966951.4 | S30: =+R30*19% -> 373720.77 | T30: =+Q30+S30 -> 20043235 | U30: SGR | W30: 3750 | X30: =(W30*$X$11)+W30 -> 3862.5
B31: AMAGA (PASSM) | C31: 2 | D31: 1 Turno de vigilancia armada 24 horas. Nueva Sede Salvamento Minero. | E31: CON ARMA | F31: 24 HORAS | G31: =IF(F31="24 HORAS",24,IF(F31="12 HORAS",12,0)) -> 24 | H31: N/A | I31: =IF(H31="N/A",1,IF(H31="NOCTURNO",9,IF(H31="DIURNO",15,0))) -> 1 | J31: 30 | K31: =+$E$6*$E$7 -> 17876740 | L31: =+IF(F31="12 HORAS",IF(H31="DIURNO",55.97%,0),0)+IF(F31="12 HORAS",IF(H31="NOCTURNO",44.03%,0),1) -> 1 | M31: =IF(H31="N/a",(((K31*L31)/30))*J31*C31,(((K31*L31)/30)/I31)*G31*J31*C31) -> 35753480 | N31: =+IF(E31="SIN ARMA",8%,IF(E31="CON ARMA",10%,0)) -> 0.1 | O31: =+'ESTUDIO DE MERCADO_SEGURO'!$M26 -> 5100 | P31: =+M31*N31 -> 3575348 | Q31: =+M31+O31+P31 -> 39333928 | R31: =+Q31*10% -> 3933392.8 | S31: =+R31*19% -> 747344.63 | T31: =+Q31+S31 -> 40081273 | U31: ANM | W31: 3750 | X31: =(W31*$X$11)+W31 -> 3862.5
B32: VALLEDUPAR | C32: 1 | D32: 1 Turno de vigilancia armada 24 horas | E32: CON ARMA | F32: 24 HORAS | G32: =IF(F32="24 HORAS",24,IF(F32="12 HORAS",12,0)) -> 24 | H32: N/A | I32: =IF(H32="N/A",1,IF(H32="NOCTURNO",9,IF(H32="DIURNO",15,0))) -> 1 | J32: 30 | K32: =+$E$6*$E$7 -> 17876740 | L32: =+IF(F32="12 HORAS",IF(H32="DIURNO",55.97%,0),0)+IF(F32="12 HORAS",IF(H32="NOCTURNO",44.03%,0),1) -> 1 | M32: =IF(H32="N/a",(((K32*L32)/30))*J32*C32,(((K32*L32)/30)/I32)*G32*J32*C32) -> 17876740 | N32: =+IF(E32="SIN ARMA",8%,IF(E32="CON ARMA",10%,0)) -> 0.1 | O32: =+'ESTUDIO DE MERCADO_SEGURO'!$M27 -> 5100 | P32: =+M32*N32 -> 1787674 | Q32: =+M32+O32+P32 -> 19669514 | R32: =+Q32*10% -> 1966951.4 | S32: =+R32*19% -> 373720.77 | T32: =+Q32+S32 -> 20043235 | U32: SGR | W32: 3750 | X32: =(W32*$X$11)+W32 -> 3862.5
B33: JAMUNDÍ ESSM | C33: 2 | D33: 2 Turnos de vigilancia armada 24 horas. Salvamento Minero. | E33: CON ARMA | F33: 24 HORAS | G33: =IF(F33="24 HORAS",24,IF(F33="12 HORAS",12,0)) -> 24 | H33: N/A | I33: =IF(H33="N/A",1,IF(H33="NOCTURNO",9,IF(H33="DIURNO",15,0))) -> 1 | J33: 30 | K33: =+$E$6*$E$7 -> 17876740 | L33: =+IF(F33="12 HORAS",IF(H33="DIURNO",55.97%,0),0)+IF(F33="12 HORAS",IF(H33="NOCTURNO",44.03%,0),1) -> 1 | M33: =IF(H33="N/a",(((K33*L33)/30))*J33*C33,(((K33*L33)/30)/I33)*G33*J33*C33) -> 35753480 | N33: =+IF(E33="SIN ARMA",8%,IF(E33="CON ARMA",10%,0)) -> 0.1 | O33: =+'ESTUDIO DE MERCADO_SEGURO'!$M28 -> 5100 | P33: =+M33*N33 -> 3575348 | Q33: =+M33+O33+P33 -> 39333928 | R33: =+Q33*10% -> 3933392.8 | S33: =+R33*19% -> 747344.63 | T33: =+Q33+S33 -> 40081273 | U33: ANM | W33: 3750 | X33: =(W33*$X$11)+W33 -> 3862.5
B34: QUIBDÓ | C34: 1 | D34: 1 Turno de vigilancia armada 24 horas | E34: CON ARMA | F34: 24 HORAS | G34: =IF(F34="24 HORAS",24,IF(F34="12 HORAS",12,0)) -> 24 | H34: N/A | I34: =IF(H34="N/A",1,IF(H34="NOCTURNO",9,IF(H34="DIURNO",15,0))) -> 1 | J34: 30 | K34: =+$E$6*$E$7 -> 17876740 | L34: =+IF(F34="12 HORAS",IF(H34="DIURNO",55.97%,0),0)+IF(F34="12 HORAS",IF(H34="NOCTURNO",44.03%,0),1) -> 1 | M34: =IF(H34="N/a",(((K34*L34)/30))*J34*C34,(((K34*L34)/30)/I34)*G34*J34*C34) -> 17876740 | N34: =+IF(E34="SIN ARMA",8%,IF(E34="CON ARMA",10%,0)) -> 0.1 | O34: =+'ESTUDIO DE MERCADO_SEGURO'!$M29 -> 5100 | P34: =+M34*N34 -> 1787674 | Q34: =+M34+O34+P34 -> 19669514 | R34: =+Q34*10% -> 1966951.4 | S34: =+R34*19% -> 373720.77 | T34: =+Q34+S34 -> 20043235 | U34: SGR | W34: 3750 | X34: =(W34*$X$11)+W34 -> 3862.5
B35: MANIZALES | C35: 1 | D35: 1 Turno de vigilancia armada 24 horas | E35: CON ARMA | F35: 24 HORAS | G35: =IF(F35="24 HORAS",24,IF(F35="12 HORAS",12,0)) -> 24 | H35: N/A | I35: =IF(H35="N/A",1,IF(H35="NOCTURNO",9,IF(H35="DIURNO",15,0))) -> 1 | J35: 30 | K35: =+$E$6*$E$7 -> 17876740 | L35: =+IF(F35="12 HORAS",IF(H35="DIURNO",55.97%,0),0)+IF(F35="12 HORAS",IF(H35="NOCTURNO",44.03%,0),1) -> 1 | M35: =IF(H35="N/a",(((K35*L35)/30))*J35*C35,(((K35*L35)/30)/I35)*G35*J35*C35) -> 17876740 | N35: =+IF(E35="SIN ARMA",8%,IF(E35="CON ARMA",10%,0)) -> 0.1 | O35: =+'ESTUDIO DE MERCADO_SEGURO'!$M30 -> 5100 | P35: =+M35*N35 -> 1787674 | Q35: =+M35+O35+P35 -> 19669514 | R35: =+Q35*10% -> 1966951.4 | S35: =+R35*19% -> 373720.77 | T35: =+Q35+S35 -> 20043235 | U35: SGR | W35: 3750 | X35: =(W35*$X$11)+W35 -> 3862.5
B36: PASTO | C36: 1 | D36: 1 Turno de vigilancia armada 24 horas | E36: CON ARMA | F36: 24 HORAS | G36: =IF(F36="24 HORAS",24,IF(F36="12 HORAS",12,0)) -> 24 | H36: N/A | I36: =IF(H36="N/A",1,IF(H36="NOCTURNO",9,IF(H36="DIURNO",15,0))) -> 1 | J36: 30 | K36: =+$E$6*$E$7 -> 17876740 | L36: =+IF(F36="12 HORAS",IF(H36="DIURNO",55.97%,0),0)+IF(F36="12 HORAS",IF(H36="NOCTURNO",44.03%,0),1) -> 1 | M36: =IF(H36="N/a",(((K36*L36)/30))*J36*C36,(((K36*L36)/30)/I36)*G36*J36*C36) -> 17876740 | N36: =+IF(E36="SIN ARMA",8%,IF(E36="CON ARMA",10%,0)) -> 0.1 | O36: =+'ESTUDIO DE MERCADO_SEGURO'!$M31 -> 5100 | P36: =+M36*N36 -> 1787674 | Q36: =+M36+O36+P36 -> 19669514 | R36: =+Q36*10% -> 1966951.4 | S36: =+R36*19% -> 373720.77 | T36: =+Q36+S36 -> 20043235 | U36: SGR | W36: 3750 | X36: =(W36*$X$11)+W36 -> 3862.5
B37: MARMATO, CALDAS, PASSM | C37: 1 | D37: 1 Turno de vigilancia armada 24 horas. Salvamento Minero. | E37: CON ARMA | F37: 24 HORAS | G37: =IF(F37="24 HORAS",24,IF(F37="12 HORAS",12,0)) -> 24 | H37: N/A | I37: =IF(H37="N/A",1,IF(H37="NOCTURNO",9,IF(H37="DIURNO",15,0))) -> 1 | J37: 30 | K37: =+$E$6*$E$7 -> 17876740 | L37: =+IF(F37="12 HORAS",IF(H37="DIURNO",55.97%,0),0)+IF(F37="12 HORAS",IF(H37="NOCTURNO",44.03%,0),1) -> 1 | M37: =IF(H37="N/a",(((K37*L37)/30))*J37*C37,(((K37*L37)/30)/I37)*G37*J37*C37) -> 17876740 | N37: =+IF(E37="SIN ARMA",8%,IF(E37="CON ARMA",10%,0)) -> 0.1 | O37: =+'ESTUDIO DE MERCADO_SEGURO'!$M32 -> 5100 | P37: =+M37*N37 -> 1787674 | Q37: =+M37+O37+P37 -> 19669514 | R37: =+Q37*10% -> 1966951.4 | S37: =+R37*19% -> 373720.77 | T37: =+Q37+S37 -> 20043235 | U37: ANM | W37: 3750 | X37: =(W37*$X$11)+W37 -> 3862.5
B38: REMEDIOS, ANTIOQUIA, PASSM | C38: 1 | D38: 1 Turno de vigilancia armada 24 horas. Salvamento Minero. | E38: CON ARMA | F38: 24 HORAS | G38: =IF(F38="24 HORAS",24,IF(F38="12 HORAS",12,0)) -> 24 | H38: N/A | I38: =IF(H38="N/A",1,IF(H38="NOCTURNO",9,IF(H38="DIURNO",15,0))) -> 1 | J38: 30 | K38: =+$E$6*$E$7 -> 17876740 | L38: =+IF(F38="12 HORAS",IF(H38="DIURNO",55.97%,0),0)+IF(F38="12 HORAS",IF(H38="NOCTURNO",44.03%,0),1) -> 1 | M38: =IF(H38="N/a",(((K38*L38)/30))*J38*C38,(((K38*L38)/30)/I38)*G38*J38*C38) -> 17876740 | N38: =+IF(E38="SIN ARMA",8%,IF(E38="CON ARMA",10%,0)) -> 0.1 | O38: =+'ESTUDIO DE MERCADO_SEGURO'!$M33 -> 5100 | P38: =+M38*N38 -> 1787674 | Q38: =+M38+O38+P38 -> 19669514 | R38: =+Q38*10% -> 1966951.4 | S38: =+R38*19% -> 373720.77 | T38: =+Q38+S38 -> 20043235 | U38: ANM | W38: 3750 | X38: =(W38*$X$11)+W38 -> 3862.5
B39: UBATÉ ESSM | C39: 1 | D39: 1 Turnos de vigilancia armada 24 horas. Salvamento Minero. | E39: CON ARMA | F39: 24 HORAS | G39: =IF(F39="24 HORAS",24,IF(F39="12 HORAS",12,0)) -> 24 | H39: N/A | I39: =IF(H39="N/A",1,IF(H39="NOCTURNO",9,IF(H39="DIURNO",15,0))) -> 1 | J39: 30 | K39: =+$E$6*$E$7 -> 17876740 | L39: =+IF(F39="12 HORAS",IF(H39="DIURNO",55.97%,0),0)+IF(F39="12 HORAS",IF(H39="NOCTURNO",44.03%,0),1) -> 1 | M39: =IF(H39="N/a",(((K39*L39)/30))*J39*C39,(((K39*L39)/30)/I39)*G39*J39*C39) -> 17876740 | N39: =+IF(E39="SIN ARMA",8%,IF(E39="CON ARMA",10%,0)) -> 0.1 | O39: =+'ESTUDIO DE MERCADO_SEGURO'!$M34 -> 5100 | P39: =+M39*N39 -> 1787674 | Q39: =+M39+O39+P39 -> 19669514 | R39: =+Q39*10% -> 1966951.4 | S39: =+R39*19% -> 373720.77 | T39: =+Q39+S39 -> 20043235 | U39: ANM | W39: 3750 | X39: =(W39*$X$11)+W39 -> 3862.5
B40: CALIFORNIA | C40: 1 | D40: 1 Turno de vigilancia armada 24 horas. | E40: SIN ARMA | F40: 24 HORAS | G40: =IF(F40="24 HORAS",24,IF(F40="12 HORAS",12,0)) -> 24 | H40: N/A | I40: =IF(H40="N/A",1,IF(H40="NOCTURNO",9,IF(H40="DIURNO",15,0))) -> 1 | J40: 30 | K40: =+$E$6*$E$7 -> 17876740 | L40: =+IF(F40="12 HORAS",IF(H40="DIURNO",55.97%,0),0)+IF(F40="12 HORAS",IF(H40="NOCTURNO",44.03%,0),1) -> 1 | M40: =IF(H40="N/a",(((K40*L40)/30))*J40*C40,(((K40*L40)/30)/I40)*G40*J40*C40) -> 17876740 | N40: =+IF(E40="SIN ARMA",8%,IF(E40="CON ARMA",10%,0)) -> 0.08 | O40: =+'ESTUDIO DE MERCADO_SEGURO'!$M35 -> 5100 | P40: =+M40*N40 -> 1430139.2 | Q40: =+M40+O40+P40 -> 19311979 | R40: =+Q40*10% -> 1931197.9 | S40: =+R40*19% -> 366927.61 | T40: =+Q40+S40 -> 19678907 | U40: SGR | W40: 3750 | X40: =(W40*$X$11)+W40 -> 3862.5
B41: TOTAL | M41: =SUM(M12:M40) -> 4.5360916e+08 | O41: =SUM(O12:O40) -> 118967 | P41: =SUM(P12:P40) -> 43796963 | Q41: =SUM(Q12:Q40) -> 4.9752509e+08 | R41: =SUM(R12:R40) -> 49752509 | S41: =SUM(S12:S40) -> 9452976.7 | T41: =SUM(T12:T40) -> 5.0697807e+08
B43: NOTA: Los valores de los servicios de vigilancia y seguridad privada corresponden a las tarifas establecidas para el año 2026 por la Circular Externa 20251300000115CS de 30 de diciembre de 2025 de la Superintendencia de Vigilancia y Seguridad Privada.
R45: COSTO DIRECTO ($) | T45: =+M41 -> 4.5360916e+08
R46: A Y S ($) | T46: =+P41 -> 43796963
R47: SUBTOTAL ($) | T47: =T45+T46+O41 -> 4.9752509e+08
R48: IVA 19% ($) | T48: =+S41 -> 9452976.7
R49: TOTAL | T49: =T47+T48 -> 5.0697807e+08
E51: FUNCIONAMIENTO | J51: COSTO DIRECTO ($) | L51: =SUMIF($U$12:$U$40,"anm",$M$12:$M$40) -> 2.4168687e+08 | P51: =SUMIF($U$12:$U$39,"ANM",$U$12:$U$39) -> 0 | R51: SGR | S51: COSTO DIRECTO ($) | U51: =SUMIF($U$9:$U$40,"SGR",$M$9:$M$40) -> 2.1192229e+08
J52: A Y S ($) | L52: =SUMIF($U$12:$U$40,"anm",$P$12:$P$40) -> 23267832 | P52: =SUMIF($U$12:$U$39,"ANM",$U$12:$U$39) -> 0 | S52: A Y S ($) | U52: =SUMIF($U$11:$U$40,"SGR",$P$11:$P$40) -> 20529131
A53: Supervisor del Contrato | J53: SEGURO | L53: =SUMIF($U$12:$U$40,"anm",$O$12:$O$40) -> 58454 | S53: SEGURO | U53: =SUMIF($U$12:$U$40,"SGR",$O$12:$O$40) -> 60513
A54: Grupo de Servicios Administrativos | J54: SUBTOTAL ($) | L54: =L51+L52+L53 -> 2.6501315e+08 | P54: =SUMIF($U$12:$U$39,"ANM",$U$12:$U$39) -> 0 | S54: SUBTOTAL ($) | U54: =U51+U52+U53 -> 2.3251193e+08
A55: Vicepresidencia Administrativa y Financiera | J55: IVA 19% ($) | L55: =SUMIF($U$12:$U$40,"anm",$S$12:$S$40) -> 5035249.9 | P55: =L56+U56 -> 5.0697807e+08 | S55: IVA 19% ($) | U55: =SUMIF($U$9:$U$40,"SGR",$S$9:$S$40) -> 4417726.8
J56: TOTAL | L56: =L54+L55 -> 2.700484e+08 | S56: TOTAL | U56: =(U54+U55) -> 2.3692966e+08
J57: FACTURA | S57: FACTURA

Sheet noviembre2026
B1: AGENCIA NACIONAL DE MINERÍA
D2: SERVICIOS DE VIGILANCIA Y SEGURIDAD PRIVADA
D6: SALARIO MINIMO 2026 | E6: 1750905
D7: TARIFA | E7: 10.21
D8: TOTAL TARIFA | E8: =E6*E7 -> 17876740 | O8: DE 6 AM A 9 PM | Q8: DIURNO
O9: DE 9 PM A 6 AM | Q9: NOCTURNO
B10: SERVICIOS DE VIGILANCIA Y SEGURIDAD PRIVADA
B11: UBICACIÓN | C11: CANTIDAD | D11: DESCRIPCIÓN DE LOS SERVICIOS | E11: ESPECIFI-CACIÓN | F11: TURNO | G11: HORAS X TURNO | H11: HORARIO | I11: HORAS BASE | J11: DIAS | K11: TARIFA | L11: Variable Propor | M11: SUBTOTAL | N11: TARIFA | O11: SEGURO VIGILANCIA | P11: AYS | Q11: SUBTOTAL | R11: BASE IVA | S11: IVA | T11: TOTAL | U11: RECURSO $ | X11: 0.03
B12: BOGOTÁ SEDE PRINCIPAL ANM | C12: 2 | D12: Turno de vigilancia sin arma 12 horas lunes a viernes sin festivo (8:00 am a 8:00 p.m.) 11 horas diurnas. Recorredor. | E12: SIN ARMA | F12: 12 HORAS | G12: 11 | H12: DIURNO | I12: 13 | J12: 22 | K12: =+$E$6*$E$7 -> 17876740 | L12: =IF(H12="DIURNO",47.59%,IF(H12="NOCTURNO",52.41%,0)) -> 0.4759 | M12: =IF(H12="N/a",(((K12*L12)/30))*J12*C12,(((K12*L12)/30)/I12)*G12*J12*C12) -> 10558076 | N12: =+IF(E12="SIN ARMA",8%,IF(E12="CON ARMA",10%,0)) -> 0.08 | O12: =+'ESTUDIO DE MERCADO_SEGURO'!$M7 -> 1998 | P12: =+M12*N12 -> 844646.08 | Q12: =+M12+O12+P12 -> 11404720 | R12: =+Q12*10% -> 1140472 | S12: =+R12*19% -> 216689.68 | T12: =+Q12+S12 -> 11621410 | U12: ANM | W12: 2750 | X12: =(W12*$X$11)+W12 -> 2832.5
C13: 2 | D13: Turno de vigilancia sin arma 12 horas lunes a viernes sin festivo (8:00 am a 8:00 p.m.) 1 hora nocturna. Recorredor. | E13: SIN ARMA | F13: 12 HORAS | G13: 1 | H13: NOCTURNO | I13: 11 | J13: 22 | K13: =+$E$6*$E$7 -> 17876740 | L13: =IF(H13="DIURNO",47.59%,IF(H13="NOCTURNO",52.41%,0)) -> 0.5241 | M13: =IF(H13="N/a",(((K13*L13)/30))*J13*C13,(((K13*L13)/30)/I13)*G13*J13*C13) -> 1249226.6 | N13: =+IF(E13="SIN ARMA",8%,IF(E13="CON ARMA",10%,0)) -> 0.08 | O13: =+'ESTUDIO DE MERCADO_SEGURO'!$M8 -> 1548 | P13: =+M13*N13 -> 99938.128 | Q13: =+M13+O13+P13 -> 1350712.7 | R13: =+Q13*10% -> 135071.27 | S13: =+R13*19% -> 25663.542 | T13: =+Q13+S13 -> 1376376.3 | U13: ANM | W13: 1375 | X13: =(W13*$X$11)+W13 -> 1416.25
C14: 1 | D14: 1 Turno diurno de 12 horas lunes a viernes (sin festivos) (1 recepcionistas). Piso 9. | E14: SIN ARMA | F14: 12 HORAS | G14: =IF(F14="24 HORAS",24,IF(F14="12 HORAS",12,0)) -> 12 | H14: DIURNO | I14: 13 | J14: 22 | K14: =+$E$6*$E$7 -> 17876740 | L14: =IF(H14="DIURNO",47.59%,IF(H14="NOCTURNO",52.41%,0)) -> 0.4759 | M14: =IF(H14="N/a",(((K14*L14)/30))*J14*C14,(((K14*L14)/30)/I14)*G14*J14*C14) -> 5758950.6 | N14: =+IF(E14="SIN ARMA",8%,IF(E14="CON ARMA",10%,0)) -> 0.08 | O14: =+'ESTUDIO DE MERCADO_SEGURO'!$M9 -> 1548 | P14: =+M14*N14 -> 460716.04 | Q14: =+M14+O14+P14 -> 6221214.6 | R14: =+Q14*10% -> 622121.46 | S14: =+R14*19% -> 118203.08 | T14: =+Q14+S14 -> 6339417.7 | U14: ANM | W14: 1375 | X14: =(W14*$X$11)+W14 -> 1416.25
C15: 1 | D15: 1 Turno diurno de 12 horas lunes a viernes (sin festivos) (1 recepcionista). Piso 10. | E15: SIN ARMA | F15: 12 HORAS | G15: =IF(F15="24 HORAS",24,IF(F15="12 HORAS",12,0)) -> 12 | H15: DIURNO | I15: 13 | J15: 22 | K15: =+$E$6*$E$7 -> 17876740 | L15: =IF(H15="DIURNO",47.59%,IF(H15="NOCTURNO",52.41%,0)) -> 0.4759 | M15: =IF(H15="N/a",(((K15*L15)/30))*J15*C15,(((K15*L15)/30)/I15)*G15*J15*C15) -> 5758950.6 | N15: =+IF(E15="SIN ARMA",8%,IF(E15="CON ARMA",10%,0)) -> 0.08 | O15: =+'ESTUDIO DE MERCADO_SEGURO'!$M10 -> 1548 | P15: =+M15*N15 -> 460716.04 | Q15: =+M15+O15+P15 -> 6221214.6 | R15: =+Q15*10% -> 622121.46 | S15: =+R15*19% -> 118203.08 | T15: =+Q15+S15 -> 6339417.7 | U15: ANM | W15: 1375 | X15: =(W15*$X$11)+W15 -> 1416.25
C16: 1 | D16: 1 Turno diurno de 12 horas lunes a viernes (sin festivos) (1 recepcionista). Piso 8. | E16: SIN ARMA | F16: 12 HORAS | G16: =IF(F16="24 HORAS",24,IF(F16="12 HORAS",12,0)) -> 12 | H16: DIURNO | I16: 13 | J16: 22 | K16: =+$E$6*$E$7 -> 17876740 | L16: =IF(H16="DIURNO",47.59%,IF(H16="NOCTURNO",52.41%,0)) -> 0.4759 | M16: =IF(H16="N/a",(((K16*L16)/30))*J16*C16,(((K16*L16)/30)/I16)*G16*J16*C16) -> 5758950.6 | N16: =+IF(E16="SIN ARMA",8%,IF(E16="CON ARMA",10%,0)) -> 0.08 | O16: =+'ESTUDIO DE MERCADO_SEGURO'!$M11 -> 2547 | P16: =+M16*N16 -> 460716.04 | Q16: =+M16+O16+P16 -> 6222213.6 | R16: =+Q16*10% -> 622221.36 | S16: =+R16*19% -> 118222.06 | T16: =+Q16+S16 -> 6340435.7 | U16: ANM | W16: 1875 | X16: =(W16*$X$11)+W16 -> 1931.25
C17: 1 | D17: 1 Turno de 13 horas diurnas permanentes (Operador de medios tecnológicos). | E17: SIN ARMA | F17: 13 HORAS | G17: 13 | H17: DIURNO | I17: 13 | J17: 30 | K17: =+$E$6*$E$7 -> 17876740 | L17: =IF(H17="DIURNO",47.59%,IF(H17="NOCTURNO",52.41%,0)) -> 0.4759 | M17: =IF(H17="N/a",(((K17*L17)/30))*J17*C17,(((K17*L17)/30)/I17)*G17*J17*C17)+((150000/30)*30) -> 8657540.6 | N17: =+IF(E17="SIN ARMA",8%,IF(E17="CON ARMA",10%,0)) -> 0.08 | O17: =+'ESTUDIO DE MERCADO_SEGURO'!$M12 -> 1037 | P17: =+M17*N17 -> 692603.25 | Q17: =+M17+O17+P17 -> 9351180.8 | R17: =+Q17*10% -> 935118.08 | S17: =+R17*19% -> 177672.44 | T17: =+Q17+S17 -> 9528853.3 | U17: ANM | W17: 625 | X17: =(W17*$X$11)+W17 -> 643.75
C18: 1 | D18: 1 Turno nocturno de 11 horas permanentes (Operador de medios tecnológicos) | E18: SIN ARMA | F18: 11 HORAS | G18: 11 | H18: NOCTURNO | I18: 11 | J18: 30 | K18: =+$E$6*$E$7 -> 17876740 | L18: =IF(H18="DIURNO",47.59%,IF(H18="NOCTURNO",52.41%,0)) -> 0.5241 | M18: =IF(H18="N/a",(((K18*L18)/30))*J18*C18,(((K18*L18)/30)/I18)*G18*J18*C18)+((150000/30)*30) -> 9519199.5 | N18: =+IF(E18="SIN ARMA",8%,IF(E18="CON ARMA",10%,0)) -> 0.08 | O18: =+'ESTUDIO DE MERCADO_SEGURO'!$M13 -> 2865 | P18: =+M18*N18 -> 761535.96 | Q18: =+M18+O18+P18 -> 10283600 | R18: =+Q18*10% -> 1028360 | S18: =+R18*19% -> 195388.41 | T18: =+Q18+S18 -> 10478989 | U18: SGR | W18: 1875 | X18: =(W18*$X$11)+W18 -> 1931.25
C19: 1 | D19: 1 Turno diurno de 12 horas Lunes a Sábado (con festivos) (Supervisor Nacional) | E19: SIN ARMA | F19: 12 HORAS | G19: 12 | H19: DIURNO | I19: 13 | J19: 26 | K19: =+$E$6*$E$7 -> 17876740 | L19: =IF(H19="DIURNO",47.59%,IF(H19="NOCTURNO",52.41%,0)) -> 0.4759 | M19: =IF(H19="N/a",(((K19*L19)/30))*J19*C19,(((K19*L19)/30)/I19)*G19*J19*C19)+((495000/30)*30) -> 7301032.5 | N19: =+IF(E19="SIN ARMA",8%,IF(E19="CON ARMA",10%,0)) -> 0.08 | O19: =+'ESTUDIO DE MERCADO_SEGURO'!$M14 -> 2328 | P19: =+M19*N19 -> 584082.6 | Q19: =+M19+O19+P19 -> 7887443.1 | R19: =+Q19*10% -> 788744.31 | S19: =+R19*19% -> 149861.42 | T19: =+Q19+S19 -> 8037304.5 | U19: ANM | W19: 1250 | X19: =(W19*$X$11)+W19 -> 1287.5
B20: BOGOTÁ, BODEGA ARCHIVO | C20: 1 | D20: 1 Turno de vigilancia armada 24 horas (12 horas diurnas y 12 horas nocturnas). | E20: CON ARMA | F20: 24 HORAS | G20: =IF(F20="24 HORAS",24,IF(F20="12 HORAS",12,0)) -> 24 | H20: N/A | I20: =IF(H20="N/A",1,IF(H20="NOCTURNO",9,IF(H20="DIURNO",15,0))) -> 1 | J20: 30 | K20: =+$E$6*$E$7 -> 17876740 | L20: =+IF(F20="12 HORAS",IF(H20="DIURNO",55.97%,0),0)+IF(F20="12 HORAS",IF(H20="NOCTURNO",44.03%,0),1) -> 1 | M20: =IF(H20="N/a",(((K20*L20)/30))*J20*C20,(((K20*L20)/30)/I20)*G20*J20*C20) -> 17876740 | N20: =+IF(E20="SIN ARMA",8%,IF(E20="CON ARMA",10%,0)) -> 0.1 | O20: =+'ESTUDIO DE MERCADO_SEGURO'!$M15 -> 5100 | P20: =+M20*N20 -> 1787674 | Q20: =+M20+O20+P20 -> 19669514 | R20: =+Q20*10% -> 1966951.4 | S20: =+R20*19% -> 373720.77 | T20: =+Q20+S20 -> 20043235 | U20: ANM | W20: 3750 | X20: =(W20*$X$11)+W20 -> 3862.5
B21: BOGOTÁ ANM CAN (Esmeraldas) | C21: 1 | D21: 1 Turno de vigilancia armada 24 horas permanentes (12 horas diurnas y 12 horas nocturnas) | E21: CON ARMA | F21: 24 HORAS | G21: =IF(F21="24 HORAS",24,IF(F21="12 HORAS",12,0)) -> 24 | H21: N/A | I21: =IF(H21="N/A",1,IF(H21="NOCTURNO",9,IF(H21="DIURNO",15,0))) -> 1 | J21: 30 | K21: =+$E$6*$E$7 -> 17876740 | L21: =+IF(F21="12 HORAS",IF(H21="DIURNO",55.97%,0),0)+IF(F21="12 HORAS",IF(H21="NOCTURNO",44.03%,0),1) -> 1 | M21: =IF(H21="N/a",(((K21*L21)/30))*J21*C21,(((K21*L21)/30)/I21)*G21*J21*C21) -> 17876740 | N21: =+IF(E21="SIN ARMA",8%,IF(E21="CON ARMA",10%,0)) -> 0.1 | O21: =+'ESTUDIO DE MERCADO_SEGURO'!$M16 -> 5100 | P21: =+M21*N21 -> 1787674 | Q21: =+M21+O21+P21 -> 19669514 | R21: =+Q21*10% -> 1966951.4 | S21: =+R21*19% -> 373720.77 | T21: =+Q21+S21 -> 20043235 | U21: ANM | W21: 3750 | X21: =(W21*$X$11)+W21 -> 3862.5
B22: CARTAGENA | C22: 1 | D22: 1 Turno diurno de 12 horas lunes a viernes (sin festivos) | E22: SIN ARMA | F22: 12 HORAS | G22: =IF(F22="24 HORAS",24,IF(F22="12 HORAS",12,0)) -> 12 | H22: DIURNO | I22: 13 | J22: 22 | K22: =+$E$6*$E$7 -> 17876740 | L22: =IF(H22="DIURNO",47.59%,IF(H22="NOCTURNO",52.41%,0)) -> 0.4759 | M22: =IF(H22="N/a",(((K22*L22)/30))*J22*C22,(((K22*L22)/30)/I22)*G22*J22*C22) -> 5758950.6 | N22: =+IF(E22="SIN ARMA",8%,IF(E22="CON ARMA",10%,0)) -> 0.08 | O22: =+'ESTUDIO DE MERCADO_SEGURO'!$M17 -> 1548 | P22: =+M22*N22 -> 460716.04 | Q22: =+M22+O22+P22 -> 6221214.6 | R22: =+Q22*10% -> 622121.46 | S22: =+R22*19% -> 118203.08 | T22: =+Q22+S22 -> 6339417.7 | U22: SGR | W22: 1081.3 | X22: =(W22*$X$11)+W22 -> 1113.739
B23: BUCARAMANGA | C23: 1 | D23: 1 Turno de vigilancia armada 24 horas | E23: CON ARMA | F23: 24 HORAS | G23: =IF(F23="24 HORAS",24,IF(F23="12 HORAS",12,0)) -> 24 | H23: N/A | I23: =IF(H23="N/A",1,IF(H23="NOCTURNO",9,IF(H23="DIURNO",15,0))) -> 1 | J23: 30 | K23: =+$E$6*$E$7 -> 17876740 | L23: =+IF(F23="12 HORAS",IF(H23="DIURNO",55.97%,0),0)+IF(F23="12 HORAS",IF(H23="NOCTURNO",44.03%,0),1) -> 1 | M23: =IF(H23="N/a",(((K23*L23)/30))*J23*C23,(((K23*L23)/30)/I23)*G23*J23*C23) -> 17876740 | N23: =+IF(E23="SIN ARMA",8%,IF(E23="CON ARMA",10%,0)) -> 0.1 | O23: =+'ESTUDIO DE MERCADO_SEGURO'!$M18 -> 5100 | P23: =+M23*N23 -> 1787674 | Q23: =+M23+O23+P23 -> 19669514 | R23: =+Q23*10% -> 1966951.4 | S23: =+R23*19% -> 373720.77 | T23: =+Q23+S23 -> 20043235 | U23: SGR | W23: 3750 | X23: =(W23*$X$11)+W23 -> 3862.5
B24: CÚCUTA - ESSM UFPS | C24: 1 | D24: 1 Turno de vigilancia armada 24 horas. Salvamento Minero. | E24: CON ARMA | F24: 24 HORAS | G24: =IF(F24="24 HORAS",24,IF(F24="12 HORAS",12,0)) -> 24 | H24: N/A | I24: =IF(H24="N/A",1,IF(H24="NOCTURNO",9,IF(H24="DIURNO",15,0))) -> 1 | J24: 30 | K24: =+$E$6*$E$7 -> 17876740 | L24: =+IF(F24="12 HORAS",IF(H24="DIURNO",55.97%,0),0)+IF(F24="12 HORAS",IF(H24="NOCTURNO",44.03%,0),1) -> 1 | M24: =IF(H24="N/a",(((K24*L24)/30))*J24*C24,(((K24*L24)/30)/I24)*G24*J24*C24) -> 17876740 | N24: =+IF(E24="SIN ARMA",8%,IF(E24="CON ARMA",10%,0)) -> 0.1 | O24: =+'ESTUDIO DE MERCADO_SEGURO'!$M19 -> 5100 | P24: =+M24*N24 -> 1787674 | Q24: =+M24+O24+P24 -> 19669514 | R24: =+Q24*10% -> 1966951.4 | S24: =+R24*19% -> 373720.77 | T24: =+Q24+S24 -> 20043235 | U24: ANM | W24: 3750 | X24: =(W24*$X$11)+W24 -> 3862.5
B25: CÚCUTA | C25: 1 | D25: 1 Turno de vigilancia armada 24 horas | E25: CON ARMA | F25: 24 HORAS | G25: =IF(F25="24 HORAS",24,IF(F25="12 HORAS",12,0)) -> 24 | H25: N/A | I25: =IF(H25="N/A",1,IF(H25="NOCTURNO",9,IF(H25="DIURNO",15,0))) -> 1 | J25: 30 | K25: =+$E$6*$E$7 -> 17876740 | L25: =+IF(F25="12 HORAS",IF(H25="DIURNO",55.97%,0),0)+IF(F25="12 HORAS",IF(H25="NOCTURNO",44.03%,0),1) -> 1 | M25: =IF(H25="N/a",(((K25*L25)/30))*J25*C25,(((K25*L25)/30)/I25)*G25*J25*C25) -> 17876740 | N25: =+IF(E25="SIN ARMA",8%,IF(E25="CON ARMA",10%,0)) -> 0.1 | O25: =+'ESTUDIO DE MERCADO_SEGURO'!$M20 -> 5100 | P25: =+M25*N25 -> 1787674 | Q25: =+M25+O25+P25 -> 19669514 | R25: =+Q25*10% -> 1966951.4 | S25: =+R25*19% -> 373720.77 | T25: =+Q25+S25 -> 20043235 | U25: SGR | W25: 3750 | X25: =(W25*$X$11)+W25 -> 3862.5
B26: IBAGUÉ | C26: 1 | D26: 1 Turno de vigilancia armada 24 horas | E26: CON ARMA | F26: 24 HORAS | G26: =IF(F26="24 HORAS",24,IF(F26="12 HORAS",12,0)) -> 24 | H26: N/A | I26: =IF(H26="N/A",1,IF(H26="NOCTURNO",9,IF(H26="DIURNO",15,0))) -> 1 | J26: 30 | K26: =+$E$6*$E$7 -> 17876740 | L26: =+IF(F26="12 HORAS",IF(H26="DIURNO",55.97%,0),0)+IF(F26="12 HORAS",IF(H26="NOCTURNO",44.03%,0),1) -> 1 | M26: =IF(H26="N/a",(((K26*L26)/30))*J26*C26,(((K26*L26)/30)/I26)*G26*J26*C26) -> 17876740 | N26: =+IF(E26="SIN ARMA",8%,IF(E26="CON ARMA",10%,0)) -> 0.1 | O26: =+'ESTUDIO DE MERCADO_SEGURO'!$M21 -> 5100 | P26: =+M26*N26 -> 1787674 | Q26: =+M26+O26+P26 -> 19669514 | R26: =+Q26*10% -> 1966951.4 | S26: =+R26*19% -> 373720.77 | T26: =+Q26+S26 -> 20043235 | U26: SGR | W26: 3750 | X26: =(W26*$X$11)+W26 -> 3862.5
B27: MEDELLÍN | C27: 1 | D27: 1 Turno de vigilancia armada 24 horas. | E27: CON ARMA | F27: 24 HORAS | G27: =IF(F27="24 HORAS",24,IF(F27="12 HORAS",12,0)) -> 24 | H27: N/A | I27: =IF(H27="N/A",1,IF(H27="NOCTURNO",9,IF(H27="DIURNO",15,0))) -> 1 | J27: 30 | K27: =+$E$6*$E$7 -> 17876740 | L27: =+IF(F27="12 HORAS",IF(H27="DIURNO",55.97%,0),0)+IF(F27="12 HORAS",IF(H27="NOCTURNO",44.03%,0),1) -> 1 | M27: =IF(H27="N/a",(((K27*L27)/30))*J27*C27,(((K27*L27)/30)/I27)*G27*J27*C27) -> 17876740 | N27: =+IF(E27="SIN ARMA",8%,IF(E27="CON ARMA",10%,0)) -> 0.1 | O27: =+'ESTUDIO DE MERCADO_SEGURO'!$M22 -> 5100 | P27: =+M27*N27 -> 1787674 | Q27: =+M27+O27+P27 -> 19669514 | R27: =+Q27*10% -> 1966951.4 | S27: =+R27*19% -> 373720.77 | T27: =+Q27+S27 -> 20043235 | U27: SGR | W27: 3750 | X27: =(W27*$X$11)+W27 -> 3862.5
B28: CALI | C28: 1 | D28: 1 Turno de vigilancia armada 24 horas | E28: CON ARMA | F28: 24 HORAS | G28: =IF(F28="24 HORAS",24,IF(F28="12 HORAS",12,0)) -> 24 | H28: N/A | I28: =IF(H28="N/A",1,IF(H28="NOCTURNO",9,IF(H28="DIURNO",15,0))) -> 1 | J28: 30 | K28: =+$E$6*$E$7 -> 17876740 | L28: =+IF(F28="12 HORAS",IF(H28="DIURNO",55.97%,0),0)+IF(F28="12 HORAS",IF(H28="NOCTURNO",44.03%,0),1) -> 1 | M28: =IF(H28="N/a",(((K28*L28)/30))*J28*C28,(((K28*L28)/30)/I28)*G28*J28*C28) -> 17876740 | N28: =+IF(E28="SIN ARMA",8%,IF(E28="CON ARMA",10%,0)) -> 0.1 | O28: =+'ESTUDIO DE MERCADO_SEGURO'!$M23 -> 5100 | P28: =+M28*N28 -> 1787674 | Q28: =+M28+O28+P28 -> 19669514 | R28: =+Q28*10% -> 1966951.4 | S28: =+R28*19% -> 373720.77 | T28: =+Q28+S28 -> 20043235 | U28: SGR | W28: 3750 | X28: =(W28*$X$11)+W28 -> 3862.5
B29: NOBSA (PAR y ESSM) | C29: 1 | D29: 1 Turno de vigilancia armada 24 horas | E29: CON ARMA | F29: 24 HORAS | G29: =IF(F29="24 HORAS",24,IF(F29="12 HORAS",12,0)) -> 24 | H29: N/A | I29: =IF(H29="N/A",1,IF(H29="NOCTURNO",9,IF(H29="DIURNO",15,0))) -> 1 | J29: 30 | K29: =+$E$6*$E$7 -> 17876740 | L29: =+IF(F29="12 HORAS",IF(H29="DIURNO",55.97%,0),0)+IF(F29="12 HORAS",IF(H29="NOCTURNO",44.03%,0),1) -> 1 | M29: =IF(H29="N/a",(((K29*L29)/30))*J29*C29,(((K29*L29)/30)/I29)*G29*J29*C29) -> 17876740 | N29: =+IF(E29="SIN ARMA",8%,IF(E29="CON ARMA",10%,0)) -> 0.1 | O29: =+'ESTUDIO DE MERCADO_SEGURO'!$M24 -> 5100 | P29: =+M29*N29 -> 1787674 | Q29: =+M29+O29+P29 -> 19669514 | R29: =+Q29*10% -> 1966951.4 | S29: =+R29*19% -> 373720.77 | T29: =+Q29+S29 -> 20043235 | U29: ANM | W29: 3750 | X29: =(W29*$X$11)+W29 -> 3862.5
C30: 1 | D30: 1 Turno de vigilancia armada 24 horas | E30: CON ARMA | F30: 24 HORAS | G30: =IF(F30="24 HORAS",24,IF(F30="12 HORAS",12,0)) -> 24 | H30: N/A | I30: =IF(H30="N/A",1,IF(H30="NOCTURNO",9,IF(H30="DIURNO",15,0))) -> 1 | J30: 30 | K30: =+$E$6*$E$7 -> 17876740 | L30: =+IF(F30="12 HORAS",IF(H30="DIURNO",55.97%,0),0)+IF(F30="12 HORAS",IF(H30="NOCTURNO",44.03%,0),1) -> 1 | M30: =IF(H30="N/a",(((K30*L30)/30))*J30*C30,(((K30*L30)/30)/I30)*G30*J30*C30) -> 17876740 | N30: =+IF(E30="SIN ARMA",8%,IF(E30="CON ARMA",10%,0)) -> 0.1 | O30: =+'ESTUDIO DE MERCADO_SEGURO'!$M25 -> 5100 | P30: =+M30*N30 -> 1787674 | Q30: =+M30+O30+P30 -> 19669514 | R30: =+Q30*10% -> 1966951.4 | S30: =+R30*19% -> 373720.77 | T30: =+Q30+S30 -> 20043235 | U30: SGR | W30: 3750 | X30: =(W30*$X$11)+W30 -> 3862.5
B31: AMAGA (PASSM) | C31: 2 | D31: 1 Turno de vigilancia armada 24 horas. Nueva Sede Salvamento Minero. | E31: CON ARMA | F31: 24 HORAS | G31: =IF(F31="24 HORAS",24,IF(F31="12 HORAS",12,0)) -> 24 | H31: N/A | I31: =IF(H31="N/A",1,IF(H31="NOCTURNO",9,IF(H31="DIURNO",15,0))) -> 1 | J31: 30 | K31: =+$E$6*$E$7 -> 17876740 | L31: =+IF(F31="12 HORAS",IF(H31="DIURNO",55.97%,0),0)+IF(F31="12 HORAS",IF(H31="NOCTURNO",44.03%,0),1) -> 1 | M31: =IF(H31="N/a",(((K31*L31)/30))*J31*C31,(((K31*L31)/30)/I31)*G31*J31*C31) -> 35753480 | N31: =+IF(E31="SIN ARMA",8%,IF(E31="CON ARMA",10%,0)) -> 0.1 | O31: =+'ESTUDIO DE MERCADO_SEGURO'!$M26 -> 5100 | P31: =+M31*N31 -> 3575348 | Q31: =+M31+O31+P31 -> 39333928 | R31: =+Q31*10% -> 3933392.8 | S31: =+R31*19% -> 747344.63 | T31: =+Q31+S31 -> 40081273 | U31: ANM | W31: 3750 | X31: =(W31*$X$11)+W31 -> 3862.5
B32: VALLEDUPAR | C32: 1 | D32: 1 Turno de vigilancia armada 24 horas | E32: CON ARMA | F32: 24 HORAS | G32: =IF(F32="24 HORAS",24,IF(F32="12 HORAS",12,0)) -> 24 | H32: N/A | I32: =IF(H32="N/A",1,IF(H32="NOCTURNO",9,IF(H32="DIURNO",15,0))) -> 1 | J32: 30 | K32: =+$E$6*$E$7 -> 17876740 | L32: =+IF(F32="12 HORAS",IF(H32="DIURNO",55.97%,0),0)+IF(F32="12 HORAS",IF(H32="NOCTURNO",44.03%,0),1) -> 1 | M32: =IF(H32="N/a",(((K32*L32)/30))*J32*C32,(((K32*L32)/30)/I32)*G32*J32*C32) -> 17876740 | N32: =+IF(E32="SIN ARMA",8%,IF(E32="CON ARMA",10%,0)) -> 0.1 | O32: =+'ESTUDIO DE MERCADO_SEGURO'!$M27 -> 5100 | P32: =+M32*N32 -> 1787674 | Q32: =+M32+O32+P32 -> 19669514 | R32: =+Q32*10% -> 1966951.4 | S32: =+R32*19% -> 373720.77 | T32: =+Q32+S32 -> 20043235 | U32: SGR | W32: 3750 | X32: =(W32*$X$11)+W32 -> 3862.5
B33: JAMUNDÍ ESSM | C33: 2 | D33: 2 Turnos de vigilancia armada 24 horas. Salvamento Minero. | E33: CON ARMA | F33: 24 HORAS | G33: =IF(F33="24 HORAS",24,IF(F33="12 HORAS",12,0)) -> 24 | H33: N/A | I33: =IF(H33="N/A",1,IF(H33="NOCTURNO",9,IF(H33="DIURNO",15,0))) -> 1 | J33: 30 | K33: =+$E$6*$E$7 -> 17876740 | L33: =+IF(F33="12 HORAS",IF(H33="DIURNO",55.97%,0),0)+IF(F33="12 HORAS",IF(H33="NOCTURNO",44.03%,0),1) -> 1 | M33: =IF(H33="N/a",(((K33*L33)/30))*J33*C33,(((K33*L33)/30)/I33)*G33*J33*C33) -> 35753480 | N33: =+IF(E33="SIN ARMA",8%,IF(E33="CON ARMA",10%,0)) -> 0.1 | O33: =+'ESTUDIO DE MERCADO_SEGURO'!$M28 -> 5100 | P33: =+M33*N33 -> 3575348 | Q33: =+M33+O33+P33 -> 39333928 | R33: =+Q33*10% -> 3933392.8 | S33: =+R33*19% -> 747344.63 | T33: =+Q33+S33 -> 40081273 | U33: ANM | W33: 3750 | X33: =(W33*$X$11)+W33 -> 3862.5
B34: QUIBDÓ | C34: 1 | D34: 1 Turno de vigilancia armada 24 horas | E34: CON ARMA | F34: 24 HORAS | G34: =IF(F34="24 HORAS",24,IF(F34="12 HORAS",12,0)) -> 24 | H34: N/A | I34: =IF(H34="N/A",1,IF(H34="NOCTURNO",9,IF(H34="DIURNO",15,0))) -> 1 | J34: 30 | K34: =+$E$6*$E$7 -> 17876740 | L34: =+IF(F34="12 HORAS",IF(H34="DIURNO",55.97%,0),0)+IF(F34="12 HORAS",IF(H34="NOCTURNO",44.03%,0),1) -> 1 | M34: =IF(H34="N/a",(((K34*L34)/30))*J34*C34,(((K34*L34)/30)/I34)*G34*J34*C34) -> 17876740 | N34: =+IF(E34="SIN ARMA",8%,IF(E34="CON ARMA",10%,0)) -> 0.1 | O34: =+'ESTUDIO DE MERCADO_SEGURO'!$M29 -> 5100 | P34: =+M34*N34 -> 1787674 | Q34: =+M34+O34+P34 -> 19669514 | R34: =+Q34*10% -> 1966951.4 | S34: =+R34*19% -> 373720.77 | T34: =+Q34+S34 -> 20043235 | U34: SGR | W34: 3750 | X34: =(W34*$X$11)+W34 -> 3862.5
B35: MANIZALES | C35: 1 | D35: 1 Turno de vigilancia armada 24 horas | E35: CON ARMA | F35: 24 HORAS | G35: =IF(F35="24 HORAS",24,IF(F35="12 HORAS",12,0)) -> 24 | H35: N/A | I35: =IF(H35="N/A",1,IF(H35="NOCTURNO",9,IF(H35="DIURNO",15,0))) -> 1 | J35: 30 | K35: =+$E$6*$E$7 -> 17876740 | L35: =+IF(F35="12 HORAS",IF(H35="DIURNO",55.97%,0),0)+IF(F35="12 HORAS",IF(H35="NOCTURNO",44.03%,0),1) -> 1 | M35: =IF(H35="N/a",(((K35*L35)/30))*J35*C35,(((K35*L35)/30)/I35)*G35*J35*C35) -> 17876740 | N35: =+IF(E35="SIN ARMA",8%,IF(E35="CON ARMA",10%,0)) -> 0.1 | O35: =+'ESTUDIO DE MERCADO_SEGURO'!$M30 -> 5100 | P35: =+M35*N35 -> 1787674 | Q35: =+M35+O35+P35 -> 19669514 | R35: =+Q35*10% -> 1966951.4 | S35: =+R35*19% -> 373720.77 | T35: =+Q35+S35 -> 20043235 | U35: SGR | W35: 3750 | X35: =(W35*$X$11)+W35 -> 3862.5
B36: PASTO | C36: 1 | D36: 1 Turno de vigilancia armada 24 horas | E36: CON ARMA | F36: 24 HORAS | G36: =IF(F36="24 HORAS",24,IF(F36="12 HORAS",12,0)) -> 24 | H36: N/A | I36: =IF(H36="N/A",1,IF(H36="NOCTURNO",9,IF(H36="DIURNO",15,0))) -> 1 | J36: 30 | K36: =+$E$6*$E$7 -> 17876740 | L36: =+IF(F36="12 HORAS",IF(H36="DIURNO",55.97%,0),0)+IF(F36="12 HORAS",IF(H36="NOCTURNO",44.03%,0),1) -> 1 | M36: =IF(H36="N/a",(((K36*L36)/30))*J36*C36,(((K36*L36)/30)/I36)*G36*J36*C36) -> 17876740 | N36: =+IF(E36="SIN ARMA",8%,IF(E36="CON ARMA",10%,0)) -> 0.1 | O36: =+'ESTUDIO DE MERCADO_SEGURO'!$M31 -> 5100 | P36: =+M36*N36 -> 1787674 | Q36: =+M36+O36+P36 -> 19669514 | R36: =+Q36*10% -> 1966951.4 | S36: =+R36*19% -> 373720.77 | T36: =+Q36+S36 -> 20043235 | U36: SGR | W36: 3750 | X36: =(W36*$X$11)+W36 -> 3862.5
B37: MARMATO, CALDAS, PASSM | C37: 1 | D37: 1 Turno de vigilancia armada 24 horas. Salvamento Minero. | E37: CON ARMA | F37: 24 HORAS | G37: =IF(F37="24 HORAS",24,IF(F37="12 HORAS",12,0)) -> 24 | H37: N/A | I37: =IF(H37="N/A",1,IF(H37="NOCTURNO",9,IF(H37="DIURNO",15,0))) -> 1 | J37: 30 | K37: =+$E$6*$E$7 -> 17876740 | L37: =+IF(F37="12 HORAS",IF(H37="DIURNO",55.97%,0),0)+IF(F37="12 HORAS",IF(H37="NOCTURNO",44.03%,0),1) -> 1 | M37: =IF(H37="N/a",(((K37*L37)/30))*J37*C37,(((K37*L37)/30)/I37)*G37*J37*C37) -> 17876740 | N37: =+IF(E37="SIN ARMA",8%,IF(E37="CON ARMA",10%,0)) -> 0.1 | O37: =+'ESTUDIO DE MERCADO_SEGURO'!$M32 -> 5100 | P37: =+M37*N37 -> 1787674 | Q37: =+M37+O37+P37 -> 19669514 | R37: =+Q37*10% -> 1966951.4 | S37: =+R37*19% -> 373720.77 | T37: =+Q37+S37 -> 20043235 | U37: ANM | W37: 3750 | X37: =(W37*$X$11)+W37 -> 3862.5
B38: REMEDIOS, ANTIOQUIA, PASSM | C38: 1 | D38: 1 Turno de vigilancia armada 24 horas. Salvamento Minero. | E38: CON ARMA | F38: 24 HORAS | G38: =IF(F38="24 HORAS",24,IF(F38="12 HORAS",12,0)) -> 24 | H38: N/A | I38: =IF(H38="N/A",1,IF(H38="NOCTURNO",9,IF(H38="DIURNO",15,0))) -> 1 | J38: 30 | K38: =+$E$6*$E$7 -> 17876740 | L38: =+IF(F38="12 HORAS",IF(H38="DIURNO",55.97%,0),0)+IF(F38="12 HORAS",IF(H38="NOCTURNO",44.03%,0),1) -> 1 | M38: =IF(H38="N/a",(((K38*L38)/30))*J38*C38,(((K38*L38)/30)/I38)*G38*J38*C38) -> 17876740 | N38: =+IF(E38="SIN ARMA",8%,IF(E38="CON ARMA",10%,0)) -> 0.1 | O38: =+'ESTUDIO DE MERCADO_SEGURO'!$M33 -> 5100 | P38: =+M38*N38 -> 1787674 | Q38: =+M38+O38+P38 -> 19669514 | R38: =+Q38*10% -> 1966951.4 | S38: =+R38*19% -> 373720.77 | T38: =+Q38+S38 -> 20043235 | U38: ANM | W38: 3750 | X38: =(W38*$X$11)+W38 -> 3862.5
B39: UBATÉ ESSM | C39: 1 | D39: 1 Turnos de vigilancia armada 24 horas. Salvamento Minero. | E39: CON ARMA | F39: 24 HORAS | G39: =IF(F39="24 HORAS",24,IF(F39="12 HORAS",12,0)) -> 24 | H39: N/A | I39: =IF(H39="N/A",1,IF(H39="NOCTURNO",9,IF(H39="DIURNO",15,0))) -> 1 | J39: 30 | K39: =+$E$6*$E$7 -> 17876740 | L39: =+IF(F39="12 HORAS",IF(H39="DIURNO",55.97%,0),0)+IF(F39="12 HORAS",IF(H39="NOCTURNO",44.03%,0),1) -> 1 | M39: =IF(H39="N/a",(((K39*L39)/30))*J39*C39,(((K39*L39)/30)/I39)*G39*J39*C39) -> 17876740 | N39: =+IF(E39="SIN ARMA",8%,IF(E39="CON ARMA",10%,0)) -> 0.1 | O39: =+'ESTUDIO DE MERCADO_SEGURO'!$M34 -> 5100 | P39: =+M39*N39 -> 1787674 | Q39: =+M39+O39+P39 -> 19669514 | R39: =+Q39*10% -> 1966951.4 | S39: =+R39*19% -> 373720.77 | T39: =+Q39+S39 -> 20043235 | U39: ANM | W39: 3750 | X39: =(W39*$X$11)+W39 -> 3862.5
B40: CALIFORNIA | C40: 1 | D40: 1 Turno de vigilancia armada 24 horas. | E40: SIN ARMA | F40: 24 HORAS | G40: =IF(F40="24 HORAS",24,IF(F40="12 HORAS",12,0)) -> 24 | H40: N/A | I40: =IF(H40="N/A",1,IF(H40="NOCTURNO",9,IF(H40="DIURNO",15,0))) -> 1 | J40: 30 | K40: =+$E$6*$E$7 -> 17876740 | L40: =+IF(F40="12 HORAS",IF(H40="DIURNO",55.97%,0),0)+IF(F40="12 HORAS",IF(H40="NOCTURNO",44.03%,0),1) -> 1 | M40: =IF(H40="N/a",(((K40*L40)/30))*J40*C40,(((K40*L40)/30)/I40)*G40*J40*C40) -> 17876740 | N40: =+IF(E40="SIN ARMA",8%,IF(E40="CON ARMA",10%,0)) -> 0.08 | O40: =+'ESTUDIO DE MERCADO_SEGURO'!$M35 -> 5100 | P40: =+M40*N40 -> 1430139.2 | Q40: =+M40+O40+P40 -> 19311979 | R40: =+Q40*10% -> 1931197.9 | S40: =+R40*19% -> 366927.61 | T40: =+Q40+S40 -> 19678907 | U40: SGR | W40: 3750 | X40: =(W40*$X$11)+W40 -> 3862.5
B41: TOTAL | M41: =SUM(M12:M40) -> 4.5360916e+08 | O41: =SUM(O12:O40) -> 118967 | P41: =SUM(P12:P40) -> 43796963 | Q41: =SUM(Q12:Q40) -> 4.9752509e+08 | R41: =SUM(R12:R40) -> 49752509 | S41: =SUM(S12:S40) -> 9452976.7 | T41: =SUM(T12:T40) -> 5.0697807e+08
B43: NOTA: Los valores de los servicios de vigilancia y seguridad privada corresponden a las tarifas establecidas para el año 2026 por la Circular Externa 20251300000115CS de 30 de diciembre de 2025 de la Superintendencia de Vigilancia y Seguridad Privada.
R45: COSTO DIRECTO ($) | T45: =+M41 -> 4.5360916e+08
R46: A Y S ($) | T46: =+P41 -> 43796963
R47: SUBTOTAL ($) | T47: =T45+T46+O41 -> 4.9752509e+08
R48: IVA 19% ($) | T48: =+S41 -> 9452976.7
R49: TOTAL | T49: =T47+T48 -> 5.0697807e+08
E51: FUNCIONAMIENTO | J51: COSTO DIRECTO ($) | L51: =SUMIF($U$12:$U$40,"anm",$M$12:$M$40) -> 2.4168687e+08 | P51: =SUMIF($U$12:$U$39,"ANM",$U$12:$U$39) -> 0 | R51: SGR | S51: COSTO DIRECTO ($) | U51: =SUMIF($U$9:$U$40,"SGR",$M$9:$M$40) -> 2.1192229e+08
J52: A Y S ($) | L52: =SUMIF($U$12:$U$40,"anm",$P$12:$P$40) -> 23267832 | P52: =SUMIF($U$12:$U$39,"ANM",$U$12:$U$39) -> 0 | S52: A Y S ($) | U52: =SUMIF($U$11:$U$40,"SGR",$P$11:$P$40) -> 20529131
A53: Supervisor del Contrato | J53: SEGURO | L53: =SUMIF($U$12:$U$40,"anm",$O$12:$O$40) -> 58454 | S53: SEGURO | U53: =SUMIF($U$12:$U$40,"SGR",$O$12:$O$40) -> 60513
A54: Grupo de Servicios Administrativos | J54: SUBTOTAL ($) | L54: =L51+L52+L53 -> 2.6501315e+08 | P54: =SUMIF($U$12:$U$39,"ANM",$U$12:$U$39) -> 0 | S54: SUBTOTAL ($) | U54: =U51+U52+U53 -> 2.3251193e+08
A55: Vicepresidencia Administrativa y Financiera | J55: IVA 19% ($) | L55: =SUMIF($U$12:$U$40,"anm",$S$12:$S$40) -> 5035249.9 | P55: =L56+U56 -> 5.0697807e+08 | S55: IVA 19% ($) | U55: =SUMIF($U$9:$U$40,"SGR",$S$9:$S$40) -> 4417726.8
J56: TOTAL | L56: =L54+L55 -> 2.700484e+08 | S56: TOTAL | U56: =(U54+U55) -> 2.3692966e+08
J57: FACTURA | S57: FACTURA

Sheet diciembre2026
B1: AGENCIA NACIONAL DE MINERÍA
D2: SERVICIOS DE VIGILANCIA Y SEGURIDAD PRIVADA
D6: SALARIO MINIMO 2026 | E6: 1750905
D7: TARIFA | E7: 10.21
D8: TOTAL TARIFA | E8: =E6*E7 -> 17876740 | O8: DE 6 AM A 9 PM | Q8: DIURNO
O9: DE 9 PM A 6 AM | Q9: NOCTURNO
B10: SERVICIOS DE VIGILANCIA Y SEGURIDAD PRIVADA
B11: UBICACIÓN | C11: CANTIDAD | D11: DESCRIPCIÓN DE LOS SERVICIOS | E11: ESPECIFI-CACIÓN | F11: TURNO | G11: HORAS X TURNO | H11: HORARIO | I11: HORAS BASE | J11: DIAS | K11: TARIFA | L11: Variable Propor | M11: SUBTOTAL | N11: TARIFA | O11: SEGURO VIGILANCIA | P11: AYS | Q11: SUBTOTAL | R11: BASE IVA | S11: IVA | T11: TOTAL | U11: RECURSO $ | X11: 0.03
B12: BOGOTÁ SEDE PRINCIPAL ANM | C12: 2 | D12: Turno de vigilancia sin arma 12 horas lunes a viernes sin festivo (8:00 am a 8:00 p.m.) 11 horas diurnas. Recorredor. | E12: SIN ARMA | F12: 12 HORAS | G12: 11 | H12: DIURNO | I12: 13 | J12: 15 | K12: =+$E$6*$E$7 -> 17876740 | L12: =IF(H12="DIURNO",47.59%,IF(H12="NOCTURNO",52.41%,0)) -> 0.4759 | M12: =IF(H12="N/a",(((K12*L12)/30))*J12*C12,(((K12*L12)/30)/I12)*G12*J12*C12) -> 7198688.2 | N12: =+IF(E12="SIN ARMA",8%,IF(E12="CON ARMA",10%,0)) -> 0.08 | O12: =+'ESTUDIO DE MERCADO_SEGURO'!$M7 -> 1998 | P12: =+M12*N12 -> 575895.06 | Q12: =+M12+O12+P12 -> 7776581.2 | R12: =+Q12*10% -> 777658.12 | S12: =+R12*19% -> 147755.04 | T12: =+Q12+S12 -> 7924336.3 | U12: ANM | W12: 2750 | X12: =(W12*$X$11)+W12 -> 2832.5 | Y12: =X12/2 -> 1416.25
C13: 2 | D13: Turno de vigilancia sin arma 12 horas lunes a viernes sin festivo (8:00 am a 8:00 p.m.) 1 hora nocturna. Recorredor. | E13: SIN ARMA | F13: 12 HORAS | G13: 1 | H13: NOCTURNO | I13: 11 | J13: 15 | K13: =+$E$6*$E$7 -> 17876740 | L13: =IF(H13="DIURNO",47.59%,IF(H13="NOCTURNO",52.41%,0)) -> 0.5241 | M13: =IF(H13="N/a",(((K13*L13)/30))*J13*C13,(((K13*L13)/30)/I13)*G13*J13*C13) -> 851745.41 | N13: =+IF(E13="SIN ARMA",8%,IF(E13="CON ARMA",10%,0)) -> 0.08 | O13: =+'ESTUDIO DE MERCADO_SEGURO'!$M8 -> 1548 | P13: =+M13*N13 -> 68139.632 | Q13: =+M13+O13+P13 -> 921433.04 | R13: =+Q13*10% -> 92143.304 | S13: =+R13*19% -> 17507.228 | T13: =+Q13+S13 -> 938940.27 | U13: ANM | W13: 1375 | X13: =(W13*$X$11)+W13 -> 1416.25 | Y13: =X13/2 -> 708.125
C14: 1 | D14: 1 Turno diurno de 12 horas lunes a viernes (sin festivos) (1 recepcionistas). Piso 9. | E14: SIN ARMA | F14: 12 HORAS | G14: =IF(F14="24 HORAS",24,IF(F14="12 HORAS",12,0)) -> 12 | H14: DIURNO | I14: 13 | J14: 15 | K14: =+$E$6*$E$7 -> 17876740 | L14: =IF(H14="DIURNO",47.59%,IF(H14="NOCTURNO",52.41%,0)) -> 0.4759 | M14: =IF(H14="N/a",(((K14*L14)/30))*J14*C14,(((K14*L14)/30)/I14)*G14*J14*C14) -> 3926557.2 | N14: =+IF(E14="SIN ARMA",8%,IF(E14="CON ARMA",10%,0)) -> 0.08 | O14: =+'ESTUDIO DE MERCADO_SEGURO'!$M9 -> 1548 | P14: =+M14*N14 -> 314124.58 | Q14: =+M14+O14+P14 -> 4242229.8 | R14: =+Q14*10% -> 424222.98 | S14: =+R14*19% -> 80602.366 | T14: =+Q14+S14 -> 4322832.1 | U14: ANM | W14: 1375 | X14: =(W14*$X$11)+W14 -> 1416.25 | Y14: =X14/2 -> 708.125
C15: 1 | D15: 1 Turno diurno de 12 horas lunes a viernes (sin festivos) (1 recepcionista). Piso 10. | E15: SIN ARMA | F15: 12 HORAS | G15: =IF(F15="24 HORAS",24,IF(F15="12 HORAS",12,0)) -> 12 | H15: DIURNO | I15: 13 | J15: 15 | K15: =+$E$6*$E$7 -> 17876740 | L15: =IF(H15="DIURNO",47.59%,IF(H15="NOCTURNO",52.41%,0)) -> 0.4759 | M15: =IF(H15="N/a",(((K15*L15)/30))*J15*C15,(((K15*L15)/30)/I15)*G15*J15*C15) -> 3926557.2 | N15: =+IF(E15="SIN ARMA",8%,IF(E15="CON ARMA",10%,0)) -> 0.08 | O15: =+'ESTUDIO DE MERCADO_SEGURO'!$M10 -> 1548 | P15: =+M15*N15 -> 314124.58 | Q15: =+M15+O15+P15 -> 4242229.8 | R15: =+Q15*10% -> 424222.98 | S15: =+R15*19% -> 80602.366 | T15: =+Q15+S15 -> 4322832.1 | U15: ANM | W15: 1375 | X15: =(W15*$X$11)+W15 -> 1416.25 | Y15: =X15/2 -> 708.125
C16: 1 | D16: 1 Turno diurno de 12 horas lunes a viernes (sin festivos) (1 recepcionista). Piso 8. | E16: SIN ARMA | F16: 12 HORAS | G16: =IF(F16="24 HORAS",24,IF(F16="12 HORAS",12,0)) -> 12 | H16: DIURNO | I16: 13 | J16: 15 | K16: =+$E$6*$E$7 -> 17876740 | L16: =IF(H16="DIURNO",47.59%,IF(H16="NOCTURNO",52.41%,0)) -> 0.4759 | M16: =IF(H16="N/a",(((K16*L16)/30))*J16*C16,(((K16*L16)/30)/I16)*G16*J16*C16) -> 3926557.2 | N16: =+IF(E16="SIN ARMA",8%,IF(E16="CON ARMA",10%,0)) -> 0.08 | O16: =+'ESTUDIO DE MERCADO_SEGURO'!$M11 -> 2547 | P16: =+M16*N16 -> 314124.58 | Q16: =+M16+O16+P16 -> 4243228.8 | R16: =+Q16*10% -> 424322.88 | S16: =+R16*19% -> 80621.347 | T16: =+Q16+S16 -> 4323850.1 | U16: ANM | W16: 1875 | X16: =(W16*$X$11)+W16 -> 1931.25 | Y16: =X16/2 -> 965.625
C17: 1 | D17: 1 Turno de 13 horas diurnas permanentes (Operador de medios tecnológicos). | E17: SIN ARMA | F17: 13 HORAS | G17: 13 | H17: DIURNO | I17: 13 | J17: 15 | K17: =+$E$6*$E$7 -> 17876740 | L17: =IF(H17="DIURNO",47.59%,IF(H17="NOCTURNO",52.41%,0)) -> 0.4759 | M17: =IF(H17="N/a",(((K17*L17)/30))*J17*C17,(((K17*L17)/30)/I17)*G17*J17*C17)+((150000/30)*30) -> 4403770.3 | N17: =+IF(E17="SIN ARMA",8%,IF(E17="CON ARMA",10%,0)) -> 0.08 | O17: =+'ESTUDIO DE MERCADO_SEGURO'!$M12 -> 1037 | P17: =+M17*N17 -> 352301.62 | Q17: =+M17+O17+P17 -> 4757108.9 | R17: =+Q17*10% -> 475710.89 | S17: =+R17*19% -> 90385.069 | T17: =+Q17+S17 -> 4847494 | U17: ANM | W17: 625 | X17: =(W17*$X$11)+W17 -> 643.75 | Y17: =X17/2 -> 321.875
C18: 1 | D18: 1 Turno nocturno de 11 horas permanentes (Operador de medios tecnológicos) | E18: SIN ARMA | F18: 11 HORAS | G18: 11 | H18: NOCTURNO | I18: 11 | J18: 15 | K18: =+$E$6*$E$7 -> 17876740 | L18: =IF(H18="DIURNO",47.59%,IF(H18="NOCTURNO",52.41%,0)) -> 0.5241 | M18: =IF(H18="N/a",(((K18*L18)/30))*J18*C18,(((K18*L18)/30)/I18)*G18*J18*C18)+((150000/30)*30) -> 4834599.7 | N18: =+IF(E18="SIN ARMA",8%,IF(E18="CON ARMA",10%,0)) -> 0.08 | O18: =+'ESTUDIO DE MERCADO_SEGURO'!$M13 -> 2865 | P18: =+M18*N18 -> 386767.98 | Q18: =+M18+O18+P18 -> 5224232.7 | R18: =+Q18*10% -> 522423.27 | S18: =+R18*19% -> 99260.421 | T18: =+Q18+S18 -> 5323493.1 | U18: SGR | W18: 1875 | X18: =(W18*$X$11)+W18 -> 1931.25 | Y18: =X18/2 -> 965.625
C19: 1 | D19: 1 Turno diurno de 12 horas Lunes a Sábado (con festivos) (Supervisor Nacional) | E19: SIN ARMA | F19: 12 HORAS | G19: 12 | H19: DIURNO | I19: 13 | J19: 15 | K19: =+$E$6*$E$7 -> 17876740 | L19: =IF(H19="DIURNO",47.59%,IF(H19="NOCTURNO",52.41%,0)) -> 0.4759 | M19: =IF(H19="N/a",(((K19*L19)/30))*J19*C19,(((K19*L19)/30)/I19)*G19*J19*C19)+((495000/30)*30) -> 4421557.2 | N19: =+IF(E19="SIN ARMA",8%,IF(E19="CON ARMA",10%,0)) -> 0.08 | O19: =+'ESTUDIO DE MERCADO_SEGURO'!$M14 -> 2328 | P19: =+M19*N19 -> 353724.58 | Q19: =+M19+O19+P19 -> 4777609.8 | R19: =+Q19*10% -> 477760.98 | S19: =+R19*19% -> 90774.586 | T19: =+Q19+S19 -> 4868384.4 | U19: ANM | W19: 1250 | X19: =(W19*$X$11)+W19 -> 1287.5 | Y19: =X19/2 -> 643.75
B20: BOGOTÁ, BODEGA ARCHIVO | C20: 1 | D20: 1 Turno de vigilancia armada 24 horas (12 horas diurnas y 12 horas nocturnas). | E20: CON ARMA | F20: 24 HORAS | G20: =IF(F20="24 HORAS",24,IF(F20="12 HORAS",12,0)) -> 24 | H20: N/A | I20: =IF(H20="N/A",1,IF(H20="NOCTURNO",9,IF(H20="DIURNO",15,0))) -> 1 | J20: 15 | K20: =+$E$6*$E$7 -> 17876740 | L20: =+IF(F20="12 HORAS",IF(H20="DIURNO",55.97%,0),0)+IF(F20="12 HORAS",IF(H20="NOCTURNO",44.03%,0),1) -> 1 | M20: =IF(H20="N/a",(((K20*L20)/30))*J20*C20,(((K20*L20)/30)/I20)*G20*J20*C20) -> 8938370 | N20: =+IF(E20="SIN ARMA",8%,IF(E20="CON ARMA",10%,0)) -> 0.1 | O20: =+'ESTUDIO DE MERCADO_SEGURO'!$M15 -> 5100 | P20: =+M20*N20 -> 893837 | Q20: =+M20+O20+P20 -> 9837307 | R20: =+Q20*10% -> 983730.7 | S20: =+R20*19% -> 186908.83 | T20: =+Q20+S20 -> 10024216 | U20: ANM | W20: 3750 | X20: =(W20*$X$11)+W20 -> 3862.5 | Y20: =X20/2 -> 1931.25
B21: BOGOTÁ ANM CAN (Esmeraldas) | C21: 1 | D21: 1 Turno de vigilancia armada 24 horas permanentes (12 horas diurnas y 12 horas nocturnas) | E21: CON ARMA | F21: 24 HORAS | G21: =IF(F21="24 HORAS",24,IF(F21="12 HORAS",12,0)) -> 24 | H21: N/A | I21: =IF(H21="N/A",1,IF(H21="NOCTURNO",9,IF(H21="DIURNO",15,0))) -> 1 | J21: 15 | K21: =+$E$6*$E$7 -> 17876740 | L21: =+IF(F21="12 HORAS",IF(H21="DIURNO",55.97%,0),0)+IF(F21="12 HORAS",IF(H21="NOCTURNO",44.03%,0),1) -> 1 | M21: =IF(H21="N/a",(((K21*L21)/30))*J21*C21,(((K21*L21)/30)/I21)*G21*J21*C21) -> 8938370 | N21: =+IF(E21="SIN ARMA",8%,IF(E21="CON ARMA",10%,0)) -> 0.1 | O21: =+'ESTUDIO DE MERCADO_SEGURO'!$M16 -> 5100 | P21: =+M21*N21 -> 893837 | Q21: =+M21+O21+P21 -> 9837307 | R21: =+Q21*10% -> 983730.7 | S21: =+R21*19% -> 186908.83 | T21: =+Q21+S21 -> 10024216 | U21: ANM | W21: 3750 | X21: =(W21*$X$11)+W21 -> 3862.5 | Y21: =X21/2 -> 1931.25
B22: CARTAGENA | C22: 1 | D22: 1 Turno diurno de 12 horas lunes a viernes (sin festivos) | E22: SIN ARMA | F22: 12 HORAS | G22: =IF(F22="24 HORAS",24,IF(F22="12 HORAS",12,0)) -> 12 | H22: DIURNO | I22: 13 | J22: 15 | K22: =+$E$6*$E$7 -> 17876740 | L22: =IF(H22="DIURNO",47.59%,IF(H22="NOCTURNO",52.41%,0)) -> 0.4759 | M22: =IF(H22="N/a",(((K22*L22)/30))*J22*C22,(((K22*L22)/30)/I22)*G22*J22*C22) -> 3926557.2 | N22: =+IF(E22="SIN ARMA",8%,IF(E22="CON ARMA",10%,0)) -> 0.08 | O22: =+'ESTUDIO DE MERCADO_SEGURO'!$M17 -> 1548 | P22: =+M22*N22 -> 314124.58 | Q22: =+M22+O22+P22 -> 4242229.8 | R22: =+Q22*10% -> 424222.98 | S22: =+R22*19% -> 80602.366 | T22: =+Q22+S22 -> 4322832.1 | U22: SGR | W22: 1081.3 | X22: =(W22*$X$11)+W22 -> 1113.739 | Y22: =X22/2 -> 556.8695
B23: BUCARAMANGA | C23: 1 | D23: 1 Turno de vigilancia armada 24 horas | E23: CON ARMA | F23: 24 HORAS | G23: =IF(F23="24 HORAS",24,IF(F23="12 HORAS",12,0)) -> 24 | H23: N/A | I23: =IF(H23="N/A",1,IF(H23="NOCTURNO",9,IF(H23="DIURNO",15,0))) -> 1 | J23: 15 | K23: =+$E$6*$E$7 -> 17876740 | L23: =+IF(F23="12 HORAS",IF(H23="DIURNO",55.97%,0),0)+IF(F23="12 HORAS",IF(H23="NOCTURNO",44.03%,0),1) -> 1 | M23: =IF(H23="N/a",(((K23*L23)/30))*J23*C23,(((K23*L23)/30)/I23)*G23*J23*C23) -> 8938370 | N23: =+IF(E23="SIN ARMA",8%,IF(E23="CON ARMA",10%,0)) -> 0.1 | O23: =+'ESTUDIO DE MERCADO_SEGURO'!$M18 -> 5100 | P23: =+M23*N23 -> 893837 | Q23: =+M23+O23+P23 -> 9837307 | R23: =+Q23*10% -> 983730.7 | S23: =+R23*19% -> 186908.83 | T23: =+Q23+S23 -> 10024216 | U23: SGR | W23: 3750 | X23: =(W23*$X$11)+W23 -> 3862.5 | Y23: =X23/2 -> 1931.25
B24: CÚCUTA - ESSM UFPS | C24: 1 | D24: 1 Turno de vigilancia armada 24 horas. Salvamento Minero. | E24: CON ARMA | F24: 24 HORAS | G24: =IF(F24="24 HORAS",24,IF(F24="12 HORAS",12,0)) -> 24 | H24: N/A | I24: =IF(H24="N/A",1,IF(H24="NOCTURNO",9,IF(H24="DIURNO",15,0))) -> 1 | J24: 15 | K24: =+$E$6*$E$7 -> 17876740 | L24: =+IF(F24="12 HORAS",IF(H24="DIURNO",55.97%,0),0)+IF(F24="12 HORAS",IF(H24="NOCTURNO",44.03%,0),1) -> 1 | M24: =IF(H24="N/a",(((K24*L24)/30))*J24*C24,(((K24*L24)/30)/I24)*G24*J24*C24) -> 8938370 | N24: =+IF(E24="SIN ARMA",8%,IF(E24="CON ARMA",10%,0)) -> 0.1 | O24: =+'ESTUDIO DE MERCADO_SEGURO'!$M19 -> 5100 | P24: =+M24*N24 -> 893837 | Q24: =+M24+O24+P24 -> 9837307 | R24: =+Q24*10% -> 983730.7 | S24: =+R24*19% -> 186908.83 | T24: =+Q24+S24 -> 10024216 | U24: ANM | W24: 3750 | X24: =(W24*$X$11)+W24 -> 3862.5 | Y24: =X24/2 -> 1931.25
B25: CÚCUTA | C25: 1 | D25: 1 Turno de vigilancia armada 24 horas | E25: CON ARMA | F25: 24 HORAS | G25: =IF(F25="24 HORAS",24,IF(F25="12 HORAS",12,0)) -> 24 | H25: N/A | I25: =IF(H25="N/A",1,IF(H25="NOCTURNO",9,IF(H25="DIURNO",15,0))) -> 1 | J25: 15 | K25: =+$E$6*$E$7 -> 17876740 | L25: =+IF(F25="12 HORAS",IF(H25="DIURNO",55.97%,0),0)+IF(F25="12 HORAS",IF(H25="NOCTURNO",44.03%,0),1) -> 1 | M25: =IF(H25="N/a",(((K25*L25)/30))*J25*C25,(((K25*L25)/30)/I25)*G25*J25*C25) -> 8938370 | N25: =+IF(E25="SIN ARMA",8%,IF(E25="CON ARMA",10%,0)) -> 0.1 | O25: =+'ESTUDIO DE MERCADO_SEGURO'!$M20 -> 5100 | P25: =+M25*N25 -> 893837 | Q25: =+M25+O25+P25 -> 9837307 | R25: =+Q25*10% -> 983730.7 | S25: =+R25*19% -> 186908.83 | T25: =+Q25+S25 -> 10024216 | U25: SGR | W25: 3750 | X25: =(W25*$X$11)+W25 -> 3862.5 | Y25: =X25/2 -> 1931.25
B26: IBAGUÉ | C26: 1 | D26: 1 Turno de vigilancia armada 24 horas | E26: CON ARMA | F26: 24 HORAS | G26: =IF(F26="24 HORAS",24,IF(F26="12 HORAS",12,0)) -> 24 | H26: N/A | I26: =IF(H26="N/A",1,IF(H26="NOCTURNO",9,IF(H26="DIURNO",15,0))) -> 1 | J26: 15 | K26: =+$E$6*$E$7 -> 17876740 | L26: =+IF(F26="12 HORAS",IF(H26="DIURNO",55.97%,0),0)+IF(F26="12 HORAS",IF(H26="NOCTURNO",44.03%,0),1) -> 1 | M26: =IF(H26="N/a",(((K26*L26)/30))*J26*C26,(((K26*L26)/30)/I26)*G26*J26*C26) -> 8938370 | N26: =+IF(E26="SIN ARMA",8%,IF(E26="CON ARMA",10%,0)) -> 0.1 | O26: =+'ESTUDIO DE MERCADO_SEGURO'!$M21 -> 5100 | P26: =+M26*N26 -> 893837 | Q26: =+M26+O26+P26 -> 9837307 | R26: =+Q26*10% -> 983730.7 | S26: =+R26*19% -> 186908.83 | T26: =+Q26+S26 -> 10024216 | U26: SGR | W26: 3750 | X26: =(W26*$X$11)+W26 -> 3862.5 | Y26: =X26/2 -> 1931.25
B27: MEDELLÍN | C27: 1 | D27: 1 Turno de vigilancia armada 24 horas. | E27: CON ARMA | F27: 24 HORAS | G27: =IF(F27="24 HORAS",24,IF(F27="12 HORAS",12,0)) -> 24 | H27: N/A | I27: =IF(H27="N/A",1,IF(H27="NOCTURNO",9,IF(H27="DIURNO",15,0))) -> 1 | J27: 15 | K27: =+$E$6*$E$7 -> 17876740 | L27: =+IF(F27="12 HORAS",IF(H27="DIURNO",55.97%,0),0)+IF(F27="12 HORAS",IF(H27="NOCTURNO",44.03%,0),1) -> 1 | M27: =IF(H27="N/a",(((K27*L27)/30))*J27*C27,(((K27*L27)/30)/I27)*G27*J27*C27) -> 8938370 | N27: =+IF(E27="SIN ARMA",8%,IF(E27="CON ARMA",10%,0)) -> 0.1 | O27: =+'ESTUDIO DE MERCADO_SEGURO'!$M22 -> 5100 | P27: =+M27*N27 -> 893837 | Q27: =+M27+O27+P27 -> 9837307 | R27: =+Q27*10% -> 983730.7 | S27: =+R27*19% -> 186908.83 | T27: =+Q27+S27 -> 10024216 | U27: SGR | W27: 3750 | X27: =(W27*$X$11)+W27 -> 3862.5 | Y27: =X27/2 -> 1931.25
B28: CALI | C28: 1 | D28: 1 Turno de vigilancia armada 24 horas | E28: CON ARMA | F28: 24 HORAS | G28: =IF(F28="24 HORAS",24,IF(F28="12 HORAS",12,0)) -> 24 | H28: N/A | I28: =IF(H28="N/A",1,IF(H28="NOCTURNO",9,IF(H28="DIURNO",15,0))) -> 1 | J28: 15 | K28: =+$E$6*$E$7 -> 17876740 | L28: =+IF(F28="12 HORAS",IF(H28="DIURNO",55.97%,0),0)+IF(F28="12 HORAS",IF(H28="NOCTURNO",44.03%,0),1) -> 1 | M28: =IF(H28="N/a",(((K28*L28)/30))*J28*C28,(((K28*L28)/30)/I28)*G28*J28*C28) -> 8938370 | N28: =+IF(E28="SIN ARMA",8%,IF(E28="CON ARMA",10%,0)) -> 0.1 | O28: =+'ESTUDIO DE MERCADO_SEGURO'!$M23 -> 5100 | P28: =+M28*N28 -> 893837 | Q28: =+M28+O28+P28 -> 9837307 | R28: =+Q28*10% -> 983730.7 | S28: =+R28*19% -> 186908.83 | T28: =+Q28+S28 -> 10024216 | U28: SGR | W28: 3750 | X28: =(W28*$X$11)+W28 -> 3862.5 | Y28: =X28/2 -> 1931.25
B29: NOBSA (PAR y ESSM) | C29: 1 | D29: 1 Turno de vigilancia armada 24 horas | E29: CON ARMA | F29: 24 HORAS | G29: =IF(F29="24 HORAS",24,IF(F29="12 HORAS",12,0)) -> 24 | H29: N/A | I29: =IF(H29="N/A",1,IF(H29="NOCTURNO",9,IF(H29="DIURNO",15,0))) -> 1 | J29: 15 | K29: =+$E$6*$E$7 -> 17876740 | L29: =+IF(F29="12 HORAS",IF(H29="DIURNO",55.97%,0),0)+IF(F29="12 HORAS",IF(H29="NOCTURNO",44.03%,0),1) -> 1 | M29: =IF(H29="N/a",(((K29*L29)/30))*J29*C29,(((K29*L29)/30)/I29)*G29*J29*C29) -> 8938370 | N29: =+IF(E29="SIN ARMA",8%,IF(E29="CON ARMA",10%,0)) -> 0.1 | O29: =+'ESTUDIO DE MERCADO_SEGURO'!$M24 -> 5100 | P29: =+M29*N29 -> 893837 | Q29: =+M29+O29+P29 -> 9837307 | R29: =+Q29*10% -> 983730.7 | S29: =+R29*19% -> 186908.83 | T29: =+Q29+S29 -> 10024216 | U29: ANM | W29: 3750 | X29: =(W29*$X$11)+W29 -> 3862.5 | Y29: =X29/2 -> 1931.25
C30: 1 | D30: 1 Turno de vigilancia armada 24 horas | E30: CON ARMA | F30: 24 HORAS | G30: =IF(F30="24 HORAS",24,IF(F30="12 HORAS",12,0)) -> 24 | H30: N/A | I30: =IF(H30="N/A",1,IF(H30="NOCTURNO",9,IF(H30="DIURNO",15,0))) -> 1 | J30: 15 | K30: =+$E$6*$E$7 -> 17876740 | L30: =+IF(F30="12 HORAS",IF(H30="DIURNO",55.97%,0),0)+IF(F30="12 HORAS",IF(H30="NOCTURNO",44.03%,0),1) -> 1 | M30: =IF(H30="N/a",(((K30*L30)/30))*J30*C30,(((K30*L30)/30)/I30)*G30*J30*C30) -> 8938370 | N30: =+IF(E30="SIN ARMA",8%,IF(E30="CON ARMA",10%,0)) -> 0.1 | O30: =+'ESTUDIO DE MERCADO_SEGURO'!$M25 -> 5100 | P30: =+M30*N30 -> 893837 | Q30: =+M30+O30+P30 -> 9837307 | R30: =+Q30*10% -> 983730.7 | S30: =+R30*19% -> 186908.83 | T30: =+Q30+S30 -> 10024216 | U30: SGR | W30: 3750 | X30: =(W30*$X$11)+W30 -> 3862.5 | Y30: =X30/2 -> 1931.25
B31: AMAGA (PASSM) | C31: 2 | D31: 1 Turno de vigilancia armada 24 horas. Nueva Sede Salvamento Minero. | E31: CON ARMA | F31: 24 HORAS | G31: =IF(F31="24 HORAS",24,IF(F31="12 HORAS",12,0)) -> 24 | H31: N/A | I31: =IF(H31="N/A",1,IF(H31="NOCTURNO",9,IF(H31="DIURNO",15,0))) -> 1 | J31: 15 | K31: =+$E$6*$E$7 -> 17876740 | L31: =+IF(F31="12 HORAS",IF(H31="DIURNO",55.97%,0),0)+IF(F31="12 HORAS",IF(H31="NOCTURNO",44.03%,0),1) -> 1 | M31: =IF(H31="N/a",(((K31*L31)/30))*J31*C31,(((K31*L31)/30)/I31)*G31*J31*C31) -> 17876740 | N31: =+IF(E31="SIN ARMA",8%,IF(E31="CON ARMA",10%,0)) -> 0.1 | O31: =+'ESTUDIO DE MERCADO_SEGURO'!$M26 -> 5100 | P31: =+M31*N31 -> 1787674 | Q31: =+M31+O31+P31 -> 19669514 | R31: =+Q31*10% -> 1966951.4 | S31: =+R31*19% -> 373720.77 | T31: =+Q31+S31 -> 20043235 | U31: ANM | W31: 3750 | X31: =(W31*$X$11)+W31 -> 3862.5 | Y31: =X31/2 -> 1931.25
B32: VALLEDUPAR | C32: 1 | D32: 1 Turno de vigilancia armada 24 horas | E32: CON ARMA | F32: 24 HORAS | G32: =IF(F32="24 HORAS",24,IF(F32="12 HORAS",12,0)) -> 24 | H32: N/A | I32: =IF(H32="N/A",1,IF(H32="NOCTURNO",9,IF(H32="DIURNO",15,0))) -> 1 | J32: 15 | K32: =+$E$6*$E$7 -> 17876740 | L32: =+IF(F32="12 HORAS",IF(H32="DIURNO",55.97%,0),0)+IF(F32="12 HORAS",IF(H32="NOCTURNO",44.03%,0),1) -> 1 | M32: =IF(H32="N/a",(((K32*L32)/30))*J32*C32,(((K32*L32)/30)/I32)*G32*J32*C32) -> 8938370 | N32: =+IF(E32="SIN ARMA",8%,IF(E32="CON ARMA",10%,0)) -> 0.1 | O32: =+'ESTUDIO DE MERCADO_SEGURO'!$M27 -> 5100 | P32: =+M32*N32 -> 893837 | Q32: =+M32+O32+P32 -> 9837307 | R32: =+Q32*10% -> 983730.7 | S32: =+R32*19% -> 186908.83 | T32: =+Q32+S32 -> 10024216 | U32: SGR | W32: 3750 | X32: =(W32*$X$11)+W32 -> 3862.5 | Y32: =X32/2 -> 1931.25
B33: JAMUNDÍ ESSM | C33: 2 | D33: 2 Turnos de vigilancia armada 24 horas. Salvamento Minero. | E33: CON ARMA | F33: 24 HORAS | G33: =IF(F33="24 HORAS",24,IF(F33="12 HORAS",12,0)) -> 24 | H33: N/A | I33: =IF(H33="N/A",1,IF(H33="NOCTURNO",9,IF(H33="DIURNO",15,0))) -> 1 | J33: 15 | K33: =+$E$6*$E$7 -> 17876740 | L33: =+IF(F33="12 HORAS",IF(H33="DIURNO",55.97%,0),0)+IF(F33="12 HORAS",IF(H33="NOCTURNO",44.03%,0),1) -> 1 | M33: =IF(H33="N/a",(((K33*L33)/30))*J33*C33,(((K33*L33)/30)/I33)*G33*J33*C33) -> 17876740 | N33: =+IF(E33="SIN ARMA",8%,IF(E33="CON ARMA",10%,0)) -> 0.1 | O33: =+'ESTUDIO DE MERCADO_SEGURO'!$M28 -> 5100 | P33: =+M33*N33 -> 1787674 | Q33: =+M33+O33+P33 -> 19669514 | R33: =+Q33*10% -> 1966951.4 | S33: =+R33*19% -> 373720.77 | T33: =+Q33+S33 -> 20043235 | U33: ANM | W33: 3750 | X33: =(W33*$X$11)+W33 -> 3862.5 | Y33: =X33/2 -> 1931.25
B34: QUIBDÓ | C34: 1 | D34: 1 Turno de vigilancia armada 24 horas | E34: CON ARMA | F34: 24 HORAS | G34: =IF(F34="24 HORAS",24,IF(F34="12 HORAS",12,0)) -> 24 | H34: N/A | I34: =IF(H34="N/A",1,IF(H34="NOCTURNO",9,IF(H34="DIURNO",15,0))) -> 1 | J34: 15 | K34: =+$E$6*$E$7 -> 17876740 | L34: =+IF(F34="12 HORAS",IF(H34="DIURNO",55.97%,0),0)+IF(F34="12 HORAS",IF(H34="NOCTURNO",44.03%,0),1) -> 1 | M34: =IF(H34="N/a",(((K34*L34)/30))*J34*C34,(((K34*L34)/30)/I34)*G34*J34*C34) -> 8938370 | N34: =+IF(E34="SIN ARMA",8%,IF(E34="CON ARMA",10%,0)) -> 0.1 | O34: =+'ESTUDIO DE MERCADO_SEGURO'!$M29 -> 5100 | P34: =+M34*N34 -> 893837 | Q34: =+M34+O34+P34 -> 9837307 | R34: =+Q34*10% -> 983730.7 | S34: =+R34*19% -> 186908.83 | T34: =+Q34+S34 -> 10024216 | U34: SGR | W34: 3750 | X34: =(W34*$X$11)+W34 -> 3862.5 | Y34: =X34/2 -> 1931.25
B35: MANIZALES | C35: 1 | D35: 1 Turno de vigilancia armada 24 horas | E35: CON ARMA | F35: 24 HORAS | G35: =IF(F35="24 HORAS",24,IF(F35="12 HORAS",12,0)) -> 24 | H35: N/A | I35: =IF(H35="N/A",1,IF(H35="NOCTURNO",9,IF(H35="DIURNO",15,0))) -> 1 | J35: 15 | K35: =+$E$6*$E$7 -> 17876740 | L35: =+IF(F35="12 HORAS",IF(H35="DIURNO",55.97%,0),0)+IF(F35="12 HORAS",IF(H35="NOCTURNO",44.03%,0),1) -> 1 | M35: =IF(H35="N/a",(((K35*L35)/30))*J35*C35,(((K35*L35)/30)/I35)*G35*J35*C35) -> 8938370 | N35: =+IF(E35="SIN ARMA",8%,IF(E35="CON ARMA",10%,0)) -> 0.1 | O35: =+'ESTUDIO DE MERCADO_SEGURO'!$M30 -> 5100 | P35: =+M35*N35 -> 893837 | Q35: =+M35+O35+P35 -> 9837307 | R35: =+Q35*10% -> 983730.7 | S35: =+R35*19% -> 186908.83 | T35: =+Q35+S35 -> 10024216 | U35: SGR | W35: 3750 | X35: =(W35*$X$11)+W35 -> 3862.5 | Y35: =X35/2 -> 1931.25
B36: PASTO | C36: 1 | D36: 1 Turno de vigilancia armada 24 horas | E36: CON ARMA | F36: 24 HORAS | G36: =IF(F36="24 HORAS",24,IF(F36="12 HORAS",12,0)) -> 24 | H36: N/A | I36: =IF(H36="N/A",1,IF(H36="NOCTURNO",9,IF(H36="DIURNO",15,0))) -> 1 | J36: 15 | K36: =+$E$6*$E$7 -> 17876740 | L36: =+IF(F36="12 HORAS",IF(H36="DIURNO",55.97%,0),0)+IF(F36="12 HORAS",IF(H36="NOCTURNO",44.03%,0),1) -> 1 | M36: =IF(H36="N/a",(((K36*L36)/30))*J36*C36,(((K36*L36)/30)/I36)*G36*J36*C36) -> 8938370 | N36: =+IF(E36="SIN ARMA",8%,IF(E36="CON ARMA",10%,0)) -> 0.1 | O36: =+'ESTUDIO DE MERCADO_SEGURO'!$M31 -> 5100 | P36: =+M36*N36 -> 893837 | Q36: =+M36+O36+P36 -> 9837307 | R36: =+Q36*10% -> 983730.7 | S36: =+R36*19% -> 186908.83 | T36: =+Q36+S36 -> 10024216 | U36: SGR | W36: 3750 | X36: =(W36*$X$11)+W36 -> 3862.5 | Y36: =X36/2 -> 1931.25
B37: MARMATO, CALDAS, PASSM | C37: 1 | D37: 1 Turno de vigilancia armada 24 horas. Salvamento Minero. | E37: CON ARMA | F37: 24 HORAS | G37: =IF(F37="24 HORAS",24,IF(F37="12 HORAS",12,0)) -> 24 | H37: N/A | I37: =IF(H37="N/A",1,IF(H37="NOCTURNO",9,IF(H37="DIURNO",15,0))) -> 1 | J37: 15 | K37: =+$E$6*$E$7 -> 17876740 | L37: =+IF(F37="12 HORAS",IF(H37="DIURNO",55.97%,0),0)+IF(F37="12 HORAS",IF(H37="NOCTURNO",44.03%,0),1) -> 1 | M37: =IF(H37="N/a",(((K37*L37)/30))*J37*C37,(((K37*L37)/30)/I37)*G37*J37*C37) -> 8938370 | N37: =+IF(E37="SIN ARMA",8%,IF(E37="CON ARMA",10%,0)) -> 0.1 | O37: =+'ESTUDIO DE MERCADO_SEGURO'!$M32 -> 5100 | P37: =+M37*N37 -> 893837 | Q37: =+M37+O37+P37 -> 9837307 | R37: =+Q37*10% -> 983730.7 | S37: =+R37*19% -> 186908.83 | T37: =+Q37+S37 -> 10024216 | U37: ANM | W37: 3750 | X37: =(W37*$X$11)+W37 -> 3862.5 | Y37: =X37/2 -> 1931.25
B38: REMEDIOS, ANTIOQUIA, PASSM | C38: 1 | D38: 1 Turno de vigilancia armada 24 horas. Salvamento Minero. | E38: CON ARMA | F38: 24 HORAS | G38: =IF(F38="24 HORAS",24,IF(F38="12 HORAS",12,0)) -> 24 | H38: N/A | I38: =IF(H38="N/A",1,IF(H38="NOCTURNO",9,IF(H38="DIURNO",15,0))) -> 1 | J38: 15 | K38: =+$E$6*$E$7 -> 17876740 | L38: =+IF(F38="12 HORAS",IF(H38="DIURNO",55.97%,0),0)+IF(F38="12 HORAS",IF(H38="NOCTURNO",44.03%,0),1) -> 1 | M38: =IF(H38="N/a",(((K38*L38)/30))*J38*C38,(((K38*L38)/30)/I38)*G38*J38*C38) -> 8938370 | N38: =+IF(E38="SIN ARMA",8%,IF(E38="CON ARMA",10%,0)) -> 0.1 | O38: =+'ESTUDIO DE MERCADO_SEGURO'!$M33 -> 5100 | P38: =+M38*N38 -> 893837 | Q38: =+M38+O38+P38 -> 9837307 | R38: =+Q38*10% -> 983730.7 | S38: =+R38*19% -> 186908.83 | T38: =+Q38+S38 -> 10024216 | U38: ANM | W38: 3750 | X38: =(W38*$X$11)+W38 -> 3862.5 | Y38: =X38/2 -> 1931.25
B39: UBATÉ ESSM | C39: 1 | D39: 1 Turnos de vigilancia armada 24 horas. Salvamento Minero. | E39: CON ARMA | F39: 24 HORAS | G39: =IF(F39="24 HORAS",24,IF(F39="12 HORAS",12,0)) -> 24 | H39: N/A | I39: =IF(H39="N/A",1,IF(H39="NOCTURNO",9,IF(H39="DIURNO",15,0))) -> 1 | J39: 15 | K39: =+$E$6*$E$7 -> 17876740 | L39: =+IF(F39="12 HORAS",IF(H39="DIURNO",55.97%,0),0)+IF(F39="12 HORAS",IF(H39="NOCTURNO",44.03%,0),1) -> 1 | M39: =IF(H39="N/a",(((K39*L39)/30))*J39*C39,(((K39*L39)/30)/I39)*G39*J39*C39) -> 8938370 | N39: =+IF(E39="SIN ARMA",8%,IF(E39="CON ARMA",10%,0)) -> 0.1 | O39: =+'ESTUDIO DE MERCADO_SEGURO'!$M34 -> 5100 | P39: =+M39*N39 -> 893837 | Q39: =+M39+O39+P39 -> 9837307 | R39: =+Q39*10% -> 983730.7 | S39: =+R39*19% -> 186908.83 | T39: =+Q39+S39 -> 10024216 | U39: ANM | W39: 3750 | X39: =(W39*$X$11)+W39 -> 3862.5 | Y39: =X39/2 -> 1931.25
B40: CALIFORNIA | C40: 1 | D40: 1 Turno de vigilancia armada 24 horas. | E40: SIN ARMA | F40: 24 HORAS | G40: =IF(F40="24 HORAS",24,IF(F40="12 HORAS",12,0)) -> 24 | H40: N/A | I40: =IF(H40="N/A",1,IF(H40="NOCTURNO",9,IF(H40="DIURNO",15,0))) -> 1 | J40: 15 | K40: =+$E$6*$E$7 -> 17876740 | L40: =+IF(F40="12 HORAS",IF(H40="DIURNO",55.97%,0),0)+IF(F40="12 HORAS",IF(H40="NOCTURNO",44.03%,0),1) -> 1 | M40: =IF(H40="N/a",(((K40*L40)/30))*J40*C40,(((K40*L40)/30)/I40)*G40*J40*C40) -> 8938370 | N40: =+IF(E40="SIN ARMA",8%,IF(E40="CON ARMA",10%,0)) -> 0.08 | O40: =+'ESTUDIO DE MERCADO_SEGURO'!$M35 -> 5100 | P40: =+M40*N40 -> 715069.6 | Q40: =+M40+O40+P40 -> 9658539.6 | R40: =+Q40*10% -> 965853.96 | S40: =+R40*19% -> 183512.25 | T40: =+Q40+S40 -> 9842051.9 | U40: SGR | W40: 3750 | X40: =(W40*$X$11)+W40 -> 3862.5 | Y40: =X40/2 -> 1931.25
B41: TOTAL | M41: =SUM(M12:M40) -> 2.3406073e+08 | O41: =+(125)*J41 -> 0 | P41: =SUM(P12:P40) -> 22478974 | Q41: =SUM(Q12:Q40) -> 2.5665867e+08 | R41: =SUM(R12:R40) -> 25665867 | S41: =SUM(S12:S40) -> 4876514.7 | T41: =SUM(T12:T40) -> 2.6153519e+08
B43: NOTA: Los valores de los servicios de vigilancia y seguridad privada corresponden a las tarifas establecidas para el año 2026 por la Circular Externa 20251300000115CS de 30 de diciembre de 2025 de la Superintendencia de Vigilancia y Seguridad Privada.
R45: COSTO DIRECTO ($) | T45: =+M41 -> 2.3406073e+08
R46: A Y S ($) | T46: =+P41 -> 22478974
R47: SUBTOTAL ($) | T47: =T45+T46+O41 -> 2.565397e+08
R48: IVA 19% ($) | T48: =+S41 -> 4876514.7
R49: TOTAL | T49: =T47+T48 -> 2.6141622e+08
E51: FUNCIONAMIENTO | J51: COSTO DIRECTO ($) | L51: =SUMIF($U$12:$U$40,"anm",$M$12:$M$40) -> 1.269775e+08 | P51: =SUMIF($U$12:$U$39,"ANM",$U$12:$U$39) -> 0 | R51: SGR | S51: COSTO DIRECTO ($) | U51: =SUMIF($U$9:$U$40,"SGR",$M$9:$M$40) -> 1.0708323e+08
J52: A Y S ($) | L52: =SUMIF($U$12:$U$40,"anm",$P$12:$P$40) -> 12124642 | P52: =SUMIF($U$12:$U$39,"ANM",$U$12:$U$39) -> 0 | S52: A Y S ($) | U52: =SUMIF($U$11:$U$40,"SGR",$P$11:$P$40) -> 10354332
A53: Supervisor del Contrato | J53: SEGURO | L53: =SUMIF($U$12:$U$40,"anm",$O$12:$O$40) -> 58454 | S53: SEGURO | U53: =SUMIF($U$12:$U$40,"SGR",$O$12:$O$40) -> 60513
A54: Grupo de Servicios Administrativos | J54: SUBTOTAL ($) | L54: =L51+L52+L53 -> 1.391606e+08 | P54: =SUMIF($U$12:$U$39,"ANM",$U$12:$U$39) -> 0 | S54: SUBTOTAL ($) | U54: =U51+U52+U53 -> 1.1749807e+08
A55: Vicepresidencia Administrativa y Financiera | J55: IVA 19% ($) | L55: =SUMIF($U$12:$U$40,"anm",$S$12:$S$40) -> 2644051.4 | P55: =L56+U56 -> 2.6153519e+08 | S55: IVA 19% ($) | U55: =SUMIF($U$9:$U$40,"SGR",$S$9:$S$40) -> 2232463.4
J56: TOTAL | L56: =L54+L55 -> 1.4180465e+08 | S56: TOTAL | U56: =(U54+U55) -> 1.1973054e+08
J57: FACTURA | S57: FACTURA

Sheet MONITOREO 
B2: AGENCIA NACIONAL DE MINERÍA
B3: PRESTACIÓN SERVICIO DE VIGILANCIA CON MEDIOS TECNOLÓGICOS
D6: VALOR OFERTADO CON IVA | E6: =+'Estudio de Mercado_Poda '!$X$7 -> 182192
B7: Reporte previo ANM
B8: DESCRIPCIÓN | C8: UBICACIÓN | D8: CANTIDAD (MESES) | E8: VALOR UNITARIO CON IVA | F8: VALOR TOTAL INCLUIDO IVA
B9: TECLADO ALARMAS SGC-ANM | C9: IBAGUÉ | D9: 4.5 | E9: =+'Estudio de Mercado_Poda '!$X$7 -> 182192 | F9: =+D9*E9 -> 819864 | G9: ANM
C10: NOBSA | D10: 4.5 | E10: =+'Estudio de Mercado_Poda '!$X$7 -> 182192 | F10: =+D10*E10 -> 819864 | G10: SGR
C11: BUCARAMANGA PASSMB | D11: 4.5 | E11: =+'Estudio de Mercado_Poda '!$X$7 -> 182192 | F11: =+D11*E11 -> 819864 | G11: ANM
B12: TECLADO ALARMAS ANM | C12: TORRE 4 PISO 10 | D12: 4.5 | E12: =+'Estudio de Mercado_Poda '!$X$7 -> 182192 | F12: =+D12*E12 -> 819864 | G12: ANM
C13: TORRE 4 PISO 9 | D13: 4.5 | E13: =+'Estudio de Mercado_Poda '!$X$7 -> 182192 | F13: =+D13*E13 -> 819864 | G13: ANM
C14: OFICINA TORRE 4 PISO 8 | D14: 4.5 | E14: =+'Estudio de Mercado_Poda '!$X$7 -> 182192 | F14: =+D14*E14 -> 819864 | G14: ANM
C15: ESMERALDAS | D15: 4.5 | E15: =+'Estudio de Mercado_Poda '!$X$7 -> 182192 | F15: =+D15*E15 -> 819864 | G15: ANM
C16: BOGOTÁ TORRE 7 | D16: 4.5 | E16: =+'Estudio de Mercado_Poda '!$X$7 -> 182192 | F16: =+D16*E16 -> 819864 | G16: SGR
C17: BUCARAMANGA PAR | D17: 4.5 | E17: =+'Estudio de Mercado_Poda '!$X$7 -> 182192 | F17: =+D17*E17 -> 819864 | G17: SGR
C18: CÚCUTA PAR | D18: 4.5 | E18: =+'Estudio de Mercado_Poda '!$X$7 -> 182192 | F18: =+D18*E18 -> 819864 | G18: SGR
C19: CÚCUTA ESSMC | D19: 4.5 | E19: =+'Estudio de Mercado_Poda '!$X$7 -> 182192 | F19: =+D19*E19 -> 819864 | G19: ANM
C20: IBAGUÉ | D20: 4.5 | E20: =+'Estudio de Mercado_Poda '!$X$7 -> 182192 | F20: =+D20*E20 -> 819864 | G20: SGR
C21: MEDELLÍN | D21: 4.5 | E21: =+'Estudio de Mercado_Poda '!$X$7 -> 182192 | F21: =+D21*E21 -> 819864 | G21: SGR
C22: CALI | D22: 4.5 | E22: =+'Estudio de Mercado_Poda '!$X$7 -> 182192 | F22: =+D22*E22 -> 819864 | G22: SGR
C23: NOBSA | D23: 4.5 | E23: =+'Estudio de Mercado_Poda '!$X$7 -> 182192 | F23: =+D23*E23 -> 819864 | G23: ANM
C24: VALLEDUPAR | D24: 4.5 | E24: =+'Estudio de Mercado_Poda '!$X$7 -> 182192 | F24: =+D24*E24 -> 819864 | G24: SGR
... C31: MARMATO | D31: 4.5 | E31: =+'Estudio de Mercado_Poda '!$X$7 -> 182192 | F31: =+D31*E31 -> 819864 | G31: ANM
B34: NOTA: Los valores corresponden a la propuesta económica del contratista 2025.
E36: VALOR TOTAL | F36: FUENTE
E37: =SUMIF($G$9:$G$31,"ANM",$F$9:$F$31) -> 9018504 | F37: ANM
E38: =SUMIF($G$9:$G$31,"SGR",$F$9:$F$31) -> 9838368 | F38: SGR
E39: =SUM(E37:E38) -> 18856872 | F39: =SUM(F37:F38) -> 0
B41: Supervisor ANM
B47: Grupo de Servicios Administrativos
B48: Vicepresidencia Administrativa y Financiera

Sheet MTO ALARMAS 
B2: AGENCIA NACIONAL DE MINERÍA
B3: PRESTACIÓN SERVICIO DE VIGILANCIA CON MEDIOS TECNOLÓGICOS
C5: MANTENIMIENTO DE ALARMAS
C7: VALOR OFERTADO CON IVA | E7: 556373
B9: Reporte previo ANM
B10: DESCRIPCIÓN | C10: UBICACIÓN | D10: CANTIDAD | E10: VALOR TOTAL
B11: TECLADO ALARMAS SGC-ANM | C11: IBAGUÉ | D11: 1 | E11: =+'Estudio de Mercado_Poda '!$X$6 -> 556373 | F11: ANM
C12: NOBSA | D12: 1 | E12: =+'Estudio de Mercado_Poda '!$X$6 -> 556373 | F12: SGR
C13: BUCARAMANGA PASSMB | D13: 1 | E13: =+'Estudio de Mercado_Poda '!$X$6 -> 556373 | F13: ANM
B14: TECLADO ALARMAS ANM | C14: TORRE 4 PISO 10 | D14: 1 | E14: =+'Estudio de Mercado_Poda '!$X$6 -> 556373 | F14: ANM
C15: TORRE 4 PISO 9 | D15: 1 | E15: =+'Estudio de Mercado_Poda '!$X$6 -> 556373 | F15: ANM
C16: OFICINA TORRE 4 PISO 8 | D16: 1 | E16: =+'Estudio de Mercado_Poda '!$X$6 -> 556373 | F16: ANM
C17: ESMERALDAS | D17: 1 | E17: =+'Estudio de Mercado_Poda '!$X$6 -> 556373 | F17: ANM
C18: BOGOTÁ TORRE 7 | D18: 1 | E18: =+'Estudio de Mercado_Poda '!$X$6 -> 556373 | F18: SGR
C19: BUCARAMANGA PAR | D19: 1 | E19: =+'Estudio de Mercado_Poda '!$X$6 -> 556373 | F19: SGR
C20: CÚCUTA PAR | D20: 1 | E20: =+'Estudio de Mercado_Poda '!$X$6 -> 556373 | F20: SGR
C21: CÚCUTA ESSMC | D21: 1 | E21: =+'Estudio de Mercado_Poda '!$X$6 -> 556373 | F21: ANM
C22: IBAGUÉ | D22: 1 | E22: =+'Estudio de Mercado_Poda '!$X$6 -> 556373 | F22: SGR
C23: MEDELLÍN | D23: 1 | E23: =+'Estudio de Mercado_Poda '!$X$6 -> 556373 | F23: SGR
C24: CALI | D24: 1 | E24: =+'Estudio de Mercado_Poda '!$X$6 -> 556373 | F24: SGR
C25: NOBSA | D25: 1 | E25: =+'Estudio de Mercado_Poda '!$X$6 -> 556373 | F25: ANM
C26: VALLEDUPAR | D26: 1 | E26: =+'Estudio de Mercado_Poda '!$X$6 -> 556373 | F26: SGR
... C33: MARMATO | D33: 1 | E33: =+'Estudio de Mercado_Poda '!$X$6 -> 556373 | F33: ANM
C34: SUBTOTAL | D34: =SUM(D11:D33) -> 23 | E34: =SUM(E11:E33) -> 12796579
E39: VALOR TOTAL | F39: FUENTE
E40: =SUMIF($F$11:$F$33,"ANM",$E$11:$E$33) -> 6120103 | F40: ANM
E41: =SUMIF($F$11:$F$33,"SGR",$E$11:$E$33) -> 6676476 | F41: SGR
E42: =SUM(E40:E41) -> 12796579

Sheet ADQUISICION  ALARMAS 
A2: CONCEPTO | B2: VALOR UNITARIO PROMEDIO (INCLUIDO IVA | C2: CANTIDAD | D2: VALOR TOTAL
A3: SUMINISTRO E INSTALACION DE ALARMAS (FIJAS) | B3: =+'Estudio de Mercado_Poda '!X8 -> 3778133 | C3: 1 | D3: =+B3*C3 -> 3778133
A4: SUMINISTRO E INSTALACION DE ALARMAS (INHALÁMBRICAS) | B4: =+'Estudio de Mercado_Poda '!X9 -> 8511585 | C4: 2 | D4: =+B4*C4 -> 17023170
A5: VALOR TOTAL | D5: =+D4+D3 -> 20801303
A7: Nota: La cantidad estimada corresponde a la prevista en el estudio de presupuesto; no obstante, el suministro de las alarmas se realizará de acuerdo con las necesidades que presente la Entidad durante la ejecución del contrato.

Sheet ESTUDIO DE MERCADO_SEGURO
A1: AGENCIA NACIONAL DE MINERÍA
A6: UBICACIÓN | B6: CANTIDAD | C6: DESCRIPCIÓN DE LOS SERVICIOS | D6: ESPECIFICACIÓN | E6: TURNO | F6: HORAS X TURNO | G6: HORARIO | H6: HORAS BASE | I6: DIAS | J6: Cotizacion No.1 SEGURIDAD LTDA | K6: Cotizacion No.2_SEGURIDAD RECORD DE COLOMBIA LTDA | L6: Cotizacion No.3_SEGURIDAD SUPERIOR LTDA | M6: PROMEDIO | N6: MEDIANA | O6: MEDIA GEOMETRICA
A7: BOGOTÁ SEDE PRINCIPAL ANM | B7: 2 | C7: Turno de vigilancia sin arma 12 horas lunes a viernes sin festivo | D7: SIN ARMA | E7: 12 HORAS | F7: =IF(E7="24 HORAS",24,IF(E7="12 HORAS",12,0)) -> 12 | G7: DIURNO | H7: =IF(G7="N/A",1,IF(G7="NOCTURNO",9,IF(G7="DIURNO",15,0))) -> 15 | I7: 22 | J7: 1800 | K7: 11027874 | L7: 2196.4615 | M7: =ROUND(+AVERAGE(J7,L7),0) -> 1998 | N7: =ROUND(+MEDIAN(J7,L7),0) -> 1998 | O7: =ROUND(+GEOMEAN(J7,L7),) -> 1988
B8: 1 | C8: 1 Turno diurno de 12 horas lunes a viernes (sin festivos) (1 recepcionistas). Piso 9. | D8: SIN ARMA | E8: 12 HORAS | F8: =IF(E8="24 HORAS",24,IF(E8="12 HORAS",12,0)) -> 12 | G8: DIURNO | H8: =IF(G8="N/A",1,IF(G8="NOCTURNO",9,IF(G8="DIURNO",15,0))) -> 15 | I8: 22 | J8: 900 | K8: 5513937 | L8: 2196.4615 | M8: =ROUND(+AVERAGE(J8,L8),0) -> 1548 | N8: =ROUND(+MEDIAN(J8,L8),0) -> 1548 | O8: =ROUND(+GEOMEAN(J8,L8),) -> 1406
B9: 1 | C9: 1 Turno diurno de 12 horas lunes a viernes (sin festivos) (1 recepcionista). Piso 10. | D9: SIN ARMA | E9: 12 HORAS | F9: =IF(E9="24 HORAS",24,IF(E9="12 HORAS",12,0)) -> 12 | G9: DIURNO | H9: =IF(G9="N/A",1,IF(G9="NOCTURNO",9,IF(G9="DIURNO",15,0))) -> 15 | I9: 22 | J9: 900 | K9: 5513937 | L9: 2196.4615 | M9: =ROUND(+AVERAGE(J9,L9),0) -> 1548 | N9: =ROUND(+MEDIAN(J9,L9),0) -> 1548 | O9: =ROUND(+GEOMEAN(J9,L9),) -> 1406
B10: 1 | C10: 1 Turno diurno de 12 horas lunes a viernes (sin festivos) (1 recepcionista). Piso 8. | D10: SIN ARMA | E10: 12 HORAS | F10: =IF(E10="24 HORAS",24,IF(E10="12 HORAS",12,0)) -> 12 | G10: DIURNO | H10: =IF(G10="N/A",1,IF(G10="NOCTURNO",9,IF(G10="DIURNO",15,0))) -> 15 | I10: 22 | J10: 900 | K10: 5513937 | L10: 2196.4615 | M10: =ROUND(+AVERAGE(J10,L10),0) -> 1548 | N10: =ROUND(+MEDIAN(J10,L10),0) -> 1548 | O10: =ROUND(+GEOMEAN(J10,L10),) -> 1406
B11: 1 | C11: 1 Turno de 12 horas diurnas permanentes (Operador de medios tecnológicos). | D11: SIN ARMA | E11: 12 HORAS | F11: =IF(E11="24 HORAS",24,IF(E11="12 HORAS",12,0)) -> 12 | G11: DIURNO | H11: =IF(G11="N/A",1,IF(G11="NOCTURNO",9,IF(G11="DIURNO",15,0))) -> 15 | I11: 30 | J11: 1800 | K11: 8270906 | L11: 3294.6923 | M11: =ROUND(+AVERAGE(J11,L11),0) -> 2547 | N11: =ROUND(+MEDIAN(J11,L11),0) -> 2547 | O11: =ROUND(+GEOMEAN(J11,L11),) -> 2435
B12: 1 | C12: 1 Turno de 12 horas diurnas permanentes (Operador de medios tecnológicos) 3 Horas Diurnas | D12: SIN ARMA | E12: 12 HORAS | F12: 3 | G12: DIURNO | H12: =IF(G12="N/A",1,IF(G12="NOCTURNO",9,IF(G12="DIURNO",15,0))) -> 15 | I12: 30 | J12: 1800 | K12: 8270906 | L12: 274.55769 | M12: =ROUND(+AVERAGE(J12,L12),0) -> 1037 | N12: =ROUND(+MEDIAN(J12,L12),0) -> 1037 | O12: =ROUND(+GEOMEAN(J12,L12),) -> 703
B13: 1 | C13: 1 Turno nocturno de 12 horas permanentes (Operador de medios tecnológicos) 9 horas nocturnas | D13: SIN ARMA | E13: 12 HORAS | F13: 9 | G13: NOCTURNO | H13: =IF(G13="N/A",1,IF(G13="NOCTURNO",9,IF(G13="DIURNO",15,0))) -> 9 | I13: 30 | J13: 1800 | K13: 10556891 | L13: 3930.75 | M13: =ROUND(+AVERAGE(J13,L13),0) -> 2865 | N13: =ROUND(+MEDIAN(J13,L13),0) -> 2865 | O13: =ROUND(+GEOMEAN(J13,L13),) -> 2660
B14: 1 | C14: 1 Turno diurno de 12 horas Lunes a Sábado (con festivos) (Supervisor Nacional) | D14: SIN ARMA | E14: 12 HORAS | F14: 12 | G14: DIURNO | H14: 15 | I14: 26 | J14: 1800 | K14: 7168119 | L14: 2855.4 | M14: =ROUND(+AVERAGE(J14,L14),0) -> 2328 | N14: =ROUND(+MEDIAN(J14,L14),0) -> 2328 | O14: =ROUND(+GEOMEAN(J14,L14),) -> 2267
A15: BOGOTÁ, BODEGA ARCHIVO | B15: 1 | C15: 1 Turno de vigilancia armada 24 horas (12 horas diurnas y 12 horas nocturnas). | D15: CON ARMA | E15: 24 HORAS | F15: =IF(E15="24 HORAS",24,IF(E15="12 HORAS",12,0)) -> 24 | G15: N/A | H15: =IF(G15="N/A",1,IF(G15="NOCTURNO",9,IF(G15="DIURNO",15,0))) -> 1 | I15: 30 | J15: 2700 | K15: 19176460 | L15: 7500 | M15: =ROUND(+AVERAGE(J15,L15),0) -> 5100 | N15: =ROUND(+MEDIAN(J15,L15),0) -> 5100 | O15: =ROUND(+GEOMEAN(J15,L15),) -> 4500
A16: BOGOTÁ ANM CAN (Esmeraldas) | B16: 1 | C16: 1 Turno de vigilancia armada 24 horas permanentes (12 horas diurnas y 12 horas nocturnas) | D16: CON ARMA | E16: 24 HORAS | F16: =IF(E16="24 HORAS",24,IF(E16="12 HORAS",12,0)) -> 24 | G16: N/A | H16: =IF(G16="N/A",1,IF(G16="NOCTURNO",9,IF(G16="DIURNO",15,0))) -> 1 | I16: 30 | J16: 2700 | K16: 19176460 | L16: 7500 | M16: =ROUND(+AVERAGE(J16,L16),0) -> 5100 | N16: =ROUND(+MEDIAN(J16,L16),0) -> 5100 | O16: =ROUND(+GEOMEAN(J16,L16),) -> 4500
A17: CARTAGENA | B17: 1 | C17: 1 Turno diurno de 12 horas lunes a viernes (sin festivos) | D17: SIN ARMA | E17: 12 HORAS | F17: =IF(E17="24 HORAS",24,IF(E17="12 HORAS",12,0)) -> 12 | G17: DIURNO | H17: =IF(G17="N/A",1,IF(G17="NOCTURNO",9,IF(G17="DIURNO",15,0))) -> 15 | I17: 22 | J17: 900 | K17: 11027874 | L17: 2196.4615 | M17: =ROUND(+AVERAGE(J17,L17),0) -> 1548 | N17: =ROUND(+MEDIAN(J17,L17),0) -> 1548 | O17: =ROUND(+GEOMEAN(J17,L17),) -> 1406
A18: BUCARAMANGA | B18: 1 | C18: 1 Turno de vigilancia armada 24 horas | D18: CON ARMA | E18: 24 HORAS | F18: =IF(E18="24 HORAS",24,IF(E18="12 HORAS",12,0)) -> 24 | G18: N/A | H18: =IF(G18="N/A",1,IF(G18="NOCTURNO",9,IF(G18="DIURNO",15,0))) -> 1 | I18: 30 | J18: 2700 | K18: 19176460 | L18: 7500 | M18: =ROUND(+AVERAGE(J18,L18),0) -> 5100 | N18: =ROUND(+MEDIAN(J18,L18),0) -> 5100 | O18: =ROUND(+GEOMEAN(J18,L18),) -> 4500
A19: CÚCUTA - ESSM UFPS | B19: 1 | C19: 1 Turno de vigilancia armada 24 horas. Salvamento Minero. | D19: CON ARMA | E19: 24 HORAS | F19: =IF(E19="24 HORAS",24,IF(E19="12 HORAS",12,0)) -> 24 | G19: N/A | H19: =IF(G19="N/A",1,IF(G19="NOCTURNO",9,IF(G19="DIURNO",15,0))) -> 1 | I19: 30 | J19: 2700 | K19: 19176460 | L19: 7500 | M19: =ROUND(+AVERAGE(J19,L19),0) -> 5100 | N19: =ROUND(+MEDIAN(J19,L19),0) -> 5100 | O19: =ROUND(+GEOMEAN(J19,L19),) -> 4500
A20: CÚCUTA | B20: 1 | C20: 1 Turno de vigilancia armada 24 horas | D20: CON ARMA | E20: 24 HORAS | F20: =IF(E20="24 HORAS",24,IF(E20="12 HORAS",12,0)) -> 24 | G20: N/A | H20: =IF(G20="N/A",1,IF(G20="NOCTURNO",9,IF(G20="DIURNO",15,0))) -> 1 | I20: 30 | J20: 2700 | K20: 19176460 | L20: 7500 | M20: =ROUND(+AVERAGE(J20,L20),0) -> 5100 | N20: =ROUND(+MEDIAN(J20,L20),0) -> 5100 | O20: =ROUND(+GEOMEAN(J20,L20),) -> 4500
A21: IBAGUÉ | B21: 1 | C21: 1 Turno de vigilancia armada 24 horas | D21: CON ARMA | E21: 24 HORAS | F21: =IF(E21="24 HORAS",24,IF(E21="12 HORAS",12,0)) -> 24 | G21: N/A | H21: =IF(G21="N/A",1,IF(G21="NOCTURNO",9,IF(G21="DIURNO",15,0))) -> 1 | I21: 30 | J21: 2700 | K21: 19176460 | L21: 7500 | M21: =ROUND(+AVERAGE(J21,L21),0) -> 5100 | N21: =ROUND(+MEDIAN(J21,L21),0) -> 5100 | O21: =ROUND(+GEOMEAN(J21,L21),) -> 4500
A22: MEDELLÍN | B22: 1 | C22: 1 Turno de vigilancia armada 24 horas. | D22: CON ARMA | E22: 24 HORAS | F22: =IF(E22="24 HORAS",24,IF(E22="12 HORAS",12,0)) -> 24 | G22: N/A | H22: =IF(G22="N/A",1,IF(G22="NOCTURNO",9,IF(G22="DIURNO",15,0))) -> 1 | I22: 30 | J22: 2700 | K22: 19176460 | L22: 7500 | M22: =ROUND(+AVERAGE(J22,L22),0) -> 5100 | N22: =ROUND(+MEDIAN(J22,L22),0) -> 5100 | O22: =ROUND(+GEOMEAN(J22,L22),) -> 4500
A23: CALI | B23: 1 | C23: 1 Turno de vigilancia armada 24 horas | D23: CON ARMA | E23: 24 HORAS | F23: =IF(E23="24 HORAS",24,IF(E23="12 HORAS",12,0)) -> 24 | G23: N/A | H23: =IF(G23="N/A",1,IF(G23="NOCTURNO",9,IF(G23="DIURNO",15,0))) -> 1 | I23: 30 | J23: 2700 | K23: 19176460 | L23: 7500 | M23: =ROUND(+AVERAGE(J23,L23),0) -> 5100 | N23: =ROUND(+MEDIAN(J23,L23),0) -> 5100 | O23: =ROUND(+GEOMEAN(J23,L23),) -> 4500
A24: NOBSA (PAR y ESSM) | B24: 1 | C24: 1 Turno de vigilancia armada 24 horas | D24: CON ARMA | E24: 24 HORAS | F24: =IF(E24="24 HORAS",24,IF(E24="12 HORAS",12,0)) -> 24 | G24: N/A | H24: =IF(G24="N/A",1,IF(G24="NOCTURNO",9,IF(G24="DIURNO",15,0))) -> 1 | I24: 30 | J24: 2700 | K24: 19176460 | L24: 7500 | M24: =ROUND(+AVERAGE(J24,L24),0) -> 5100 | N24: =ROUND(+MEDIAN(J24,L24),0) -> 5100 | O24: =ROUND(+GEOMEAN(J24,L24),) -> 4500
B25: 1 | C25: 1 Turno de vigilancia armada 24 horas | D25: CON ARMA | E25: 24 HORAS | F25: =IF(E25="24 HORAS",24,IF(E25="12 HORAS",12,0)) -> 24 | G25: N/A | H25: =IF(G25="N/A",1,IF(G25="NOCTURNO",9,IF(G25="DIURNO",15,0))) -> 1 | I25: 30 | J25: 2700 | K25: 19176460 | L25: 7500 | M25: =ROUND(+AVERAGE(J25,L25),0) -> 5100 | N25: =ROUND(+MEDIAN(J25,L25),0) -> 5100 | O25: =ROUND(+GEOMEAN(J25,L25),) -> 4500
A26: AMAGA (PASSM) | B26: 2 | C26: 1 Turno de vigilancia armada 24 horas. Nueva Sede Salvamento Minero. | D26: CON ARMA | E26: 24 HORAS | F26: =IF(E26="24 HORAS",24,IF(E26="12 HORAS",12,0)) -> 24 | G26: N/A | H26: =IF(G26="N/A",1,IF(G26="NOCTURNO",9,IF(G26="DIURNO",15,0))) -> 1 | I26: 30 | J26: 2700 | K26: 19176460 | L26: 7500 | M26: =ROUND(+AVERAGE(J26,L26),0) -> 5100 | N26: =ROUND(+MEDIAN(J26,L26),0) -> 5100 | O26: =ROUND(+GEOMEAN(J26,L26),) -> 4500
A27: VALLEDUPAR | B27: 1 | C27: 1 Turno de vigilancia armada 24 horas | D27: CON ARMA | E27: 24 HORAS | F27: =IF(E27="24 HORAS",24,IF(E27="12 HORAS",12,0)) -> 24 | G27: N/A | H27: =IF(G27="N/A",1,IF(G27="NOCTURNO",9,IF(G27="DIURNO",15,0))) -> 1 | I27: 30 | J27: 2700 | K27: 19176460 | L27: 7500 | M27: =ROUND(+AVERAGE(J27,L27),0) -> 5100 | N27: =ROUND(+MEDIAN(J27,L27),0) -> 5100 | O27: =ROUND(+GEOMEAN(J27,L27),) -> 4500
A28: JAMUNDÍ ESSM | B28: 2 | C28: 2 Turnos de vigilancia armada 24 horas. Salvamento Minero. | D28: CON ARMA | E28: 24 HORAS | F28: =IF(E28="24 HORAS",24,IF(E28="12 HORAS",12,0)) -> 24 | G28: N/A | H28: =IF(G28="N/A",1,IF(G28="NOCTURNO",9,IF(G28="DIURNO",15,0))) -> 1 | I28: 30 | J28: 2700 | K28: 38352920 | L28: 7500 | M28: =ROUND(+AVERAGE(J28,L28),0) -> 5100 | N28: =ROUND(+MEDIAN(J28,L28),0) -> 5100 | O28: =ROUND(+GEOMEAN(J28,L28),) -> 4500
A29: QUIBDÓ | B29: 1 | C29: 1 Turno de vigilancia armada 24 horas | D29: CON ARMA | E29: 24 HORAS | F29: =IF(E29="24 HORAS",24,IF(E29="12 HORAS",12,0)) -> 24 | G29: N/A | H29: =IF(G29="N/A",1,IF(G29="NOCTURNO",9,IF(G29="DIURNO",15,0))) -> 1 | I29: 30 | J29: 2700 | K29: 19176460 | L29: 7500 | M29: =ROUND(+AVERAGE(J29,L29),0) -> 5100 | N29: =ROUND(+MEDIAN(J29,L29),0) -> 5100 | O29: =ROUND(+GEOMEAN(J29,L29),) -> 4500
A30: MANIZALES | B30: 1 | C30: 1 Turno de vigilancia armada 24 horas | D30: CON ARMA | E30: 24 HORAS | F30: =IF(E30="24 HORAS",24,IF(E30="12 HORAS",12,0)) -> 24 | G30: N/A | H30: =IF(G30="N/A",1,IF(G30="NOCTURNO",9,IF(G30="DIURNO",15,0))) -> 1 | I30: 30 | J30: 2700 | K30: 19176460 | L30: 7500 | M30: =ROUND(+AVERAGE(J30,L30),0) -> 5100 | N30: =ROUND(+MEDIAN(J30,L30),0) -> 5100 | O30: =ROUND(+GEOMEAN(J30,L30),) -> 4500
A31: PASTO | B31: 1 | C31: 1 Turno de vigilancia armada 24 horas | D31: CON ARMA | E31: 24 HORAS | F31: =IF(E31="24 HORAS",24,IF(E31="12 HORAS",12,0)) -> 24 | G31: N/A | H31: =IF(G31="N/A",1,IF(G31="NOCTURNO",9,IF(G31="DIURNO",15,0))) -> 1 | I31: 30 | J31: 2700 | K31: 19176460 | L31: 7500 | M31: =ROUND(+AVERAGE(J31,L31),0) -> 5100 | N31: =ROUND(+MEDIAN(J31,L31),0) -> 5100 | O31: =ROUND(+GEOMEAN(J31,L31),) -> 4500
A32: MARMATO, CALDAS, PASSM | B32: 1 | C32: 1 Turno de vigilancia armada 24 horas. Salvamento Minero. | D32: CON ARMA | E32: 24 HORAS | F32: =IF(E32="24 HORAS",24,IF(E32="12 HORAS",12,0)) -> 24 | G32: N/A | H32: =IF(G32="N/A",1,IF(G32="NOCTURNO",9,IF(G32="DIURNO",15,0))) -> 1 | I32: 30 | J32: 2700 | K32: 19176460 | L32: 7500 | M32: =ROUND(+AVERAGE(J32,L32),0) -> 5100 | N32: =ROUND(+MEDIAN(J32,L32),0) -> 5100 | O32: =ROUND(+GEOMEAN(J32,L32),) -> 4500
A33: REMEDIOS, ANTIOQUIA, PASSM | B33: 1 | C33: 1 Turno de vigilancia armada 24 horas. Salvamento Minero. | D33: CON ARMA | E33: 24 HORAS | F33: =IF(E33="24 HORAS",24,IF(E33="12 HORAS",12,0)) -> 24 | G33: N/A | H33: =IF(G33="N/A",1,IF(G33="NOCTURNO",9,IF(G33="DIURNO",15,0))) -> 1 | I33: 30 | J33: 2700 | K33: 19176460 | L33: 7500 | M33: =ROUND(+AVERAGE(J33,L33),0) -> 5100 | N33: =ROUND(+MEDIAN(J33,L33),0) -> 5100 | O33: =ROUND(+GEOMEAN(J33,L33),) -> 4500
A34: UBATÉ ESSM | B34: 1 | C34: 1 Turnos de vigilancia armada 24 horas. Salvamento Minero. | D34: CON ARMA | E34: 24 HORAS | F34: =IF(E34="24 HORAS",24,IF(E34="12 HORAS",12,0)) -> 24 | G34: N/A | H34: =IF(G34="N/A",1,IF(G34="NOCTURNO",9,IF(G34="DIURNO",15,0))) -> 1 | I34: 30 | J34: 2700 | K34: 19176460 | L34: 7500 | M34: =ROUND(+AVERAGE(J34,L34),0) -> 5100 | N34: =ROUND(+MEDIAN(J34,L34),0) -> 5100 | O34: =ROUND(+GEOMEAN(J34,L34),) -> 4500
A35: CALIFORNIA | B35: 1 | C35: 1 Turno de vigilancia armada 24 horas. | D35: SIN ARMA | E35: 24 HORAS | F35: =IF(E35="24 HORAS",24,IF(E35="12 HORAS",12,0)) -> 24 | G35: N/A | H35: =IF(G35="N/A",1,IF(G35="NOCTURNO",9,IF(G35="DIURNO",15,0))) -> 1 | I35: 30 | J35: 2700 | K35: 18827797 | L35: 7500 | M35: =ROUND(+AVERAGE(J35,L35),0) -> 5100 | N35: =ROUND(+MEDIAN(J35,L35),0) -> 5100 | O35: =ROUND(+GEOMEAN(J35,L35),) -> 4500
A37: Se excluye del presente analisis la cotizacion presentada por SEGURIDAD RECORD DE COLOMBIA LTDA, dado que misma se evidencia un error frente a la cotizacion de este servicio.

Sheet Cotizacion No.1_Laos 
C1: AGENCIA NACIONAL DE MINERÍA
C2: SERVICIOS DE VIGILANCIA Y SEGURIDAD PRIVADA
C3: PROYECCION AL CONTRATO DE VIGILANCIA Y SEGURIDAD PRIVADA PARA EL PERIODO DE AGOSTO A DICIEMBRE DE 2026
B4: RESUMEN VALOR OFERTA SERVICIOS TECNOLÓGICOS POR CONCEPTO | C4: PERIOCIDAD | D4: CANTIDAD | E4: VALOR UNITARIO ANTES DE IVA | F4: IVA (19 %) | G4: VALOR TOTAL OFERTADO ( IVA )
B5: MANTENIMIENTO DE ALARMAS ACTUALES | C5: 1 VEZ DURANTE LA VIGENCIA DEL CONTRATO | D5: 1 | E5: 550000 | F5: =ROUND(+E5*19%,0) -> 104500 | G5: =+E5+F5 -> 654500
B6: MONITOREO DE ALARMAS | C6: MENSUAL | D6: 1 | E6: 210000 | F6: =ROUND(+E6*19%,0) -> 39900 | G6: =+E6+F6 -> 249900
B7: SUMINISTRO E INSTALACION DE ALARMAS (FIJAS) | C7: CUÁNDO SE REQUIERA (UNIDAD) | D7: 1 | E7: 7194986 | F7: =ROUND(+E7*19%,0) -> 1367047 | G7: =+E7+F7 -> 8562033
B8: SUMINISTRO E INSTALACION DE ALARMAS (INHALÁMBRICAS) | C8: CUÁNDO SE REQUIERA (UNIDAD) | D8: 1 | E8: 6821277 | F8: =ROUND(+E8*19%,0) -> 1296043 | G8: =+E8+F8 -> 8117320
B9: TOTAL PROPUESTA SERVICIOS TECNOLÓGICOS | E9: =SUM(E5:E8) -> 14776263 | F9: =SUM(F5:F8) -> 2807490 | G9: =SUM(G5:G8) -> 17583753
B11: *COTIZAR EL VALOR POR UNIDAD DE CADA ITEM
B13: La presente cotizacion debe incluir todos los gastos, costos, impuestos y contribuciones que hayan lugar, estos servicios se prestan a nivel Nacional.

Sheet Cotizacion No.2 Record 
C1: AGENCIA NACIONAL DE MINERÍA
C2: SERVICIOS DE VIGILANCIA Y SEGURIDAD PRIVADA
C3: PROYECCION AL CONTRATO DE VIGILANCIA Y SEGURIDAD PRIVADA PARA EL PERIODO DE AGOSTO A DICIEMBRE DE 2026
B4: RESUMEN VALOR OFERTA SERVICIOS TECNOLÓGICOS POR CONCEPTO | C4: PERIOCIDAD | D4: CANTIDAD | E4: VALOR UNITARIO ANTES DE IVA | F4: IVA (19 %) | G4: VALOR TOTAL OFERTADO ( IVA )
B5: MANTENIMIENTO DE ALARMAS ACTUALES | C5: 1 VEZ DURANTE LA VIGENCIA DEL CONTRATO | D5: 1 | E5: 700000 | F5: =ROUND(+E5*19%,0) -> 133000 | G5: =+E5+F5 -> 833000
B6: MONITOREO DE ALARMAS | C6: MENSUAL | D6: 1 | E6: 150000 | F6: =ROUND(+E6*19%,0) -> 28500 | G6: =+E6+F6 -> 178500
B7: SUMINISTRO E INSTALACION DE ALARMAS (FIJAS) | C7: CUÁNDO SE REQUIERA (UNIDAD) | D7: 1 | E7: 2100000 | F7: =ROUND(+E7*19%,0) -> 399000 | G7: =+E7+F7 -> 2499000
B8: SUMINISTRO E INSTALACION DE ALARMAS (INHALÁMBRICAS) | C8: CUÁNDO SE REQUIERA (UNIDAD) | D8: 1 | E8: 2100000 | F8: =ROUND(+E8*19%,0) -> 399000 | G8: =+E8+F8 -> 2499000
B9: TOTAL PROPUESTA SERVICIOS TECNOLÓGICOS | E9: =SUM(E5:E8) -> 5050000 | F9: =SUM(F5:F8) -> 959500 | G9: =SUM(G5:G8) -> 6009500
B11: *COTIZAR EL VALOR POR UNIDAD DE CADA ITEM
B13: La presente cotizacion debe incluir todos los gastos, costos, impuestos y contribuciones que hayan lugar, estos servicios se prestan a nivel Nacional.

Sheet Cotizacion No.3_Superior .
C1: AGENCIA NACIONAL DE MINERÍA
C2: SERVICIOS DE VIGILANCIA Y SEGURIDAD PRIVADA
C3: PROYECCION AL CONTRATO DE VIGILANCIA Y SEGURIDAD PRIVADA PARA EL PERIODO DE AGOSTO A DICIEMBRE DE 2026
B4: RESUMEN VALOR OFERTA SERVICIOS TECNOLÓGICOS POR CONCEPTO | C4: PERIOCIDAD | D4: CANTIDAD | E4: VALOR UNITARIO ANTES DE IVA | F4: IVA (19 %) | G4: VALOR TOTAL OFERTADO ( IVA )
B5: MANTENIMIENTO DE ALARMAS ACTUALES | C5: 1 VEZ DURANTE LA VIGENCIA DEL CONTRATO | D5: 1 | E5: 405000 | F5: =ROUND(+E5*19%,0) -> 76950 | G5: =+E5+F5 -> 481950
B6: MONITOREO DE ALARMAS | C6: MENSUAL | D6: 1 | E6: 180000 | F6: =ROUND(+E6*19%,0) -> 34200 | G6: =+E6+F6 -> 214200
B7: SUMINISTRO E INSTALACION DE ALARMAS (FIJAS) | C7: CUÁNDO SE REQUIERA (UNIDAD) | D7: 1 | E7: 4800000 | F7: =ROUND(+E7*19%,0) -> 912000 | G7: =+E7+F7 -> 5712000
B8: SUMINISTRO E INSTALACION DE ALARMAS (INHALÁMBRICAS) | C8: CUÁNDO SE REQUIERA (UNIDAD) | D8: 1 | E8: 7500000 | F8: =ROUND(+E8*19%,0) -> 1425000 | G8: =+E8+F8 -> 8925000
B9: TOTAL PROPUESTA SERVICIOS TECNOLÓGICOS | E9: =SUM(E5:E8) -> 12885000 | F9: =SUM(F5:F8) -> 2448150 | G9: =SUM(G5:G8) -> 15333150
B11: *COTIZAR EL VALOR POR UNIDAD DE CADA ITEM
B13: La presente cotizacion debe incluir todos los gastos, costos, impuestos y contribuciones que hayan lugar, estos servicios se prestan a nivel Nacional.

Sheet Cotizacion No.4
C1: AGENCIA NACIONAL DE MINERÍA
C2: SERVICIOS DE VIGILANCIA Y SEGURIDAD PRIVADA
C3: PROYECCION AL CONTRATO DE VIGILANCIA Y SEGURIDAD PRIVADA PARA EL PERIODO DE AGOSTO A DICIEMBRE DE 2026
B4: RESUMEN VALOR OFERTA SERVICIOS TECNOLÓGICOS POR CONCEPTO | C4: PERIOCIDAD | D4: CANTIDAD | E4: VALOR TOTAL OFERTADO ( IVA ) (2025) | F4: VALOR TOTAL ( IVA ) (2026)
B5: MANTENIMIENTO DE ALARMAS ACTUALES | C5: 1 VEZ DURANTE LA VIGENCIA DEL CONTRATO | D5: 1 | E5: 345468 | F5: =ROUND(+E5*1.0556,0) -> 364676 | H5: =ROUND(+F5/1.19,0) -> 306450 | I5: =ROUND(+H5*19%,0) -> 58226 | J5: =+H5+I5 -> 364676
B6: MONITOREO DE ALARMAS | C6: MENSUAL | D6: 1 | E6: 109242 | F6: =ROUND(+E6*1.0556,0) -> 115316 | H6: =ROUND(+F6/1.19,0) -> 96904 | I6: =ROUND(+H6*19%,0) -> 18412
B7: SUMINISTRO E INSTALACION DE ALARMAS (FIJAS) | C7: CUÁNDO SE REQUIERA (UNIDAD) | D7: 1 | E7: 1403842 | F7: =ROUND(+E7*1.0556,0) -> 1481896 | H7: =ROUND(+F7/1.19,0) -> 1245291 | I7: =ROUND(+H7*19%,0) -> 236605
B8: SUMINISTRO E INSTALACION DE ALARMAS (INHALÁMBRICAS) | C8: CUÁNDO SE REQUIERA (UNIDAD) | D8: 1 | F8: =+E8*1.0556 -> 0
B9: TOTAL PROPUESTA SERVICIOS TECNOLÓGICOS | E9: =SUM(E5:E8) -> 1858552 | F9: =SUM(F5:F8) -> 1961888

Sheet Estudio de Mercado 
B1: AGENCIA NACIONAL DE MINERÍA
B2: SERVICIOS DE VIGILANCIA Y SEGURIDAD PRIVADA
B3: PROYECCION AL CONTRATO DE VIGILANCIA Y SEGURIDAD PRIVADA PARA EL PERIODO DE AGOSTO A DICIEMBRE DE 2026
A4: RESUMEN VALOR OFERTA SERVICIOS TECNOLÓGICOS POR CONCEPTO | B4: PERIOCIDAD | C4: CANTIDAD | D4: Cotizacion No.1_LAOS SEGURIDAD LTDA | G4: Cotizacion No.2_SEGURIDAD RECORD DE COLOMBIA LTDA | J4: Cotizacion No.3_SEGURIDAD SUPERIOR LTDA | M4: Cotizacion No.4 SEGURIDAD LAD | P4: Analisis Aritmetico | T4: ANALISIS DEL VARIACION vs PROMEDIO
D5: VALOR UNITARIO ANTES DE IVA | E5: IVA (19 %) | F5: VALOR TOTAL OFERTADO ( IVA ) | G5: VALOR UNITARIO ANTES DE IVA | H5: IVA (19 %) | I5: VALOR TOTAL OFERTADO ( IVA ) | J5: VALOR UNITARIO ANTES DE IVA | K5: IVA (19 %) | L5: VALOR TOTAL OFERTADO ( IVA ) | M5: VALOR UNITARIO ANTES DE IVA | N5: IVA (19 %) | O5: VALOR TOTAL OFERTADO ( IVA ) | P5: PROMEDIO | Q5: MEDIANA | R5: MEDIA GEOMETRICA | S5: DESVIACION | T5: Cotizacion No.1 | U5: Cotizacion No.2 | V5: Cotizacion No.3 | W5: Cotizacion No.4
A6: MANTENIMIENTO DE ALARMAS ACTUALES | B6: 1 VEZ DURANTE LA VIGENCIA DEL CONTRATO | C6: 1 | D6: 550000 | E6: =ROUND(+D6*19%,0) -> 104500 | F6: =+D6+E6 -> 654500 | G6: 700000 | H6: =ROUND(+G6*19%,0) -> 133000 | I6: =+G6+H6 -> 833000 | J6: 405000 | K6: =ROUND(+J6*19%,0) -> 76950 | L6: =+J6+K6 -> 481950 | M6: =ROUND(+'Cotizacion No.4'!F5/1.19,0) -> 306450 | N6: =ROUND(+M6*19%,0) -> 58226 | O6: =+'Cotizacion No.4'!F5 -> 364676 | P6: =ROUND(+AVERAGE(F6,I6,L6,O6),0) -> 583532 | Q6: =+MEDIAN(F6,I6,L6,O6) -> 568225 | R6: =+ROUND(GEOMEAN(F6,I6,L6,O6),0) -> 556373 | S6: =ROUND(STDEV(F6,I6,L6,O6),0) -> 204522 | T6: =ABS(F6-$P6)/$P6 -> 0.12161801 | U6: =ABS(I6-$P6)/$P6 -> 0.42751383 | V6: =ABS(L6-$P6)/$P6 -> 0.17408128 | W6: =ABS(O6-$P6)/$P6 -> 0.37505398
A7: MONITOREO DE ALARMAS | B7: MENSUAL | C7: 1 | D7: 210000 | E7: =ROUND(+D7*19%,0) -> 39900 | F7: =+D7+E7 -> 249900 | G7: 150000 | H7: =ROUND(+G7*19%,0) -> 28500 | I7: =+G7+H7 -> 178500 | J7: 180000 | K7: =ROUND(+J7*19%,0) -> 34200 | L7: =+J7+K7 -> 214200 | M7: =ROUND(+'Cotizacion No.4'!F6/1.19,0) -> 96904 | N7: =ROUND(+M7*19%,0) -> 18412 | O7: =+'Cotizacion No.4'!F6 -> 115316 | P7: =ROUND(+AVERAGE(F7,I7,L7,O7),0) -> 189479 | Q7: =+MEDIAN(F7,I7,L7,O7) -> 196350 | R7: =+ROUND(GEOMEAN(F7,I7,L7,O7),0) -> 182192 | S7: =ROUND(STDEV(F7,I7,L7,O7),0) -> 57395 | T7: =ABS(F7-$P7)/$P7 -> 0.31887966 | U7: =ABS(I7-$P7)/$P7 -> 0.057943097 | V7: =ABS(L7-$P7)/$P7 -> 0.13046828 | W7: =ABS(O7-$P7)/$P7 -> 0.39140485
A8: SUMINISTRO E INSTALACION DE ALARMAS (FIJAS) | B8: CUÁNDO SE REQUIERA (UNIDAD) | C8: 1 | D8: 7194986 | E8: =ROUND(+D8*19%,0) -> 1367047 | F8: =+D8+E8 -> 8562033 | G8: 2100000 | H8: =ROUND(+G8*19%,0) -> 399000 | I8: =+G8+H8 -> 2499000 | J8: 4800000 | K8: =ROUND(+J8*19%,0) -> 912000 | L8: =+J8+K8 -> 5712000 | M8: =ROUND(+'Cotizacion No.4'!F7/1.19,0) -> 1245291 | N8: =ROUND(+M8*19%,0) -> 236605 | O8: =+'Cotizacion No.4'!F7 -> 1481896 | P8: =ROUND(+AVERAGE(F8,I8,L8,O8),0) -> 4563732 | Q8: =+MEDIAN(F8,I8,L8,O8) -> 4105500 | R8: =+ROUND(GEOMEAN(F8,I8,L8,O8),0) -> 3668489 | S8: =ROUND(STDEV(F8,I8,L8,O8),0) -> 3217958 | T8: =ABS(F8-$P8)/$P8 -> 0.87610337 | U8: =ABS(I8-$P8)/$P8 -> 0.45242183 | V8: =ABS(L8-$P8)/$P8 -> 0.25160724 | W8: =ABS(O8-$P8)/$P8 -> 0.67528856
A9: SUMINISTRO E INSTALACION DE ALARMAS (INHALÁMBRICAS) | B9: CUÁNDO SE REQUIERA (UNIDAD) | C9: 1 | D9: 6821277 | E9: =ROUND(+D9*19%,0) -> 1296043 | F9: =+D9+E9 -> 8117320 | G9: 2100000 | H9: =ROUND(+G9*19%,0) -> 399000 | I9: =+G9+H9 -> 2499000 | J9: 7500000 | K9: =ROUND(+J9*19%,0) -> 1425000 | L9: =+J9+K9 -> 8925000 | M9: =ROUND(+'Cotizacion No.4'!F8/1.19,0) -> 0 | N9: =ROUND(+M9*19%,0) -> 0 | P9: =ROUND(+AVERAGE(F9,I9,L9),0) -> 6513773 | Q9: =+MEDIAN(F9,I9,L9) -> 8117320 | R9: =+ROUND(GEOMEAN(F9,I9,L9),0) -> 5657124 | S9: =ROUND(STDEV(F9,I9,L9),0) -> 3500270 | T9: =ABS(F9-$P9)/$P9 -> 0.24617791 | U9: =ABS(I9-$P9)/$P9 -> 0.61635138 | V9: =ABS(L9-$P9)/$P9 -> 0.37017363
A10: TOTAL PROPUESTA SERVICIOS TECNOLÓGICOS | D10: =SUM(D6:D9) -> 14776263 | E10: =SUM(E6:E9) -> 2807490 | F10: =SUM(F6:F9) -> 17583753 | G10: =SUM(G6:G9) -> 5050000 | H10: =SUM(H6:H9) -> 959500 | I10: =SUM(I6:I9) -> 6009500 | J10: =SUM(J6:J9) -> 12885000 | K10: =SUM(K6:K9) -> 2448150 | ... R10: =SUM(R6:R9) -> 10064178

Sheet Estudio de Mercado_Poda 
B1: AGENCIA NACIONAL DE MINERÍA
B2: SERVICIOS DE VIGILANCIA Y SEGURIDAD PRIVADA
B3: PROYECCION AL CONTRATO DE VIGILANCIA Y SEGURIDAD PRIVADA PARA EL PERIODO DE AGOSTO A DICIEMBRE DE 2026
A4: RESUMEN VALOR OFERTA SERVICIOS TECNOLÓGICOS POR CONCEPTO | B4: PERIOCIDAD | C4: CANTIDAD | D4: Cotizacion No.1_LAOS SEGURIDAD LTDA | G4: Cotizacion No.2_SEGURIDAD RECORD DE COLOMBIA LTDA | J4: Cotizacion No.3_SEGURIDAD SUPERIOR LTDA | M4: Cotizacion No.4 | P4: ANALISIS ARITMETICO | T4: ANALISIS DEL VARIACION vs PROMEDIO | X4: VALOR TECHO (INCLUIDO IVA)
D5: VALOR UNITARIO ANTES DE IVA | E5: IVA (19 %) | F5: VALOR TOTAL OFERTADO ( IVA ) | G5: VALOR UNITARIO ANTES DE IVA | H5: IVA (19 %) | I5: VALOR TOTAL OFERTADO ( IVA ) | J5: VALOR UNITARIO ANTES DE IVA | K5: IVA (19 %) | L5: VALOR TOTAL OFERTADO ( IVA ) | M5: VALOR UNITARIO ANTES DE IVA | N5: IVA (19 %) | O5: VALOR TOTAL OFERTADO ( IVA ) | P5: PROMEDIO | Q5: MEDIANA | R5: MEDIA GEOMETRICA | S5: DESVIACION | T5: Cotizacion No.1 | U5: Cotizacion No.2 | V5: Cotizacion No.3 | W5: Cotizacion No.4
A6: MANTENIMIENTO DE ALARMAS ACTUALES | B6: 1 VEZ DURANTE LA VIGENCIA DEL CONTRATO | C6: 1 | D6: 550000 | E6: =ROUND(+D6*19%,0) -> 104500 | F6: =+D6+E6 -> 654500 | G6: 700000 | H6: =ROUND(+G6*19%,0) -> 133000 | I6: =+G6+H6 -> 833000 | J6: 405000 | K6: =ROUND(+J6*19%,0) -> 76950 | L6: =+J6+K6 -> 481950 | M6: =ROUND(+'Cotizacion No.4'!F5/1.19,0) -> 306450 | N6: =ROUND(+M6*19%,0) -> 58226 | O6: =+'Cotizacion No.4'!F5 -> 364676 | P6: =ROUND(+AVERAGE(F6,I6,L6,O6),0) -> 583532 | Q6: =+MEDIAN(F6,I6,L6,O6) -> 568225 | R6: =+ROUND(GEOMEAN(F6,I6,L6,O6),0) -> 556373 | S6: =ROUND(STDEV(F6,I6,L6,O6),0) -> 204522 | T6: =ABS(F6-$P6)/$P6 -> 0.12161801 | U6: =ABS(I6-$P6)/$P6 -> 0.42751383 | V6: =ABS(L6-$P6)/$P6 -> 0.17408128 | W6: =ABS(I6-$P6)/$P6 -> 0.42751383 | X6: =+R6 -> 556373
A7: MONITOREO DE ALARMAS | B7: MENSUAL | C7: 1 | D7: 210000 | E7: =ROUND(+D7*19%,0) -> 39900 | F7: =+D7+E7 -> 249900 | G7: 150000 | H7: =ROUND(+G7*19%,0) -> 28500 | I7: =+G7+H7 -> 178500 | J7: 180000 | K7: =ROUND(+J7*19%,0) -> 34200 | L7: =+J7+K7 -> 214200 | M7: =ROUND(+'Cotizacion No.4'!F6/1.19,0) -> 96904 | N7: =ROUND(+M7*19%,0) -> 18412 | O7: =+'Cotizacion No.4'!F6 -> 115316 | P7: =ROUND(+AVERAGE(F7,I7,L7,O7),0) -> 189479 | Q7: =+MEDIAN(F7,I7,L7,O7) -> 196350 | R7: =+ROUND(GEOMEAN(F7,I7,L7,O7),0) -> 182192 | S7: =ROUND(STDEV(F7,I7,L7,O7),0) -> 57395 | T7: =ABS(F7-$P7)/$P7 -> 0.31887966 | U7: =ABS(I7-$P7)/$P7 -> 0.057943097 | V7: =ABS(L7-$P7)/$P7 -> 0.13046828 | W7: =ABS(I7-$P7)/$P7 -> 0.057943097 | X7: =+R7 -> 182192
A8: SUMINISTRO E INSTALACION DE ALARMAS (FIJAS) | B8: CUÁNDO SE REQUIERA (UNIDAD) | C8: 1 | G8: 2100000 | H8: =ROUND(+G8*19%,0) -> 399000 | I8: =+G8+H8 -> 2499000 | J8: 4800000 | K8: =ROUND(+J8*19%,0) -> 912000 | L8: =+J8+K8 -> 5712000 | M8: =ROUND(+'Cotizacion No.4'!F7/1.19,0) -> 1245291 | N8: =ROUND(+M8*19%,0) -> 236605 | P8: =ROUND(+AVERAGE(I8,L8,O8),0) -> 4105500 | Q8: =+MEDIAN(I8,L8,O8) -> 4105500 | R8: =+ROUND(GEOMEAN(I8,L8),0) -> 3778133 | S8: =ROUND(STDEV(I8,L8),0) -> 2271934 | U8: =ABS(I8-$P8)/$P8 -> 0.39130435 | V8: =ABS(L8-$P8)/$P8 -> 0.39130435 | W8: =ABS(I8-$P8)/$P8 -> 0.39130435 | X8: =+R8 -> 3778133
A9: SUMINISTRO E INSTALACION DE ALARMAS (INHALÁMBRICAS) | B9: CUÁNDO SE REQUIERA (UNIDAD) | C9: 1 | D9: 6821277 | E9: =ROUND(+D9*19%,0) -> 1296043 | F9: =+D9+E9 -> 8117320 | J9: 7500000 | K9: =ROUND(+J9*19%,0) -> 1425000 | L9: =+J9+K9 -> 8925000 | M9: =ROUND(+'Cotizacion No.4'!F8/1.19,0) -> 0 | N9: =ROUND(+M9*19%,0) -> 0 | P9: =ROUND(+AVERAGE(F9,L9),0) -> 8521160 | Q9: =+MEDIAN(F9,L9) -> 8521160 | R9: =+ROUND(GEOMEAN(F9,L9),0) -> 8511585 | S9: =ROUND(STDEV(F9,L9),0) -> 571116 | T9: =ABS(F9-$P9)/$P9 -> 0.047392609 | V9: =ABS(L9-$P9)/$P9 -> 0.047392609 | X9: =+R9 -> 8511585
A10: TOTAL PROPUESTA SERVICIOS TECNOLÓGICOS | D10: =SUM(D6:D9) -> 7581277 | E10: =SUM(E6:E9) -> 1440443 | F10: =SUM(F6:F9) -> 9021720 | G10: =SUM(G6:G9) -> 2950000 | H10: =SUM(H6:H9) -> 560500 | I10: =SUM(I6:I9) -> 3510500 | J10: =SUM(J6:J9) -> 12885000 | K10: =SUM(K6:K9) -> 2448150 | ... R10: =SUM(R6:R9) -> 13028283 | X10: =+R10 -> 13028283
